Workbook

Sheet Summary
A1: ILLINOIS DEPARTMENT OF REVENUE | R1: IDORRPT5
A2: DAILY COLLECTIONS FROM MAJOR REVENUE SOURCES | R2: Printed by the authority of the State of Illinois - web only, 1, 10/2026
A3: FISCAL YEAR 2027 | R3: https://tax.illinois.gov/research/taxstats.html
C5: ALL REVENUE SOURCES
A6: Date | C6: Sales and Use | D6: Motor Fuel | E6: Cigarette | F6: Senior Citizen Deferral | G6: Liquor | H6: Public Utility | I6: Hotel | J6: Real Estate Transfer | K6: Charity Gaming | L6: Private Vehicle Use | M6: Business Income | N6: Individual Income | O6: Automobile Renting | P6: Live Adult Entertainment | Q6: Adult Use Cannabis | R6: Total
A8: 46204 | C8: =ROUND(SUMIF(Sales!$A:$A,$A8,Sales!$Z:$Z),2) -> 18219700 | D8: =ROUND(SUMIF('Motor Fuel'!$A:$A,$A8,'Motor Fuel'!$K:$K),2) -> 21784.93 | E8: =ROUND(SUMIF(Cigarette!$A:$A,$A8,Cigarette!$J:$J),2) -> 282476.51 | F8: =ROUND(SUMIF('Senior Citizen'!$A:$A,$A8,'Senior Citizen'!$E:$E),2) -> 200 | G8: =ROUND(SUMIF(Liquor!$A:$A,$A8,Liquor!$G:$G),2) -> 10813.8 | H8: =ROUND(SUMIF('Public Utility'!$A:$A,$A8,'Public Utility'!$Q:$Q),2) -> 342847.17 | I8: =ROUND(SUMIF(Hotel!$A:$A,$A8,Hotel!$E:$E),2) -> 1277749.5 | J8: =ROUND(SUMIF('Real Estate Transfer'!$A:$A,$A8,'Real Estate Transfer'!$F:$F),2) -> 36618 | K8: =ROUND(SUMIF('Charity Gaming'!$A:$A,$A8,'Charity Gaming'!$R:$R),2) -> 26622.51 | L8: =ROUND(SUMIF('Private Vehicle Use'!$A:$A,$A8,'Private Vehicle Use'!$E:$E),2) -> 121529.15 | M8: =ROUND(SUMIF('Business Income'!$A:$A,$A8,'Business Income'!$M:$M),2) -> 4582057.5 | N8: =ROUND(SUMIF('Individual Income'!$A:$A,$A8,'Individual Income'!$I:$I),2) -> 1.4758386e+08 | O8: =ROUND(SUMIF('Automobile Renting'!$A:$A,$A8,'Automobile Renting'!$E:$E),2) -> 238.33 | P8: =ROUND(SUMIF('Live Adult Entertainment'!$A:$A,$A8,'Live Adult Entertainment'!$E:$E),2) -> 0 | Q8: =ROUND(SUMIF(Cannabis!$A:$A,$A8,Cannabis!$F:$F),2) -> 851805.95 | R8: =ROUND(SUM(C8:Q8),2) -> 1.7335831e+08
A9: 46205 | C9: =ROUND(SUMIF(Sales!$A:$A,$A9,Sales!$Z:$Z),2) -> 25136205 | D9: =ROUND(SUMIF('Motor Fuel'!$A:$A,$A9,'Motor Fuel'!$K:$K),2) -> 15436.27 | E9: =ROUND(SUMIF(Cigarette!$A:$A,$A9,Cigarette!$J:$J),2) -> 2058637.8 | F9: =ROUND(SUMIF('Senior Citizen'!$A:$A,$A9,'Senior Citizen'!$E:$E),2) -> 0 | G9: =ROUND(SUMIF(Liquor!$A:$A,$A9,Liquor!$G:$G),2) -> 1211.83 | H9: =ROUND(SUMIF('Public Utility'!$A:$A,$A9,'Public Utility'!$Q:$Q),2) -> 64584.21 | I9: =ROUND(SUMIF(Hotel!$A:$A,$A9,Hotel!$E:$E),2) -> 2718222.4 | J9: =ROUND(SUMIF('Real Estate Transfer'!$A:$A,$A9,'Real Estate Transfer'!$F:$F),2) -> 393574 | K9: =ROUND(SUMIF('Charity Gaming'!$A:$A,$A9,'Charity Gaming'!$R:$R),2) -> 13470 | L9: =ROUND(SUMIF('Private Vehicle Use'!$A:$A,$A9,'Private Vehicle Use'!$E:$E),2) -> 123600 | M9: =ROUND(SUMIF('Business Income'!$A:$A,$A9,'Business Income'!$M:$M),2) -> 35347843 | N9: =ROUND(SUMIF('Individual Income'!$A:$A,$A9,'Individual Income'!$I:$I),2) -> 1.4993143e+08 | O9: =ROUND(SUMIF('Automobile Renting'!$A:$A,$A9,'Automobile Renting'!$E:$E),2) -> 0 | P9: =ROUND(SUMIF('Live Adult Entertainment'!$A:$A,$A9,'Live Adult Entertainment'!$E:$E),2) -> 0 | Q9: =ROUND(SUMIF(Cannabis!$A:$A,$A9,Cannabis!$F:$F),2) -> 2597432 | R9: =ROUND(SUM(C9:Q9),2) -> 2.1840165e+08
A10: 46206 | C10: =ROUND(SUMIF(Sales!$A:$A,$A10,Sales!$Z:$Z),2) -> 62156706 | D10: =ROUND(SUMIF('Motor Fuel'!$A:$A,$A10,'Motor Fuel'!$K:$K),2) -> 142001.22 | E10: =ROUND(SUMIF(Cigarette!$A:$A,$A10,Cigarette!$J:$J),2) -> 1165125.1 | F10: =ROUND(SUMIF('Senior Citizen'!$A:$A,$A10,'Senior Citizen'!$E:$E),2) -> 0 | G10: =ROUND(SUMIF(Liquor!$A:$A,$A10,Liquor!$G:$G),2) -> 7000.14 | H10: =ROUND(SUMIF('Public Utility'!$A:$A,$A10,'Public Utility'!$Q:$Q),2) -> 108284.32 | I10: =ROUND(SUMIF(Hotel!$A:$A,$A10,Hotel!$E:$E),2) -> 527945.25 | J10: =ROUND(SUMIF('Real Estate Transfer'!$A:$A,$A10,'Real Estate Transfer'!$F:$F),2) -> 645962.5 | K10: =ROUND(SUMIF('Charity Gaming'!$A:$A,$A10,'Charity Gaming'!$R:$R),2) -> 27938.68 | L10: =ROUND(SUMIF('Private Vehicle Use'!$A:$A,$A10,'Private Vehicle Use'!$E:$E),2) -> 104632.26 | M10: =ROUND(SUMIF('Business Income'!$A:$A,$A10,'Business Income'!$M:$M),2) -> 5171722.8 | N10: =ROUND(SUMIF('Individual Income'!$A:$A,$A10,'Individual Income'!$I:$I),2) -> 57721396 | O10: =ROUND(SUMIF('Automobile Renting'!$A:$A,$A10,'Automobile Renting'!$E:$E),2) -> 3383.73 | P10: =ROUND(SUMIF('Live Adult Entertainment'!$A:$A,$A10,'Live Adult Entertainment'!$E:$E),2) -> 0 | Q10: =ROUND(SUMIF(Cannabis!$A:$A,$A10,Cannabis!$F:$F),2) -> 189994.57 | R10: =ROUND(SUM(C10:Q10),2) -> 1.2797209e+08
A11: 46207 | C11: =ROUND(SUMIF(Sales!$A:$A,$A11,Sales!$Z:$Z),2) -> 0 | D11: =ROUND(SUMIF('Motor Fuel'!$A:$A,$A11,'Motor Fuel'!$K:$K),2) -> 0 | E11: =ROUND(SUMIF(Cigarette!$A:$A,$A11,Cigarette!$J:$J),2) -> 0 | F11: =ROUND(SUMIF('Senior Citizen'!$A:$A,$A11,'Senior Citizen'!$E:$E),2) -> 0 | G11: =ROUND(SUMIF(Liquor!$A:$A,$A11,Liquor!$G:$G),2) -> 0 | H11: =ROUND(SUMIF('Public Utility'!$A:$A,$A11,'Public Utility'!$Q:$Q),2) -> 0 | I11: =ROUND(SUMIF(Hotel!$A:$A,$A11,Hotel!$E:$E),2) -> 0 | J11: =ROUND(SUMIF('Real Estate Transfer'!$A:$A,$A11,'Real Estate Transfer'!$F:$F),2) -> 0 | K11: =ROUND(SUMIF('Charity Gaming'!$A:$A,$A11,'Charity Gaming'!$R:$R),2) -> 0 | L11: =ROUND(SUMIF('Private Vehicle Use'!$A:$A,$A11,'Private Vehicle Use'!$E:$E),2) -> 0 | M11: =ROUND(SUMIF('Business Income'!$A:$A,$A11,'Business Income'!$M:$M),2) -> 0 | N11: =ROUND(SUMIF('Individual Income'!$A:$A,$A11,'Individual Income'!$I:$I),2) -> 0 | O11: =ROUND(SUMIF('Automobile Renting'!$A:$A,$A11,'Automobile Renting'!$E:$E),2) -> 0 | P11: =ROUND(SUMIF('Live Adult Entertainment'!$A:$A,$A11,'Live Adult Entertainment'!$E:$E),2) -> 0 | Q11: =ROUND(SUMIF(Cannabis!$A:$A,$A11,Cannabis!$F:$F),2) -> 0 | R11: =ROUND(SUM(C11:Q11),2) -> 0
A12: 46208 | C12: =ROUND(SUMIF(Sales!$A:$A,$A12,Sales!$Z:$Z),2) -> 0 | D12: =ROUND(SUMIF('Motor Fuel'!$A:$A,$A12,'Motor Fuel'!$K:$K),2) -> 0 | E12: =ROUND(SUMIF(Cigarette!$A:$A,$A12,Cigarette!$J:$J),2) -> 0 | F12: =ROUND(SUMIF('Senior Citizen'!$A:$A,$A12,'Senior Citizen'!$E:$E),2) -> 0 | G12: =ROUND(SUMIF(Liquor!$A:$A,$A12,Liquor!$G:$G),2) -> 0 | H12: =ROUND(SUMIF('Public Utility'!$A:$A,$A12,'Public Utility'!$Q:$Q),2) -> 0 | I12: =ROUND(SUMIF(Hotel!$A:$A,$A12,Hotel!$E:$E),2) -> 0 | J12: =ROUND(SUMIF('Real Estate Transfer'!$A:$A,$A12,'Real Estate Transfer'!$F:$F),2) -> 0 | K12: =ROUND(SUMIF('Charity Gaming'!$A:$A,$A12,'Charity Gaming'!$R:$R),2) -> 0 | L12: =ROUND(SUMIF('Private Vehicle Use'!$A:$A,$A12,'Private Vehicle Use'!$E:$E),2) -> 0 | M12: =ROUND(SUMIF('Business Income'!$A:$A,$A12,'Business Income'!$M:$M),2) -> 0 | N12: =ROUND(SUMIF('Individual Income'!$A:$A,$A12,'Individual Income'!$I:$I),2) -> 0 | O12: =ROUND(SUMIF('Automobile Renting'!$A:$A,$A12,'Automobile Renting'!$E:$E),2) -> 0 | P12: =ROUND(SUMIF('Live Adult Entertainment'!$A:$A,$A12,'Live Adult Entertainment'!$E:$E),2) -> 0 | Q12: =ROUND(SUMIF(Cannabis!$A:$A,$A12,Cannabis!$F:$F),2) -> 0 | R12: =ROUND(SUM(C12:Q12),2) -> 0
A13: 46209 | C13: =ROUND(SUMIF(Sales!$A:$A,$A13,Sales!$Z:$Z),2) -> 43120621 | D13: =ROUND(SUMIF('Motor Fuel'!$A:$A,$A13,'Motor Fuel'!$K:$K),2) -> 71243.66 | E13: =ROUND(SUMIF(Cigarette!$A:$A,$A13,Cigarette!$J:$J),2) -> 4673465.9 | F13: =ROUND(SUMIF('Senior Citizen'!$A:$A,$A13,'Senior Citizen'!$E:$E),2) -> 0 | G13: =ROUND(SUMIF(Liquor!$A:$A,$A13,Liquor!$G:$G),2) -> 224301.69 | H13: =ROUND(SUMIF('Public Utility'!$A:$A,$A13,'Public Utility'!$Q:$Q),2) -> 7693976.7 | I13: =ROUND(SUMIF(Hotel!$A:$A,$A13,Hotel!$E:$E),2) -> -63874.93 | J13: =ROUND(SUMIF('Real Estate Transfer'!$A:$A,$A13,'Real Estate Transfer'!$F:$F),2) -> 1373638.5 | K13: =ROUND(SUMIF('Charity Gaming'!$A:$A,$A13,'Charity Gaming'!$R:$R),2) -> 21386.8 | L13: =ROUND(SUMIF('Private Vehicle Use'!$A:$A,$A13,'Private Vehicle Use'!$E:$E),2) -> -8784.91 | M13: =ROUND(SUMIF('Business Income'!$A:$A,$A13,'Business Income'!$M:$M),2) -> 6921251.1 | N13: =ROUND(SUMIF('Individual Income'!$A:$A,$A13,'Individual Income'!$I:$I),2) -> 1.5996522e+08 | O13: =ROUND(SUMIF('Automobile Renting'!$A:$A,$A13,'Automobile Renting'!$E:$E),2) -> 1973.59 | P13: =ROUND(SUMIF('Live Adult Entertainment'!$A:$A,$A13,'Live Adult Entertainment'!$E:$E),2) -> 0 | Q13: =ROUND(SUMIF(Cannabis!$A:$A,$A13,Cannabis!$F:$F),2) -> 846441.56 | R13: =ROUND(SUM(C13:Q13),2) -> 2.2484086e+08
A14: 46210 | C14: =ROUND(SUMIF(Sales!$A:$A,$A14,Sales!$Z:$Z),2) -> 1.7368179e+08 | D14: =ROUND(SUMIF('Motor Fuel'!$A:$A,$A14,'Motor Fuel'!$K:$K),2) -> 135479.91 | E14: =ROUND(SUMIF(Cigarette!$A:$A,$A14,Cigarette!$J:$J),2) -> 16972.2 | F14: =ROUND(SUMIF('Senior Citizen'!$A:$A,$A14,'Senior Citizen'!$E:$E),2) -> 30331.78 | G14: =ROUND(SUMIF(Liquor!$A:$A,$A14,Liquor!$G:$G),2) -> 6323.52 | H14: =ROUND(SUMIF('Public Utility'!$A:$A,$A14,'Public Utility'!$Q:$Q),2) -> 7385835.8 | I14: =ROUND(SUMIF(Hotel!$A:$A,$A14,Hotel!$E:$E),2) -> 134813.06 | J14: =ROUND(SUMIF('Real Estate Transfer'!$A:$A,$A14,'Real Estate Transfer'!$F:$F),2) -> 208022 | K14: =ROUND(SUMIF('Charity Gaming'!$A:$A,$A14,'Charity Gaming'!$R:$R),2) -> 67035.44 | L14: =ROUND(SUMIF('Private Vehicle Use'!$A:$A,$A14,'Private Vehicle Use'!$E:$E),2) -> 608072.81 | M14: =ROUND(SUMIF('Business Income'!$A:$A,$A14,'Business Income'!$M:$M),2) -> 3824523 | N14: =ROUND(SUMIF('Individual Income'!$A:$A,$A14,'Individual Income'!$I:$I),2) -> 12936911 | O14: =ROUND(SUMIF('Automobile Renting'!$A:$A,$A14,'Automobile Renting'!$E:$E),2) -> 3464.43 | P14: =ROUND(SUMIF('Live Adult Entertainment'!$A:$A,$A14,'Live Adult Entertainment'!$E:$E),2) -> 0 | Q14: =ROUND(SUMIF(Cannabis!$A:$A,$A14,Cannabis!$F:$F),2) -> 3824497 | R14: =ROUND(SUM(C14:Q14),2) -> 202864068
A15: 46211 | C15: =ROUND(SUMIF(Sales!$A:$A,$A15,Sales!$Z:$Z),2) -> 43386105 | D15: =ROUND(SUMIF('Motor Fuel'!$A:$A,$A15,'Motor Fuel'!$K:$K),2) -> 203094.54 | E15: =ROUND(SUMIF(Cigarette!$A:$A,$A15,Cigarette!$J:$J),2) -> 2339296.4 | F15: =ROUND(SUMIF('Senior Citizen'!$A:$A,$A15,'Senior Citizen'!$E:$E),2) -> 0 | G15: =ROUND(SUMIF(Liquor!$A:$A,$A15,Liquor!$G:$G),2) -> 359978.81 | H15: =ROUND(SUMIF('Public Utility'!$A:$A,$A15,'Public Utility'!$Q:$Q),2) -> 2097553.9 | I15: =ROUND(SUMIF(Hotel!$A:$A,$A15,Hotel!$E:$E),2) -> 262241.05 | J15: =ROUND(SUMIF('Real Estate Transfer'!$A:$A,$A15,'Real Estate Transfer'!$F:$F),2) -> 182581.5 | K15: =ROUND(SUMIF('Charity Gaming'!$A:$A,$A15,'Charity Gaming'!$R:$R),2) -> 51588.75 | L15: =ROUND(SUMIF('Private Vehicle Use'!$A:$A,$A15,'Private Vehicle Use'!$E:$E),2) -> 195362.17 | M15: =ROUND(SUMIF('Business Income'!$A:$A,$A15,'Business Income'!$M:$M),2) -> 34342664 | N15: =ROUND(SUMIF('Individual Income'!$A:$A,$A15,'Individual Income'!$I:$I),2) -> 1.3584277e+08 | O15: =ROUND(SUMIF('Automobile Renting'!$A:$A,$A15,'Automobile Renting'!$E:$E),2) -> 59920.62 | P15: =ROUND(SUMIF('Live Adult Entertainment'!$A:$A,$A15,'Live Adult Entertainment'!$E:$E),2) -> 0 | Q15: =ROUND(SUMIF(Cannabis!$A:$A,$A15,Cannabis!$F:$F),2) -> 1045506.9 | R15: =ROUND(SUM(C15:Q15),2) -> 2.2036866e+08
A16: 46212 | C16: =ROUND(SUMIF(Sales!$A:$A,$A16,Sales!$Z:$Z),2) -> 28502133 | D16: =ROUND(SUMIF('Motor Fuel'!$A:$A,$A16,'Motor Fuel'!$K:$K),2) -> 160315.65 | E16: =ROUND(SUMIF(Cigarette!$A:$A,$A16,Cigarette!$J:$J),2) -> 4264479.7 | F16: =ROUND(SUMIF('Senior Citizen'!$A:$A,$A16,'Senior Citizen'!$E:$E),2) -> 0 | G16: =ROUND(SUMIF(Liquor!$A:$A,$A16,Liquor!$G:$G),2) -> 84269.87 | H16: =ROUND(SUMIF('Public Utility'!$A:$A,$A16,'Public Utility'!$Q:$Q),2) -> 227580.83 | I16: =ROUND(SUMIF(Hotel!$A:$A,$A16,Hotel!$E:$E),2) -> 299926.5 | J16: =ROUND(SUMIF('Real Estate Transfer'!$A:$A,$A16,'Real Estate Transfer'!$F:$F),2) -> 451768 | K16: =ROUND(SUMIF('Charity Gaming'!$A:$A,$A16,'Charity Gaming'!$R:$R),2) -> 82786.83 | L16: =ROUND(SUMIF('Private Vehicle Use'!$A:$A,$A16,'Private Vehicle Use'!$E:$E),2) -> 134498.62 | M16: =ROUND(SUMIF('Business Income'!$A:$A,$A16,'Business Income'!$M:$M),2) -> 17545233 | N16: =ROUND(SUMIF('Individual Income'!$A:$A,$A16,'Individual Income'!$I:$I),2) -> 1.3842715e+08 | O16: =ROUND(SUMIF('Automobile Renting'!$A:$A,$A16,'Automobile Renting'!$E:$E),2) -> 1053 | P16: =ROUND(SUMIF('Live Adult Entertainment'!$A:$A,$A16,'Live Adult Entertainment'!$E:$E),2) -> 0 | Q16: =ROUND(SUMIF(Cannabis!$A:$A,$A16,Cannabis!$F:$F),2) -> 1479959.9 | R16: =ROUND(SUM(C16:Q16),2) -> 1.9166115e+08
A17: 46213 | C17: =ROUND(SUMIF(Sales!$A:$A,$A17,Sales!$Z:$Z),2) -> 26760453 | D17: =ROUND(SUMIF('Motor Fuel'!$A:$A,$A17,'Motor Fuel'!$K:$K),2) -> 107859.2 | E17: =ROUND(SUMIF(Cigarette!$A:$A,$A17,Cigarette!$J:$J),2) -> 1070544.4 | F17: =ROUND(SUMIF('Senior Citizen'!$A:$A,$A17,'Senior Citizen'!$E:$E),2) -> 0 | G17: =ROUND(SUMIF(Liquor!$A:$A,$A17,Liquor!$G:$G),2) -> 134402.75 | H17: =ROUND(SUMIF('Public Utility'!$A:$A,$A17,'Public Utility'!$Q:$Q),2) -> 5617622.7 | I17: =ROUND(SUMIF(Hotel!$A:$A,$A17,Hotel!$E:$E),2) -> 412414.99 | J17: =ROUND(SUMIF('Real Estate Transfer'!$A:$A,$A17,'Real Estate Transfer'!$F:$F),2) -> 593727 | K17: =ROUND(SUMIF('Charity Gaming'!$A:$A,$A17,'Charity Gaming'!$R:$R),2) -> 61872.75 | L17: =ROUND(SUMIF('Private Vehicle Use'!$A:$A,$A17,'Private Vehicle Use'!$E:$E),2) -> 297884.47 | M17: =ROUND(SUMIF('Business Income'!$A:$A,$A17,'Business Income'!$M:$M),2) -> 20000360 | N17: =ROUND(SUMIF('Individual Income'!$A:$A,$A17,'Individual Income'!$I:$I),2) -> 35507907 | O17: =ROUND(SUMIF('Automobile Renting'!$A:$A,$A17,'Automobile Renting'!$E:$E),2) -> 7233 | P17: =ROUND(SUMIF('Live Adult Entertainment'!$A:$A,$A17,'Live Adult Entertainment'!$E:$E),2) -> 0 | Q17: =ROUND(SUMIF(Cannabis!$A:$A,$A17,Cannabis!$F:$F),2) -> 1273233.1 | R17: =ROUND(SUM(C17:Q17),2) -> 91845515
A18: 46214 | C18: =ROUND(SUMIF(Sales!$A:$A,$A18,Sales!$Z:$Z),2) -> 0 | D18: =ROUND(SUMIF('Motor Fuel'!$A:$A,$A18,'Motor Fuel'!$K:$K),2) -> 0 | E18: =ROUND(SUMIF(Cigarette!$A:$A,$A18,Cigarette!$J:$J),2) -> 0 | F18: =ROUND(SUMIF('Senior Citizen'!$A:$A,$A18,'Senior Citizen'!$E:$E),2) -> 0 | G18: =ROUND(SUMIF(Liquor!$A:$A,$A18,Liquor!$G:$G),2) -> 0 | H18: =ROUND(SUMIF('Public Utility'!$A:$A,$A18,'Public Utility'!$Q:$Q),2) -> 0 | I18: =ROUND(SUMIF(Hotel!$A:$A,$A18,Hotel!$E:$E),2) -> 0 | J18: =ROUND(SUMIF('Real Estate Transfer'!$A:$A,$A18,'Real Estate Transfer'!$F:$F),2) -> 0 | K18: =ROUND(SUMIF('Charity Gaming'!$A:$A,$A18,'Charity Gaming'!$R:$R),2) -> 0 | L18: =ROUND(SUMIF('Private Vehicle Use'!$A:$A,$A18,'Private Vehicle Use'!$E:$E),2) -> 0 | M18: =ROUND(SUMIF('Business Income'!$A:$A,$A18,'Business Income'!$M:$M),2) -> 0 | N18: =ROUND(SUMIF('Individual Income'!$A:$A,$A18,'Individual Income'!$I:$I),2) -> 0 | O18: =ROUND(SUMIF('Automobile Renting'!$A:$A,$A18,'Automobile Renting'!$E:$E),2) -> 0 | P18: =ROUND(SUMIF('Live Adult Entertainment'!$A:$A,$A18,'Live Adult Entertainment'!$E:$E),2) -> 0 | Q18: =ROUND(SUMIF(Cannabis!$A:$A,$A18,Cannabis!$F:$F),2) -> 0 | R18: =ROUND(SUM(C18:Q18),2) -> 0
A19: 46215 | C19: =ROUND(SUMIF(Sales!$A:$A,$A19,Sales!$Z:$Z),2) -> 0 | D19: =ROUND(SUMIF('Motor Fuel'!$A:$A,$A19,'Motor Fuel'!$K:$K),2) -> 0 | E19: =ROUND(SUMIF(Cigarette!$A:$A,$A19,Cigarette!$J:$J),2) -> 0 | F19: =ROUND(SUMIF('Senior Citizen'!$A:$A,$A19,'Senior Citizen'!$E:$E),2) -> 0 | G19: =ROUND(SUMIF(Liquor!$A:$A,$A19,Liquor!$G:$G),2) -> 0 | H19: =ROUND(SUMIF('Public Utility'!$A:$A,$A19,'Public Utility'!$Q:$Q),2) -> 0 | I19: =ROUND(SUMIF(Hotel!$A:$A,$A19,Hotel!$E:$E),2) -> 0 | J19: =ROUND(SUMIF('Real Estate Transfer'!$A:$A,$A19,'Real Estate Transfer'!$F:$F),2) -> 0 | K19: =ROUND(SUMIF('Charity Gaming'!$A:$A,$A19,'Charity Gaming'!$R:$R),2) -> 0 | L19: =ROUND(SUMIF('Private Vehicle Use'!$A:$A,$A19,'Private Vehicle Use'!$E:$E),2) -> 0 | M19: =ROUND(SUMIF('Business Income'!$A:$A,$A19,'Business Income'!$M:$M),2) -> 0 | N19: =ROUND(SUMIF('Individual Income'!$A:$A,$A19,'Individual Income'!$I:$I),2) -> 0 | O19: =ROUND(SUMIF('Automobile Renting'!$A:$A,$A19,'Automobile Renting'!$E:$E),2) -> 0 | P19: =ROUND(SUMIF('Live Adult Entertainment'!$A:$A,$A19,'Live Adult Entertainment'!$E:$E),2) -> 0 | Q19: =ROUND(SUMIF(Cannabis!$A:$A,$A19,Cannabis!$F:$F),2) -> 0 | R19: =ROUND(SUM(C19:Q19),2) -> 0
... A38: 46234 | C38: =ROUND(SUMIF(Sales!$A:$A,$A38,Sales!$Z:$Z),2) -> 1.4640614e+08 | D38: =ROUND(SUMIF('Motor Fuel'!$A:$A,$A38,'Motor Fuel'!$K:$K),2) -> 1905019.6 | E38: =ROUND(SUMIF(Cigarette!$A:$A,$A38,Cigarette!$J:$J),2) -> 4142260.7 | F38: =ROUND(SUMIF('Senior Citizen'!$A:$A,$A38,'Senior Citizen'!$E:$E),2) -> 0 | G38: =ROUND(SUMIF(Liquor!$A:$A,$A38,Liquor!$G:$G),2) -> 33082.59 | H38: =ROUND(SUMIF('Public Utility'!$A:$A,$A38,'Public Utility'!$Q:$Q),2) -> 4454149.1 | I38: =ROUND(SUMIF(Hotel!$A:$A,$A38,Hotel!$E:$E),2) -> 9478005.2 | J38: =ROUND(SUMIF('Real Estate Transfer'!$A:$A,$A38,'Real Estate Transfer'!$F:$F),2) -> 0 | K38: =ROUND(SUMIF('Charity Gaming'!$A:$A,$A38,'Charity Gaming'!$R:$R),2) -> 70480.5 | L38: =ROUND(SUMIF('Private Vehicle Use'!$A:$A,$A38,'Private Vehicle Use'!$E:$E),2) -> 416447.97 | M38: =ROUND(SUMIF('Business Income'!$A:$A,$A38,'Business Income'!$M:$M),2) -> 3032479.2 | N38: =ROUND(SUMIF('Individual Income'!$A:$A,$A38,'Individual Income'!$I:$I),2) -> 65362370 | O38: =ROUND(SUMIF('Automobile Renting'!$A:$A,$A38,'Automobile Renting'!$E:$E),2) -> 1514.05 | P38: =ROUND(SUMIF('Live Adult Entertainment'!$A:$A,$A38,'Live Adult Entertainment'!$E:$E),2) -> 0 | Q38: =ROUND(SUMIF(Cannabis!$A:$A,$A38,Cannabis!$F:$F),2) -> 5281047.6 | R38: =ROUND(SUM(C38:Q38),2) -> 2.4058299e+08
C39: =ROUND(SUM(C8:C38),2) -> 2.2091311e+09 | D39: =ROUND(SUM(D8:D38),2) -> 2.54109e+08 | E39: =ROUND(SUM(E8:E38),2) -> 72309532 | F39: =ROUND(SUM(F8:F38),2) -> 383684.46 | G39: =ROUND(SUM(G8:G38),2) -> 29101875 | H39: =ROUND(SUM(H8:H38),2) -> 95153316 | I39: =ROUND(SUM(I8:I38),2) -> 72777038 | J39: =ROUND(SUM(J8:J38),2) -> 12215641 | ... R39: =ROUND(SUM(R8:R38),2) -> 5.4767822e+09
A41: 46235 | C41: =ROUND(SUMIF(Sales!$A:$A,$A41,Sales!$Z:$Z),2) -> 0 | D41: =ROUND(SUMIF('Motor Fuel'!$A:$A,$A41,'Motor Fuel'!$K:$K),2) -> 0 | E41: =ROUND(SUMIF(Cigarette!$A:$A,$A41,Cigarette!$J:$J),2) -> 0 | F41: =ROUND(SUMIF('Senior Citizen'!$A:$A,$A41,'Senior Citizen'!$E:$E),2) -> 0 | G41: =ROUND(SUMIF(Liquor!$A:$A,$A41,Liquor!$G:$G),2) -> 0 | H41: =ROUND(SUMIF('Public Utility'!$A:$A,$A41,'Public Utility'!$Q:$Q),2) -> 0 | I41: =ROUND(SUMIF(Hotel!$A:$A,$A41,Hotel!$E:$E),2) -> 0 | J41: =ROUND(SUMIF('Real Estate Transfer'!$A:$A,$A41,'Real Estate Transfer'!$F:$F),2) -> 0 | K41: =ROUND(SUMIF('Charity Gaming'!$A:$A,$A41,'Charity Gaming'!$R:$R),2) -> 0 | L41: =ROUND(SUMIF('Private Vehicle Use'!$A:$A,$A41,'Private Vehicle Use'!$E:$E),2) -> 0 | M41: =ROUND(SUMIF('Business Income'!$A:$A,$A41,'Business Income'!$M:$M),2) -> 0 | N41: =ROUND(SUMIF('Individual Income'!$A:$A,$A41,'Individual Income'!$I:$I),2) -> 0 | O41: =ROUND(SUMIF('Automobile Renting'!$A:$A,$A41,'Automobile Renting'!$E:$E),2) -> 0 | P41: =ROUND(SUMIF('Live Adult Entertainment'!$A:$A,$A41,'Live Adult Entertainment'!$E:$E),2) -> 0 | Q41: =ROUND(SUMIF(Cannabis!$A:$A,$A41,Cannabis!$F:$F),2) -> 0 | R41: =ROUND(SUM(C41:Q41),2) -> 0
A42: 46236 | C42: =ROUND(SUMIF(Sales!$A:$A,$A42,Sales!$Z:$Z),2) -> 0 | D42: =ROUND(SUMIF('Motor Fuel'!$A:$A,$A42,'Motor Fuel'!$K:$K),2) -> 0 | E42: =ROUND(SUMIF(Cigarette!$A:$A,$A42,Cigarette!$J:$J),2) -> 0 | F42: =ROUND(SUMIF('Senior Citizen'!$A:$A,$A42,'Senior Citizen'!$E:$E),2) -> 0 | G42: =ROUND(SUMIF(Liquor!$A:$A,$A42,Liquor!$G:$G),2) -> 0 | H42: =ROUND(SUMIF('Public Utility'!$A:$A,$A42,'Public Utility'!$Q:$Q),2) -> 0 | I42: =ROUND(SUMIF(Hotel!$A:$A,$A42,Hotel!$E:$E),2) -> 0 | J42: =ROUND(SUMIF('Real Estate Transfer'!$A:$A,$A42,'Real Estate Transfer'!$F:$F),2) -> 0 | K42: =ROUND(SUMIF('Charity Gaming'!$A:$A,$A42,'Charity Gaming'!$R:$R),2) -> 0 | L42: =ROUND(SUMIF('Private Vehicle Use'!$A:$A,$A42,'Private Vehicle Use'!$E:$E),2) -> 0 | M42: =ROUND(SUMIF('Business Income'!$A:$A,$A42,'Business Income'!$M:$M),2) -> 0 | N42: =ROUND(SUMIF('Individual Income'!$A:$A,$A42,'Individual Income'!$I:$I),2) -> 0 | O42: =ROUND(SUMIF('Automobile Renting'!$A:$A,$A42,'Automobile Renting'!$E:$E),2) -> 0 | P42: =ROUND(SUMIF('Live Adult Entertainment'!$A:$A,$A42,'Live Adult Entertainment'!$E:$E),2) -> 0 | Q42: =ROUND(SUMIF(Cannabis!$A:$A,$A42,Cannabis!$F:$F),2) -> 0 | R42: =ROUND(SUM(C42:Q42),2) -> 0
A43: 46237 | C43: =ROUND(SUMIF(Sales!$A:$A,$A43,Sales!$Z:$Z),2) -> 20907481 | D43: =ROUND(SUMIF('Motor Fuel'!$A:$A,$A43,'Motor Fuel'!$K:$K),2) -> 2068829.7 | E43: =ROUND(SUMIF(Cigarette!$A:$A,$A43,Cigarette!$J:$J),2) -> 886186.79 | F43: =ROUND(SUMIF('Senior Citizen'!$A:$A,$A43,'Senior Citizen'!$E:$E),2) -> 94286.7 | G43: =ROUND(SUMIF(Liquor!$A:$A,$A43,Liquor!$G:$G),2) -> 7468.45 | H43: =ROUND(SUMIF('Public Utility'!$A:$A,$A43,'Public Utility'!$Q:$Q),2) -> 363541.24 | I43: =ROUND(SUMIF(Hotel!$A:$A,$A43,Hotel!$E:$E),2) -> 1311680 | J43: =ROUND(SUMIF('Real Estate Transfer'!$A:$A,$A43,'Real Estate Transfer'!$F:$F),2) -> 23049.5 | K43: =ROUND(SUMIF('Charity Gaming'!$A:$A,$A43,'Charity Gaming'!$R:$R),2) -> 11470.35 | L43: =ROUND(SUMIF('Private Vehicle Use'!$A:$A,$A43,'Private Vehicle Use'!$E:$E),2) -> 387967.3 | M43: =ROUND(SUMIF('Business Income'!$A:$A,$A43,'Business Income'!$M:$M),2) -> 3556827.4 | N43: =ROUND(SUMIF('Individual Income'!$A:$A,$A43,'Individual Income'!$I:$I),2) -> 31282383 | O43: =ROUND(SUMIF('Automobile Renting'!$A:$A,$A43,'Automobile Renting'!$E:$E),2) -> 0 | P43: =ROUND(SUMIF('Live Adult Entertainment'!$A:$A,$A43,'Live Adult Entertainment'!$E:$E),2) -> 0 | Q43: =ROUND(SUMIF(Cannabis!$A:$A,$A43,Cannabis!$F:$F),2) -> 553718.3 | R43: =ROUND(SUM(C43:Q43),2) -> 61454890
A44: 46238 | C44: =ROUND(SUMIF(Sales!$A:$A,$A44,Sales!$Z:$Z),2) -> 19572506 | D44: =ROUND(SUMIF('Motor Fuel'!$A:$A,$A44,'Motor Fuel'!$K:$K),2) -> 4185341.1 | E44: =ROUND(SUMIF(Cigarette!$A:$A,$A44,Cigarette!$J:$J),2) -> 1388446 | F44: =ROUND(SUMIF('Senior Citizen'!$A:$A,$A44,'Senior Citizen'!$E:$E),2) -> 33168.99 | G44: =ROUND(SUMIF(Liquor!$A:$A,$A44,Liquor!$G:$G),2) -> 7859.57 | H44: =ROUND(SUMIF('Public Utility'!$A:$A,$A44,'Public Utility'!$Q:$Q),2) -> 56376.87 | I44: =ROUND(SUMIF(Hotel!$A:$A,$A44,Hotel!$E:$E),2) -> 2343907.9 | J44: =ROUND(SUMIF('Real Estate Transfer'!$A:$A,$A44,'Real Estate Transfer'!$F:$F),2) -> 172370 | K44: =ROUND(SUMIF('Charity Gaming'!$A:$A,$A44,'Charity Gaming'!$R:$R),2) -> 20375.4 | L44: =ROUND(SUMIF('Private Vehicle Use'!$A:$A,$A44,'Private Vehicle Use'!$E:$E),2) -> 457940.41 | M44: =ROUND(SUMIF('Business Income'!$A:$A,$A44,'Business Income'!$M:$M),2) -> 3569268.6 | N44: =ROUND(SUMIF('Individual Income'!$A:$A,$A44,'Individual Income'!$I:$I),2) -> 37004108 | O44: =ROUND(SUMIF('Automobile Renting'!$A:$A,$A44,'Automobile Renting'!$E:$E),2) -> 1911.14 | P44: =ROUND(SUMIF('Live Adult Entertainment'!$A:$A,$A44,'Live Adult Entertainment'!$E:$E),2) -> 0 | Q44: =ROUND(SUMIF(Cannabis!$A:$A,$A44,Cannabis!$F:$F),2) -> 943817.25 | R44: =ROUND(SUM(C44:Q44),2) -> 69757398
A45: 46239 | C45: =ROUND(SUMIF(Sales!$A:$A,$A45,Sales!$Z:$Z),2) -> 65056136 | D45: =ROUND(SUMIF('Motor Fuel'!$A:$A,$A45,'Motor Fuel'!$K:$K),2) -> 202800.29 | E45: =ROUND(SUMIF(Cigarette!$A:$A,$A45,Cigarette!$J:$J),2) -> 2653078.9 | F45: =ROUND(SUMIF('Senior Citizen'!$A:$A,$A45,'Senior Citizen'!$E:$E),2) -> 89527.26 | G45: =ROUND(SUMIF(Liquor!$A:$A,$A45,Liquor!$G:$G),2) -> 6724.81 | H45: =ROUND(SUMIF('Public Utility'!$A:$A,$A45,'Public Utility'!$Q:$Q),2) -> 118365.11 | I45: =ROUND(SUMIF(Hotel!$A:$A,$A45,Hotel!$E:$E),2) -> 207468.04 | J45: =ROUND(SUMIF('Real Estate Transfer'!$A:$A,$A45,'Real Estate Transfer'!$F:$F),2) -> 1736781.5 | K45: =ROUND(SUMIF('Charity Gaming'!$A:$A,$A45,'Charity Gaming'!$R:$R),2) -> 5947.1 | L45: =ROUND(SUMIF('Private Vehicle Use'!$A:$A,$A45,'Private Vehicle Use'!$E:$E),2) -> 202491.43 | M45: =ROUND(SUMIF('Business Income'!$A:$A,$A45,'Business Income'!$M:$M),2) -> 2888781.1 | N45: =ROUND(SUMIF('Individual Income'!$A:$A,$A45,'Individual Income'!$I:$I),2) -> 2.1952696e+08 | O45: =ROUND(SUMIF('Automobile Renting'!$A:$A,$A45,'Automobile Renting'!$E:$E),2) -> 602.25 | P45: =ROUND(SUMIF('Live Adult Entertainment'!$A:$A,$A45,'Live Adult Entertainment'!$E:$E),2) -> 0 | Q45: =ROUND(SUMIF(Cannabis!$A:$A,$A45,Cannabis!$F:$F),2) -> 138402.15 | R45: =ROUND(SUM(C45:Q45),2) -> 2.9283406e+08
A46: 46240 | C46: =ROUND(SUMIF(Sales!$A:$A,$A46,Sales!$Z:$Z),2) -> 25655655 | D46: =ROUND(SUMIF('Motor Fuel'!$A:$A,$A46,'Motor Fuel'!$K:$K),2) -> 146916.98 | E46: =ROUND(SUMIF(Cigarette!$A:$A,$A46,Cigarette!$J:$J),2) -> 1075191 | F46: =ROUND(SUMIF('Senior Citizen'!$A:$A,$A46,'Senior Citizen'!$E:$E),2) -> 0 | G46: =ROUND(SUMIF(Liquor!$A:$A,$A46,Liquor!$G:$G),2) -> 40519.57 | H46: =ROUND(SUMIF('Public Utility'!$A:$A,$A46,'Public Utility'!$Q:$Q),2) -> 9321254 | I46: =ROUND(SUMIF(Hotel!$A:$A,$A46,Hotel!$E:$E),2) -> 82738.48 | J46: =ROUND(SUMIF('Real Estate Transfer'!$A:$A,$A46,'Real Estate Transfer'!$F:$F),2) -> 1706612.5 | K46: =ROUND(SUMIF('Charity Gaming'!$A:$A,$A46,'Charity Gaming'!$R:$R),2) -> 8021.58 | L46: =ROUND(SUMIF('Private Vehicle Use'!$A:$A,$A46,'Private Vehicle Use'!$E:$E),2) -> 388709.35 | M46: =ROUND(SUMIF('Business Income'!$A:$A,$A46,'Business Income'!$M:$M),2) -> 3255068.3 | N46: =ROUND(SUMIF('Individual Income'!$A:$A,$A46,'Individual Income'!$I:$I),2) -> 2.2986113e+08 | O46: =ROUND(SUMIF('Automobile Renting'!$A:$A,$A46,'Automobile Renting'!$E:$E),2) -> 2854 | P46: =ROUND(SUMIF('Live Adult Entertainment'!$A:$A,$A46,'Live Adult Entertainment'!$E:$E),2) -> 0 | Q46: =ROUND(SUMIF(Cannabis!$A:$A,$A46,Cannabis!$F:$F),2) -> 274868.68 | R46: =ROUND(SUM(C46:Q46),2) -> 2.7181954e+08
A47: 46241 | C47: =ROUND(SUMIF(Sales!$A:$A,$A47,Sales!$Z:$Z),2) -> 2.0871792e+08 | D47: =ROUND(SUMIF('Motor Fuel'!$A:$A,$A47,'Motor Fuel'!$K:$K),2) -> 84837.47 | E47: =ROUND(SUMIF(Cigarette!$A:$A,$A47,Cigarette!$J:$J),2) -> 2168152.4 | F47: =ROUND(SUMIF('Senior Citizen'!$A:$A,$A47,'Senior Citizen'!$E:$E),2) -> 0 | G47: =ROUND(SUMIF(Liquor!$A:$A,$A47,Liquor!$G:$G),2) -> 402599.16 | H47: =ROUND(SUMIF('Public Utility'!$A:$A,$A47,'Public Utility'!$Q:$Q),2) -> 8602003.4 | I47: =ROUND(SUMIF(Hotel!$A:$A,$A47,Hotel!$E:$E),2) -> 240266.26 | J47: =ROUND(SUMIF('Real Estate Transfer'!$A:$A,$A47,'Real Estate Transfer'!$F:$F),2) -> 466871 | K47: =ROUND(SUMIF('Charity Gaming'!$A:$A,$A47,'Charity Gaming'!$R:$R),2) -> 10605.94 | L47: =ROUND(SUMIF('Private Vehicle Use'!$A:$A,$A47,'Private Vehicle Use'!$E:$E),2) -> 349274.96 | M47: =ROUND(SUMIF('Business Income'!$A:$A,$A47,'Business Income'!$M:$M),2) -> 7531063.2 | N47: =ROUND(SUMIF('Individual Income'!$A:$A,$A47,'Individual Income'!$I:$I),2) -> 31060377 | O47: =ROUND(SUMIF('Automobile Renting'!$A:$A,$A47,'Automobile Renting'!$E:$E),2) -> 117 | P47: =ROUND(SUMIF('Live Adult Entertainment'!$A:$A,$A47,'Live Adult Entertainment'!$E:$E),2) -> 0 | Q47: =ROUND(SUMIF(Cannabis!$A:$A,$A47,Cannabis!$F:$F),2) -> 4985539.3 | R47: =ROUND(SUM(C47:Q47),2) -> 2.6461963e+08
A48: 46242 | C48: =ROUND(SUMIF(Sales!$A:$A,$A48,Sales!$Z:$Z),2) -> 0 | D48: =ROUND(SUMIF('Motor Fuel'!$A:$A,$A48,'Motor Fuel'!$K:$K),2) -> 0 | E48: =ROUND(SUMIF(Cigarette!$A:$A,$A48,Cigarette!$J:$J),2) -> 0 | F48: =ROUND(SUMIF('Senior Citizen'!$A:$A,$A48,'Senior Citizen'!$E:$E),2) -> 0 | G48: =ROUND(SUMIF(Liquor!$A:$A,$A48,Liquor!$G:$G),2) -> 0 | H48: =ROUND(SUMIF('Public Utility'!$A:$A,$A48,'Public Utility'!$Q:$Q),2) -> 0 | I48: =ROUND(SUMIF(Hotel!$A:$A,$A48,Hotel!$E:$E),2) -> 0 | J48: =ROUND(SUMIF('Real Estate Transfer'!$A:$A,$A48,'Real Estate Transfer'!$F:$F),2) -> 0 | K48: =ROUND(SUMIF('Charity Gaming'!$A:$A,$A48,'Charity Gaming'!$R:$R),2) -> 0 | L48: =ROUND(SUMIF('Private Vehicle Use'!$A:$A,$A48,'Private Vehicle Use'!$E:$E),2) -> 0 | M48: =ROUND(SUMIF('Business Income'!$A:$A,$A48,'Business Income'!$M:$M),2) -> 0 | N48: =ROUND(SUMIF('Individual Income'!$A:$A,$A48,'Individual Income'!$I:$I),2) -> 0 | O48: =ROUND(SUMIF('Automobile Renting'!$A:$A,$A48,'Automobile Renting'!$E:$E),2) -> 0 | P48: =ROUND(SUMIF('Live Adult Entertainment'!$A:$A,$A48,'Live Adult Entertainment'!$E:$E),2) -> 0 | Q48: =ROUND(SUMIF(Cannabis!$A:$A,$A48,Cannabis!$F:$F),2) -> 0 | R48: =ROUND(SUM(C48:Q48),2) -> 0
A49: 46243 | C49: =ROUND(SUMIF(Sales!$A:$A,$A49,Sales!$Z:$Z),2) -> 0 | D49: =ROUND(SUMIF('Motor Fuel'!$A:$A,$A49,'Motor Fuel'!$K:$K),2) -> 0 | E49: =ROUND(SUMIF(Cigarette!$A:$A,$A49,Cigarette!$J:$J),2) -> 0 | F49: =ROUND(SUMIF('Senior Citizen'!$A:$A,$A49,'Senior Citizen'!$E:$E),2) -> 0 | G49: =ROUND(SUMIF(Liquor!$A:$A,$A49,Liquor!$G:$G),2) -> 0 | H49: =ROUND(SUMIF('Public Utility'!$A:$A,$A49,'Public Utility'!$Q:$Q),2) -> 0 | I49: =ROUND(SUMIF(Hotel!$A:$A,$A49,Hotel!$E:$E),2) -> 0 | J49: =ROUND(SUMIF('Real Estate Transfer'!$A:$A,$A49,'Real Estate Transfer'!$F:$F),2) -> 0 | K49: =ROUND(SUMIF('Charity Gaming'!$A:$A,$A49,'Charity Gaming'!$R:$R),2) -> 0 | L49: =ROUND(SUMIF('Private Vehicle Use'!$A:$A,$A49,'Private Vehicle Use'!$E:$E),2) -> 0 | M49: =ROUND(SUMIF('Business Income'!$A:$A,$A49,'Business Income'!$M:$M),2) -> 0 | N49: =ROUND(SUMIF('Individual Income'!$A:$A,$A49,'Individual Income'!$I:$I),2) -> 0 | O49: =ROUND(SUMIF('Automobile Renting'!$A:$A,$A49,'Automobile Renting'!$E:$E),2) -> 0 | P49: =ROUND(SUMIF('Live Adult Entertainment'!$A:$A,$A49,'Live Adult Entertainment'!$E:$E),2) -> 0 | Q49: =ROUND(SUMIF(Cannabis!$A:$A,$A49,Cannabis!$F:$F),2) -> 0 | R49: =ROUND(SUM(C49:Q49),2) -> 0
A50: 46244 | C50: =ROUND(SUMIF(Sales!$A:$A,$A50,Sales!$Z:$Z),2) -> 32467050 | D50: =ROUND(SUMIF('Motor Fuel'!$A:$A,$A50,'Motor Fuel'!$K:$K),2) -> 782645.07 | E50: =ROUND(SUMIF(Cigarette!$A:$A,$A50,Cigarette!$J:$J),2) -> 4464983.2 | F50: =ROUND(SUMIF('Senior Citizen'!$A:$A,$A50,'Senior Citizen'!$E:$E),2) -> 0 | G50: =ROUND(SUMIF(Liquor!$A:$A,$A50,Liquor!$G:$G),2) -> 39613.16 | H50: =ROUND(SUMIF('Public Utility'!$A:$A,$A50,'Public Utility'!$Q:$Q),2) -> 550790.01 | I50: =ROUND(SUMIF(Hotel!$A:$A,$A50,Hotel!$E:$E),2) -> 241901.95 | J50: =ROUND(SUMIF('Real Estate Transfer'!$A:$A,$A50,'Real Estate Transfer'!$F:$F),2) -> 217723 | K50: =ROUND(SUMIF('Charity Gaming'!$A:$A,$A50,'Charity Gaming'!$R:$R),2) -> 2280.56 | L50: =ROUND(SUMIF('Private Vehicle Use'!$A:$A,$A50,'Private Vehicle Use'!$E:$E),2) -> 445045.77 | M50: =ROUND(SUMIF('Business Income'!$A:$A,$A50,'Business Income'!$M:$M),2) -> 4243828.3 | N50: =ROUND(SUMIF('Individual Income'!$A:$A,$A50,'Individual Income'!$I:$I),2) -> 29401174 | O50: =ROUND(SUMIF('Automobile Renting'!$A:$A,$A50,'Automobile Renting'!$E:$E),2) -> 12239 | P50: =ROUND(SUMIF('Live Adult Entertainment'!$A:$A,$A50,'Live Adult Entertainment'!$E:$E),2) -> 0 | Q50: =ROUND(SUMIF(Cannabis!$A:$A,$A50,Cannabis!$F:$F),2) -> 566585.61 | R50: =ROUND(SUM(C50:Q50),2) -> 73435860
A51: 46245 | C51: =ROUND(SUMIF(Sales!$A:$A,$A51,Sales!$Z:$Z),2) -> 35122160 | D51: =ROUND(SUMIF('Motor Fuel'!$A:$A,$A51,'Motor Fuel'!$K:$K),2) -> 55152.52 | E51: =ROUND(SUMIF(Cigarette!$A:$A,$A51,Cigarette!$J:$J),2) -> 3911210 | F51: =ROUND(SUMIF('Senior Citizen'!$A:$A,$A51,'Senior Citizen'!$E:$E),2) -> 100897.04 | G51: =ROUND(SUMIF(Liquor!$A:$A,$A51,Liquor!$G:$G),2) -> 77085.34 | H51: =ROUND(SUMIF('Public Utility'!$A:$A,$A51,'Public Utility'!$Q:$Q),2) -> 313956.39 | I51: =ROUND(SUMIF(Hotel!$A:$A,$A51,Hotel!$E:$E),2) -> 276956.47 | J51: =ROUND(SUMIF('Real Estate Transfer'!$A:$A,$A51,'Real Estate Transfer'!$F:$F),2) -> 2679204 | K51: =ROUND(SUMIF('Charity Gaming'!$A:$A,$A51,'Charity Gaming'!$R:$R),2) -> 4167.44 | L51: =ROUND(SUMIF('Private Vehicle Use'!$A:$A,$A51,'Private Vehicle Use'!$E:$E),2) -> 424480.51 | M51: =ROUND(SUMIF('Business Income'!$A:$A,$A51,'Business Income'!$M:$M),2) -> 5155934.6 | N51: =ROUND(SUMIF('Individual Income'!$A:$A,$A51,'Individual Income'!$I:$I),2) -> 26532699 | O51: =ROUND(SUMIF('Automobile Renting'!$A:$A,$A51,'Automobile Renting'!$E:$E),2) -> 4176.86 | P51: =ROUND(SUMIF('Live Adult Entertainment'!$A:$A,$A51,'Live Adult Entertainment'!$E:$E),2) -> 0 | Q51: =ROUND(SUMIF(Cannabis!$A:$A,$A51,Cannabis!$F:$F),2) -> 1427838.6 | R51: =ROUND(SUM(C51:Q51),2) -> 76085919
A52: 46246 | C52: =ROUND(SUMIF(Sales!$A:$A,$A52,Sales!$Z:$Z),2) -> 22505846 | D52: =ROUND(SUMIF('Motor Fuel'!$A:$A,$A52,'Motor Fuel'!$K:$K),2) -> 470388.35 | E52: =ROUND(SUMIF(Cigarette!$A:$A,$A52,Cigarette!$J:$J),2) -> 1040237.4 | F52: =ROUND(SUMIF('Senior Citizen'!$A:$A,$A52,'Senior Citizen'!$E:$E),2) -> 0 | G52: =ROUND(SUMIF(Liquor!$A:$A,$A52,Liquor!$G:$G),2) -> 1811319.3 | H52: =ROUND(SUMIF('Public Utility'!$A:$A,$A52,'Public Utility'!$Q:$Q),2) -> 7694395 | I52: =ROUND(SUMIF(Hotel!$A:$A,$A52,Hotel!$E:$E),2) -> 1172377.7 | J52: =ROUND(SUMIF('Real Estate Transfer'!$A:$A,$A52,'Real Estate Transfer'!$F:$F),2) -> 364180.5 | K52: =ROUND(SUMIF('Charity Gaming'!$A:$A,$A52,'Charity Gaming'!$R:$R),2) -> 10855.73 | L52: =ROUND(SUMIF('Private Vehicle Use'!$A:$A,$A52,'Private Vehicle Use'!$E:$E),2) -> 392937.85 | M52: =ROUND(SUMIF('Business Income'!$A:$A,$A52,'Business Income'!$M:$M),2) -> 10648737 | N52: =ROUND(SUMIF('Individual Income'!$A:$A,$A52,'Individual Income'!$I:$I),2) -> 1.3104523e+08 | O52: =ROUND(SUMIF('Automobile Renting'!$A:$A,$A52,'Automobile Renting'!$E:$E),2) -> 5926 | P52: =ROUND(SUMIF('Live Adult Entertainment'!$A:$A,$A52,'Live Adult Entertainment'!$E:$E),2) -> 0 | Q52: =ROUND(SUMIF(Cannabis!$A:$A,$A52,Cannabis!$F:$F),2) -> 799789.66 | R52: =ROUND(SUM(C52:Q52),2) -> 1.7796222e+08
... A71: 46265 | C71: =ROUND(SUMIF(Sales!$A:$A,$A71,Sales!$Z:$Z),2) -> 1.5466455e+08 | D71: =ROUND(SUMIF('Motor Fuel'!$A:$A,$A71,'Motor Fuel'!$K:$K),2) -> 57171.58 | E71: =ROUND(SUMIF(Cigarette!$A:$A,$A71,Cigarette!$J:$J),2) -> 366942.78 | F71: =ROUND(SUMIF('Senior Citizen'!$A:$A,$A71,'Senior Citizen'!$E:$E),2) -> 114496.67 | G71: =ROUND(SUMIF(Liquor!$A:$A,$A71,Liquor!$G:$G),2) -> 2235.84 | H71: =ROUND(SUMIF('Public Utility'!$A:$A,$A71,'Public Utility'!$Q:$Q),2) -> 8484237.6 | I71: =ROUND(SUMIF(Hotel!$A:$A,$A71,Hotel!$E:$E),2) -> 8975720.5 | J71: =ROUND(SUMIF('Real Estate Transfer'!$A:$A,$A71,'Real Estate Transfer'!$F:$F),2) -> 0 | K71: =ROUND(SUMIF('Charity Gaming'!$A:$A,$A71,'Charity Gaming'!$R:$R),2) -> 4924.94 | L71: =ROUND(SUMIF('Private Vehicle Use'!$A:$A,$A71,'Private Vehicle Use'!$E:$E),2) -> 392036.9 | M71: =ROUND(SUMIF('Business Income'!$A:$A,$A71,'Business Income'!$M:$M),2) -> 7768825.5 | N71: =ROUND(SUMIF('Individual Income'!$A:$A,$A71,'Individual Income'!$I:$I),2) -> 65627761 | O71: =ROUND(SUMIF('Automobile Renting'!$A:$A,$A71,'Automobile Renting'!$E:$E),2) -> 0 | P71: =ROUND(SUMIF('Live Adult Entertainment'!$A:$A,$A71,'Live Adult Entertainment'!$E:$E),2) -> 0 | Q71: =ROUND(SUMIF(Cannabis!$A:$A,$A71,Cannabis!$F:$F),2) -> 5364894 | R71: =ROUND(SUM(C71:Q71),2) -> 2.518238e+08
C72: =ROUND(SUM(C41:C71),2) -> 2.1469622e+09 | D72: =ROUND(SUM(D41:D71),2) -> 2.6060743e+08 | E72: =ROUND(SUM(E41:E71),2) -> 59663304 | F72: =ROUND(SUM(F41:F71),2) -> 478327.52 | G72: =ROUND(SUM(G41:G71),2) -> 24806922 | H72: =ROUND(SUM(H41:H71),2) -> 99462660 | I72: =ROUND(SUM(I41:I71),2) -> 68040997 | J72: =ROUND(SUM(J41:J71),2) -> 13519014 | ... R72: =ROUND(SUM(R41:R71),2) -> 4.8397183e+09
A74: 46266 | C74: =ROUND(SUMIF(Sales!$A:$A,$A74,Sales!$Z:$Z),2) -> 12420548 | D74: =ROUND(SUMIF('Motor Fuel'!$A:$A,$A74,'Motor Fuel'!$K:$K),2) -> 35103.3 | E74: =ROUND(SUMIF(Cigarette!$A:$A,$A74,Cigarette!$J:$J),2) -> 4513978.1 | F74: =ROUND(SUMIF('Senior Citizen'!$A:$A,$A74,'Senior Citizen'!$E:$E),2) -> 0 | G74: =ROUND(SUMIF(Liquor!$A:$A,$A74,Liquor!$G:$G),2) -> 1001.47 | H74: =ROUND(SUMIF('Public Utility'!$A:$A,$A74,'Public Utility'!$Q:$Q),2) -> 542575.42 | I74: =ROUND(SUMIF(Hotel!$A:$A,$A74,Hotel!$E:$E),2) -> 1456640.6 | J74: =ROUND(SUMIF('Real Estate Transfer'!$A:$A,$A74,'Real Estate Transfer'!$F:$F),2) -> 11246 | K74: =ROUND(SUMIF('Charity Gaming'!$A:$A,$A74,'Charity Gaming'!$R:$R),2) -> 4169.91 | L74: =ROUND(SUMIF('Private Vehicle Use'!$A:$A,$A74,'Private Vehicle Use'!$E:$E),2) -> 460353.64 | M74: =ROUND(SUMIF('Business Income'!$A:$A,$A74,'Business Income'!$M:$M),2) -> 20775324 | N74: =ROUND(SUMIF('Individual Income'!$A:$A,$A74,'Individual Income'!$I:$I),2) -> 40089816 | O74: =ROUND(SUMIF('Automobile Renting'!$A:$A,$A74,'Automobile Renting'!$E:$E),2) -> 411.43 | P74: =ROUND(SUMIF('Live Adult Entertainment'!$A:$A,$A74,'Live Adult Entertainment'!$E:$E),2) -> 0 | Q74: =ROUND(SUMIF(Cannabis!$A:$A,$A74,Cannabis!$F:$F),2) -> 29316.12 | R74: =ROUND(SUM(C74:Q74),2) -> 80340484
A75: 46267 | C75: =ROUND(SUMIF(Sales!$A:$A,$A75,Sales!$Z:$Z),2) -> 18276298 | D75: =ROUND(SUMIF('Motor Fuel'!$A:$A,$A75,'Motor Fuel'!$K:$K),2) -> 53900.79 | E75: =ROUND(SUMIF(Cigarette!$A:$A,$A75,Cigarette!$J:$J),2) -> 2319199 | F75: =ROUND(SUMIF('Senior Citizen'!$A:$A,$A75,'Senior Citizen'!$E:$E),2) -> 642 | G75: =ROUND(SUMIF(Liquor!$A:$A,$A75,Liquor!$G:$G),2) -> 8309.97 | H75: =ROUND(SUMIF('Public Utility'!$A:$A,$A75,'Public Utility'!$Q:$Q),2) -> 111538.21 | I75: =ROUND(SUMIF(Hotel!$A:$A,$A75,Hotel!$E:$E),2) -> 1955988.8 | J75: =ROUND(SUMIF('Real Estate Transfer'!$A:$A,$A75,'Real Estate Transfer'!$F:$F),2) -> 112685.5 | K75: =ROUND(SUMIF('Charity Gaming'!$A:$A,$A75,'Charity Gaming'!$R:$R),2) -> 1639.05 | L75: =ROUND(SUMIF('Private Vehicle Use'!$A:$A,$A75,'Private Vehicle Use'!$E:$E),2) -> 462060.98 | M75: =ROUND(SUMIF('Business Income'!$A:$A,$A75,'Business Income'!$M:$M),2) -> 16604304 | N75: =ROUND(SUMIF('Individual Income'!$A:$A,$A75,'Individual Income'!$I:$I),2) -> 1.5337529e+08 | O75: =ROUND(SUMIF('Automobile Renting'!$A:$A,$A75,'Automobile Renting'!$E:$E),2) -> 2227.73 | P75: =ROUND(SUMIF('Live Adult Entertainment'!$A:$A,$A75,'Live Adult Entertainment'!$E:$E),2) -> 0 | Q75: =ROUND(SUMIF(Cannabis!$A:$A,$A75,Cannabis!$F:$F),2) -> 1055753.3 | R75: =ROUND(SUM(C75:Q75),2) -> 1.9433984e+08
A76: 46268 | C76: =ROUND(SUMIF(Sales!$A:$A,$A76,Sales!$Z:$Z),2) -> 21660124 | D76: =ROUND(SUMIF('Motor Fuel'!$A:$A,$A76,'Motor Fuel'!$K:$K),2) -> 19513.38 | E76: =ROUND(SUMIF(Cigarette!$A:$A,$A76,Cigarette!$J:$J),2) -> 1972244.8 | F76: =ROUND(SUMIF('Senior Citizen'!$A:$A,$A76,'Senior Citizen'!$E:$E),2) -> 0 | G76: =ROUND(SUMIF(Liquor!$A:$A,$A76,Liquor!$G:$G),2) -> 160958.77 | H76: =ROUND(SUMIF('Public Utility'!$A:$A,$A76,'Public Utility'!$Q:$Q),2) -> 132616.77 | I76: =ROUND(SUMIF(Hotel!$A:$A,$A76,Hotel!$E:$E),2) -> 666359.22 | J76: =ROUND(SUMIF('Real Estate Transfer'!$A:$A,$A76,'Real Estate Transfer'!$F:$F),2) -> 944069.5 | K76: =ROUND(SUMIF('Charity Gaming'!$A:$A,$A76,'Charity Gaming'!$R:$R),2) -> 7835.76 | L76: =ROUND(SUMIF('Private Vehicle Use'!$A:$A,$A76,'Private Vehicle Use'!$E:$E),2) -> 529388.03 | M76: =ROUND(SUMIF('Business Income'!$A:$A,$A76,'Business Income'!$M:$M),2) -> 34853463 | N76: =ROUND(SUMIF('Individual Income'!$A:$A,$A76,'Individual Income'!$I:$I),2) -> 1.6011039e+08 | O76: =ROUND(SUMIF('Automobile Renting'!$A:$A,$A76,'Automobile Renting'!$E:$E),2) -> 5887 | P76: =ROUND(SUMIF('Live Adult Entertainment'!$A:$A,$A76,'Live Adult Entertainment'!$E:$E),2) -> 0 | Q76: =ROUND(SUMIF(Cannabis!$A:$A,$A76,Cannabis!$F:$F),2) -> 781998.71 | R76: =ROUND(SUM(C76:Q76),2) -> 2.2184485e+08
A77: 46269 | C77: =ROUND(SUMIF(Sales!$A:$A,$A77,Sales!$Z:$Z),2) -> 28760346 | D77: =ROUND(SUMIF('Motor Fuel'!$A:$A,$A77,'Motor Fuel'!$K:$K),2) -> 39318.17 | E77: =ROUND(SUMIF(Cigarette!$A:$A,$A77,Cigarette!$J:$J),2) -> 2481571.1 | F77: =ROUND(SUMIF('Senior Citizen'!$A:$A,$A77,'Senior Citizen'!$E:$E),2) -> 0 | G77: =ROUND(SUMIF(Liquor!$A:$A,$A77,Liquor!$G:$G),2) -> 11101.25 | H77: =ROUND(SUMIF('Public Utility'!$A:$A,$A77,'Public Utility'!$Q:$Q),2) -> 8495680.3 | I77: =ROUND(SUMIF(Hotel!$A:$A,$A77,Hotel!$E:$E),2) -> 262330.96 | J77: =ROUND(SUMIF('Real Estate Transfer'!$A:$A,$A77,'Real Estate Transfer'!$F:$F),2) -> 945562.5 | K77: =ROUND(SUMIF('Charity Gaming'!$A:$A,$A77,'Charity Gaming'!$R:$R),2) -> 4715.5 | L77: =ROUND(SUMIF('Private Vehicle Use'!$A:$A,$A77,'Private Vehicle Use'!$E:$E),2) -> 307838.86 | M77: =ROUND(SUMIF('Business Income'!$A:$A,$A77,'Business Income'!$M:$M),2) -> 31050995 | N77: =ROUND(SUMIF('Individual Income'!$A:$A,$A77,'Individual Income'!$I:$I),2) -> 117087528 | O77: =ROUND(SUMIF('Automobile Renting'!$A:$A,$A77,'Automobile Renting'!$E:$E),2) -> 6722 | P77: =ROUND(SUMIF('Live Adult Entertainment'!$A:$A,$A77,'Live Adult Entertainment'!$E:$E),2) -> 0 | Q77: =ROUND(SUMIF(Cannabis!$A:$A,$A77,Cannabis!$F:$F),2) -> 92044 | R77: =ROUND(SUM(C77:Q77),2) -> 1.8954575e+08
A78: 46270 | C78: =ROUND(SUMIF(Sales!$A:$A,$A78,Sales!$Z:$Z),2) -> 0 | D78: =ROUND(SUMIF('Motor Fuel'!$A:$A,$A78,'Motor Fuel'!$K:$K),2) -> 0 | E78: =ROUND(SUMIF(Cigarette!$A:$A,$A78,Cigarette!$J:$J),2) -> 0 | F78: =ROUND(SUMIF('Senior Citizen'!$A:$A,$A78,'Senior Citizen'!$E:$E),2) -> 0 | G78: =ROUND(SUMIF(Liquor!$A:$A,$A78,Liquor!$G:$G),2) -> 0 | H78: =ROUND(SUMIF('Public Utility'!$A:$A,$A78,'Public Utility'!$Q:$Q),2) -> 0 | I78: =ROUND(SUMIF(Hotel!$A:$A,$A78,Hotel!$E:$E),2) -> 0 | J78: =ROUND(SUMIF('Real Estate Transfer'!$A:$A,$A78,'Real Estate Transfer'!$F:$F),2) -> 0 | K78: =ROUND(SUMIF('Charity Gaming'!$A:$A,$A78,'Charity Gaming'!$R:$R),2) -> 0 | L78: =ROUND(SUMIF('Private Vehicle Use'!$A:$A,$A78,'Private Vehicle Use'!$E:$E),2) -> 0 | M78: =ROUND(SUMIF('Business Income'!$A:$A,$A78,'Business Income'!$M:$M),2) -> 0 | N78: =ROUND(SUMIF('Individual Income'!$A:$A,$A78,'Individual Income'!$I:$I),2) -> 0 | O78: =ROUND(SUMIF('Automobile Renting'!$A:$A,$A78,'Automobile Renting'!$E:$E),2) -> 0 | P78: =ROUND(SUMIF('Live Adult Entertainment'!$A:$A,$A78,'Live Adult Entertainment'!$E:$E),2) -> 0 | Q78: =ROUND(SUMIF(Cannabis!$A:$A,$A78,Cannabis!$F:$F),2) -> 0 | R78: =ROUND(SUM(C78:Q78),2) -> 0
A79: 46271 | C79: =ROUND(SUMIF(Sales!$A:$A,$A79,Sales!$Z:$Z),2) -> 0 | D79: =ROUND(SUMIF('Motor Fuel'!$A:$A,$A79,'Motor Fuel'!$K:$K),2) -> 0 | E79: =ROUND(SUMIF(Cigarette!$A:$A,$A79,Cigarette!$J:$J),2) -> 0 | F79: =ROUND(SUMIF('Senior Citizen'!$A:$A,$A79,'Senior Citizen'!$E:$E),2) -> 0 | G79: =ROUND(SUMIF(Liquor!$A:$A,$A79,Liquor!$G:$G),2) -> 0 | H79: =ROUND(SUMIF('Public Utility'!$A:$A,$A79,'Public Utility'!$Q:$Q),2) -> 0 | I79: =ROUND(SUMIF(Hotel!$A:$A,$A79,Hotel!$E:$E),2) -> 0 | J79: =ROUND(SUMIF('Real Estate Transfer'!$A:$A,$A79,'Real Estate Transfer'!$F:$F),2) -> 0 | K79: =ROUND(SUMIF('Charity Gaming'!$A:$A,$A79,'Charity Gaming'!$R:$R),2) -> 0 | L79: =ROUND(SUMIF('Private Vehicle Use'!$A:$A,$A79,'Private Vehicle Use'!$E:$E),2) -> 0 | M79: =ROUND(SUMIF('Business Income'!$A:$A,$A79,'Business Income'!$M:$M),2) -> 0 | N79: =ROUND(SUMIF('Individual Income'!$A:$A,$A79,'Individual Income'!$I:$I),2) -> 0 | O79: =ROUND(SUMIF('Automobile Renting'!$A:$A,$A79,'Automobile Renting'!$E:$E),2) -> 0 | P79: =ROUND(SUMIF('Live Adult Entertainment'!$A:$A,$A79,'Live Adult Entertainment'!$E:$E),2) -> 0 | Q79: =ROUND(SUMIF(Cannabis!$A:$A,$A79,Cannabis!$F:$F),2) -> 0 | R79: =ROUND(SUM(C79:Q79),2) -> 0
A80: 46272 | C80: =ROUND(SUMIF(Sales!$A:$A,$A80,Sales!$Z:$Z),2) -> 0 | D80: =ROUND(SUMIF('Motor Fuel'!$A:$A,$A80,'Motor Fuel'!$K:$K),2) -> 0 | E80: =ROUND(SUMIF(Cigarette!$A:$A,$A80,Cigarette!$J:$J),2) -> 0 | F80: =ROUND(SUMIF('Senior Citizen'!$A:$A,$A80,'Senior Citizen'!$E:$E),2) -> 0 | G80: =ROUND(SUMIF(Liquor!$A:$A,$A80,Liquor!$G:$G),2) -> 0 | H80: =ROUND(SUMIF('Public Utility'!$A:$A,$A80,'Public Utility'!$Q:$Q),2) -> 0 | I80: =ROUND(SUMIF(Hotel!$A:$A,$A80,Hotel!$E:$E),2) -> 0 | J80: =ROUND(SUMIF('Real Estate Transfer'!$A:$A,$A80,'Real Estate Transfer'!$F:$F),2) -> 0 | K80: =ROUND(SUMIF('Charity Gaming'!$A:$A,$A80,'Charity Gaming'!$R:$R),2) -> 0 | L80: =ROUND(SUMIF('Private Vehicle Use'!$A:$A,$A80,'Private Vehicle Use'!$E:$E),2) -> 0 | M80: =ROUND(SUMIF('Business Income'!$A:$A,$A80,'Business Income'!$M:$M),2) -> 0 | N80: =ROUND(SUMIF('Individual Income'!$A:$A,$A80,'Individual Income'!$I:$I),2) -> 0 | O80: =ROUND(SUMIF('Automobile Renting'!$A:$A,$A80,'Automobile Renting'!$E:$E),2) -> 0 | P80: =ROUND(SUMIF('Live Adult Entertainment'!$A:$A,$A80,'Live Adult Entertainment'!$E:$E),2) -> 0 | Q80: =ROUND(SUMIF(Cannabis!$A:$A,$A80,Cannabis!$F:$F),2) -> 0 | R80: =ROUND(SUM(C80:Q80),2) -> 0
A81: 46273 | C81: =ROUND(SUMIF(Sales!$A:$A,$A81,Sales!$Z:$Z),2) -> 2.4512151e+08 | D81: =ROUND(SUMIF('Motor Fuel'!$A:$A,$A81,'Motor Fuel'!$K:$K),2) -> 584956.03 | E81: =ROUND(SUMIF(Cigarette!$A:$A,$A81,Cigarette!$J:$J),2) -> 5967140.8 | F81: =ROUND(SUMIF('Senior Citizen'!$A:$A,$A81,'Senior Citizen'!$E:$E),2) -> 226203.25 | G81: =ROUND(SUMIF(Liquor!$A:$A,$A81,Liquor!$G:$G),2) -> 229507 | H81: =ROUND(SUMIF('Public Utility'!$A:$A,$A81,'Public Utility'!$Q:$Q),2) -> 7499104 | I81: =ROUND(SUMIF(Hotel!$A:$A,$A81,Hotel!$E:$E),2) -> 245896.29 | J81: =ROUND(SUMIF('Real Estate Transfer'!$A:$A,$A81,'Real Estate Transfer'!$F:$F),2) -> 276255 | K81: =ROUND(SUMIF('Charity Gaming'!$A:$A,$A81,'Charity Gaming'!$R:$R),2) -> 3405.47 | L81: =ROUND(SUMIF('Private Vehicle Use'!$A:$A,$A81,'Private Vehicle Use'!$E:$E),2) -> 296626.14 | M81: =ROUND(SUMIF('Business Income'!$A:$A,$A81,'Business Income'!$M:$M),2) -> 88164766 | N81: =ROUND(SUMIF('Individual Income'!$A:$A,$A81,'Individual Income'!$I:$I),2) -> 1.4306468e+08 | O81: =ROUND(SUMIF('Automobile Renting'!$A:$A,$A81,'Automobile Renting'!$E:$E),2) -> 1258 | P81: =ROUND(SUMIF('Live Adult Entertainment'!$A:$A,$A81,'Live Adult Entertainment'!$E:$E),2) -> 0 | Q81: =ROUND(SUMIF(Cannabis!$A:$A,$A81,Cannabis!$F:$F),2) -> 4894303.1 | R81: =ROUND(SUM(C81:Q81),2) -> 4.9657561e+08
A82: 46274 | C82: =ROUND(SUMIF(Sales!$A:$A,$A82,Sales!$Z:$Z),2) -> 9662165.7 | D82: =ROUND(SUMIF('Motor Fuel'!$A:$A,$A82,'Motor Fuel'!$K:$K),2) -> 8474.58 | E82: =ROUND(SUMIF(Cigarette!$A:$A,$A82,Cigarette!$J:$J),2) -> 5678.88 | F82: =ROUND(SUMIF('Senior Citizen'!$A:$A,$A82,'Senior Citizen'!$E:$E),2) -> 0 | G82: =ROUND(SUMIF(Liquor!$A:$A,$A82,Liquor!$G:$G),2) -> -14.7 | H82: =ROUND(SUMIF('Public Utility'!$A:$A,$A82,'Public Utility'!$Q:$Q),2) -> 1265274 | I82: =ROUND(SUMIF(Hotel!$A:$A,$A82,Hotel!$E:$E),2) -> 133420.96 | J82: =ROUND(SUMIF('Real Estate Transfer'!$A:$A,$A82,'Real Estate Transfer'!$F:$F),2) -> 781551.5 | K82: =ROUND(SUMIF('Charity Gaming'!$A:$A,$A82,'Charity Gaming'!$R:$R),2) -> 3363.89 | L82: =ROUND(SUMIF('Private Vehicle Use'!$A:$A,$A82,'Private Vehicle Use'!$E:$E),2) -> 358796.99 | M82: =ROUND(SUMIF('Business Income'!$A:$A,$A82,'Business Income'!$M:$M),2) -> 26882534 | N82: =ROUND(SUMIF('Individual Income'!$A:$A,$A82,'Individual Income'!$I:$I),2) -> 50705597 | O82: =ROUND(SUMIF('Automobile Renting'!$A:$A,$A82,'Automobile Renting'!$E:$E),2) -> 0 | P82: =ROUND(SUMIF('Live Adult Entertainment'!$A:$A,$A82,'Live Adult Entertainment'!$E:$E),2) -> 0 | Q82: =ROUND(SUMIF(Cannabis!$A:$A,$A82,Cannabis!$F:$F),2) -> 11600 | R82: =ROUND(SUM(C82:Q82),2) -> 89818442
A83: 46275 | C83: =ROUND(SUMIF(Sales!$A:$A,$A83,Sales!$Z:$Z),2) -> 19582361 | D83: =ROUND(SUMIF('Motor Fuel'!$A:$A,$A83,'Motor Fuel'!$K:$K),2) -> 145760.28 | E83: =ROUND(SUMIF(Cigarette!$A:$A,$A83,Cigarette!$J:$J),2) -> 2531710.3 | F83: =ROUND(SUMIF('Senior Citizen'!$A:$A,$A83,'Senior Citizen'!$E:$E),2) -> 0 | G83: =ROUND(SUMIF(Liquor!$A:$A,$A83,Liquor!$G:$G),2) -> 87170.3 | H83: =ROUND(SUMIF('Public Utility'!$A:$A,$A83,'Public Utility'!$Q:$Q),2) -> 34941609 | I83: =ROUND(SUMIF(Hotel!$A:$A,$A83,Hotel!$E:$E),2) -> 31711.38 | J83: =ROUND(SUMIF('Real Estate Transfer'!$A:$A,$A83,'Real Estate Transfer'!$F:$F),2) -> 477909.5 | K83: =ROUND(SUMIF('Charity Gaming'!$A:$A,$A83,'Charity Gaming'!$R:$R),2) -> 2949.15 | L83: =ROUND(SUMIF('Private Vehicle Use'!$A:$A,$A83,'Private Vehicle Use'!$E:$E),2) -> 556267.99 | M83: =ROUND(SUMIF('Business Income'!$A:$A,$A83,'Business Income'!$M:$M),2) -> 91469530 | N83: =ROUND(SUMIF('Individual Income'!$A:$A,$A83,'Individual Income'!$I:$I),2) -> 2.3714179e+08 | O83: =ROUND(SUMIF('Automobile Renting'!$A:$A,$A83,'Automobile Renting'!$E:$E),2) -> 1319.5 | P83: =ROUND(SUMIF('Live Adult Entertainment'!$A:$A,$A83,'Live Adult Entertainment'!$E:$E),2) -> 0 | Q83: =ROUND(SUMIF(Cannabis!$A:$A,$A83,Cannabis!$F:$F),2) -> 641904 | R83: =ROUND(SUM(C83:Q83),2) -> 3.87612e+08
A84: 46276 | C84: =ROUND(SUMIF(Sales!$A:$A,$A84,Sales!$Z:$Z),2) -> 36939586 | D84: =ROUND(SUMIF('Motor Fuel'!$A:$A,$A84,'Motor Fuel'!$K:$K),2) -> 647433.35 | E84: =ROUND(SUMIF(Cigarette!$A:$A,$A84,Cigarette!$J:$J),2) -> 3421717.9 | F84: =ROUND(SUMIF('Senior Citizen'!$A:$A,$A84,'Senior Citizen'!$E:$E),2) -> 0 | G84: =ROUND(SUMIF(Liquor!$A:$A,$A84,Liquor!$G:$G),2) -> 567785.25 | H84: =ROUND(SUMIF('Public Utility'!$A:$A,$A84,'Public Utility'!$Q:$Q),2) -> 1047732.6 | I84: =ROUND(SUMIF(Hotel!$A:$A,$A84,Hotel!$E:$E),2) -> 770356.33 | J84: =ROUND(SUMIF('Real Estate Transfer'!$A:$A,$A84,'Real Estate Transfer'!$F:$F),2) -> 1211373 | K84: =ROUND(SUMIF('Charity Gaming'!$A:$A,$A84,'Charity Gaming'!$R:$R),2) -> 2428.09 | L84: =ROUND(SUMIF('Private Vehicle Use'!$A:$A,$A84,'Private Vehicle Use'!$E:$E),2) -> 535279.41 | M84: =ROUND(SUMIF('Business Income'!$A:$A,$A84,'Business Income'!$M:$M),2) -> 2.7875699e+08 | N84: =ROUND(SUMIF('Individual Income'!$A:$A,$A84,'Individual Income'!$I:$I),2) -> 49910321 | O84: =ROUND(SUMIF('Automobile Renting'!$A:$A,$A84,'Automobile Renting'!$E:$E),2) -> 2463 | P84: =ROUND(SUMIF('Live Adult Entertainment'!$A:$A,$A84,'Live Adult Entertainment'!$E:$E),2) -> 0 | Q84: =ROUND(SUMIF(Cannabis!$A:$A,$A84,Cannabis!$F:$F),2) -> 1445279.2 | R84: =ROUND(SUM(C84:Q84),2) -> 3.7525874e+08
A85: 46277 | C85: =ROUND(SUMIF(Sales!$A:$A,$A85,Sales!$Z:$Z),2) -> 0 | D85: =ROUND(SUMIF('Motor Fuel'!$A:$A,$A85,'Motor Fuel'!$K:$K),2) -> 0 | E85: =ROUND(SUMIF(Cigarette!$A:$A,$A85,Cigarette!$J:$J),2) -> 0 | F85: =ROUND(SUMIF('Senior Citizen'!$A:$A,$A85,'Senior Citizen'!$E:$E),2) -> 0 | G85: =ROUND(SUMIF(Liquor!$A:$A,$A85,Liquor!$G:$G),2) -> 0 | H85: =ROUND(SUMIF('Public Utility'!$A:$A,$A85,'Public Utility'!$Q:$Q),2) -> 0 | I85: =ROUND(SUMIF(Hotel!$A:$A,$A85,Hotel!$E:$E),2) -> 0 | J85: =ROUND(SUMIF('Real Estate Transfer'!$A:$A,$A85,'Real Estate Transfer'!$F:$F),2) -> 0 | K85: =ROUND(SUMIF('Charity Gaming'!$A:$A,$A85,'Charity Gaming'!$R:$R),2) -> 0 | L85: =ROUND(SUMIF('Private Vehicle Use'!$A:$A,$A85,'Private Vehicle Use'!$E:$E),2) -> 0 | M85: =ROUND(SUMIF('Business Income'!$A:$A,$A85,'Business Income'!$M:$M),2) -> 0 | N85: =ROUND(SUMIF('Individual Income'!$A:$A,$A85,'Individual Income'!$I:$I),2) -> 0 | O85: =ROUND(SUMIF('Automobile Renting'!$A:$A,$A85,'Automobile Renting'!$E:$E),2) -> 0 | P85: =ROUND(SUMIF('Live Adult Entertainment'!$A:$A,$A85,'Live Adult Entertainment'!$E:$E),2) -> 0 | Q85: =ROUND(SUMIF(Cannabis!$A:$A,$A85,Cannabis!$F:$F),2) -> 0 | R85: =ROUND(SUM(C85:Q85),2) -> 0
... A103: 46295 | C103: =ROUND(SUMIF(Sales!$A:$A,$A103,Sales!$Z:$Z),2) -> 1.5726893e+08 | D103: =ROUND(SUMIF('Motor Fuel'!$A:$A,$A103,'Motor Fuel'!$K:$K),2) -> 6082.25 | E103: =ROUND(SUMIF(Cigarette!$A:$A,$A103,Cigarette!$J:$J),2) -> 2116045.5 | F103: =ROUND(SUMIF('Senior Citizen'!$A:$A,$A103,'Senior Citizen'!$E:$E),2) -> 104681.02 | G103: =ROUND(SUMIF(Liquor!$A:$A,$A103,Liquor!$G:$G),2) -> 814.25 | H103: =ROUND(SUMIF('Public Utility'!$A:$A,$A103,'Public Utility'!$Q:$Q),2) -> 8209551.3 | I103: =ROUND(SUMIF(Hotel!$A:$A,$A103,Hotel!$E:$E),2) -> 8157732.6 | J103: =ROUND(SUMIF('Real Estate Transfer'!$A:$A,$A103,'Real Estate Transfer'!$F:$F),2) -> 56535.5 | K103: =ROUND(SUMIF('Charity Gaming'!$A:$A,$A103,'Charity Gaming'!$R:$R),2) -> 187.9 | L103: =ROUND(SUMIF('Private Vehicle Use'!$A:$A,$A103,'Private Vehicle Use'!$E:$E),2) -> 348952.43 | M103: =ROUND(SUMIF('Business Income'!$A:$A,$A103,'Business Income'!$M:$M),2) -> -2465917.3 | N103: =ROUND(SUMIF('Individual Income'!$A:$A,$A103,'Individual Income'!$I:$I),2) -> 1.8869657e+08 | O103: =ROUND(SUMIF('Automobile Renting'!$A:$A,$A103,'Automobile Renting'!$E:$E),2) -> 0 | P103: =ROUND(SUMIF('Live Adult Entertainment'!$A:$A,$A103,'Live Adult Entertainment'!$E:$E),2) -> 0 | Q103: =ROUND(SUMIF(Cannabis!$A:$A,$A103,Cannabis!$F:$F),2) -> 5419447.1 | R103: =ROUND(SUM(C103:Q103),2) -> 3.6791961e+08
C104: =ROUND(SUM(C74:C103),2) -> 2.1420021e+09 | D104: =ROUND(SUM(D74:D103),2) -> 2.5780072e+08 | E104: =ROUND(SUM(E74:E103),2) -> 68981267 | F104: =ROUND(SUM(F74:F103),2) -> 538518.62 | G104: =ROUND(SUM(G74:G103),2) -> 24196400 | H104: =ROUND(SUM(H74:H103),2) -> 1.7193436e+08 | I104: =ROUND(SUM(I74:I103),2) -> 67558385 | J104: =ROUND(SUM(J74:J103),2) -> 11591163 | ... R104: =ROUND(SUM(R74:R103),2) -> 8.2906833e+09
A106: 46296 | C106: =ROUND(SUMIF(Sales!$A:$A,$A106,Sales!$Z:$Z),2) -> 0 | D106: =ROUND(SUMIF('Motor Fuel'!$A:$A,$A106,'Motor Fuel'!$K:$K),2) -> 0 | E106: =ROUND(SUMIF(Cigarette!$A:$A,$A106,Cigarette!$J:$J),2) -> 0 | F106: =ROUND(SUMIF('Senior Citizen'!$A:$A,$A106,'Senior Citizen'!$E:$E),2) -> 0 | G106: =ROUND(SUMIF(Liquor!$A:$A,$A106,Liquor!$G:$G),2) -> 0 | H106: =ROUND(SUMIF('Public Utility'!$A:$A,$A106,'Public Utility'!$Q:$Q),2) -> 0 | I106: =ROUND(SUMIF(Hotel!$A:$A,$A106,Hotel!$E:$E),2) -> 0 | J106: =ROUND(SUMIF('Real Estate Transfer'!$A:$A,$A106,'Real Estate Transfer'!$F:$F),2) -> 0 | K106: =ROUND(SUMIF('Charity Gaming'!$A:$A,$A106,'Charity Gaming'!$R:$R),2) -> 0 | L106: =ROUND(SUMIF('Private Vehicle Use'!$A:$A,$A106,'Private Vehicle Use'!$E:$E),2) -> 0 | M106: =ROUND(SUMIF('Business Income'!$A:$A,$A106,'Business Income'!$M:$M),2) -> 0 | N106: =ROUND(SUMIF('Individual Income'!$A:$A,$A106,'Individual Income'!$I:$I),2) -> 0 | O106: =ROUND(SUMIF('Automobile Renting'!$A:$A,$A106,'Automobile Renting'!$E:$E),2) -> 0 | P106: =ROUND(SUMIF('Live Adult Entertainment'!$A:$A,$A106,'Live Adult Entertainment'!$E:$E),2) -> 0 | Q106: =ROUND(SUMIF(Cannabis!$A:$A,$A106,Cannabis!$F:$F),2) -> 0 | R106: =ROUND(SUM(C106:Q106),2) -> 0
A107: 46297 | C107: =ROUND(SUMIF(Sales!$A:$A,$A107,Sales!$Z:$Z),2) -> 0 | D107: =ROUND(SUMIF('Motor Fuel'!$A:$A,$A107,'Motor Fuel'!$K:$K),2) -> 0 | E107: =ROUND(SUMIF(Cigarette!$A:$A,$A107,Cigarette!$J:$J),2) -> 0 | F107: =ROUND(SUMIF('Senior Citizen'!$A:$A,$A107,'Senior Citizen'!$E:$E),2) -> 0 | G107: =ROUND(SUMIF(Liquor!$A:$A,$A107,Liquor!$G:$G),2) -> 0 | H107: =ROUND(SUMIF('Public Utility'!$A:$A,$A107,'Public Utility'!$Q:$Q),2) -> 0 | I107: =ROUND(SUMIF(Hotel!$A:$A,$A107,Hotel!$E:$E),2) -> 0 | J107: =ROUND(SUMIF('Real Estate Transfer'!$A:$A,$A107,'Real Estate Transfer'!$F:$F),2) -> 0 | K107: =ROUND(SUMIF('Charity Gaming'!$A:$A,$A107,'Charity Gaming'!$R:$R),2) -> 0 | L107: =ROUND(SUMIF('Private Vehicle Use'!$A:$A,$A107,'Private Vehicle Use'!$E:$E),2) -> 0 | M107: =ROUND(SUMIF('Business Income'!$A:$A,$A107,'Business Income'!$M:$M),2) -> 0 | N107: =ROUND(SUMIF('Individual Income'!$A:$A,$A107,'Individual Income'!$I:$I),2) -> 0 | O107: =ROUND(SUMIF('Automobile Renting'!$A:$A,$A107,'Automobile Renting'!$E:$E),2) -> 0 | P107: =ROUND(SUMIF('Live Adult Entertainment'!$A:$A,$A107,'Live Adult Entertainment'!$E:$E),2) -> 0 | Q107: =ROUND(SUMIF(Cannabis!$A:$A,$A107,Cannabis!$F:$F),2) -> 0 | R107: =ROUND(SUM(C107:Q107),2) -> 0
A108: 46298 | C108: =ROUND(SUMIF(Sales!$A:$A,$A108,Sales!$Z:$Z),2) -> 0 | D108: =ROUND(SUMIF('Motor Fuel'!$A:$A,$A108,'Motor Fuel'!$K:$K),2) -> 0 | E108: =ROUND(SUMIF(Cigarette!$A:$A,$A108,Cigarette!$J:$J),2) -> 0 | F108: =ROUND(SUMIF('Senior Citizen'!$A:$A,$A108,'Senior Citizen'!$E:$E),2) -> 0 | G108: =ROUND(SUMIF(Liquor!$A:$A,$A108,Liquor!$G:$G),2) -> 0 | H108: =ROUND(SUMIF('Public Utility'!$A:$A,$A108,'Public Utility'!$Q:$Q),2) -> 0 | I108: =ROUND(SUMIF(Hotel!$A:$A,$A108,Hotel!$E:$E),2) -> 0 | J108: =ROUND(SUMIF('Real Estate Transfer'!$A:$A,$A108,'Real Estate Transfer'!$F:$F),2) -> 0 | K108: =ROUND(SUMIF('Charity Gaming'!$A:$A,$A108,'Charity Gaming'!$R:$R),2) -> 0 | L108: =ROUND(SUMIF('Private Vehicle Use'!$A:$A,$A108,'Private Vehicle Use'!$E:$E),2) -> 0 | M108: =ROUND(SUMIF('Business Income'!$A:$A,$A108,'Business Income'!$M:$M),2) -> 0 | N108: =ROUND(SUMIF('Individual Income'!$A:$A,$A108,'Individual Income'!$I:$I),2) -> 0 | O108: =ROUND(SUMIF('Automobile Renting'!$A:$A,$A108,'Automobile Renting'!$E:$E),2) -> 0 | P108: =ROUND(SUMIF('Live Adult Entertainment'!$A:$A,$A108,'Live Adult Entertainment'!$E:$E),2) -> 0 | Q108: =ROUND(SUMIF(Cannabis!$A:$A,$A108,Cannabis!$F:$F),2) -> 0 | R108: =ROUND(SUM(C108:Q108),2) -> 0
A109: 46299 | C109: =ROUND(SUMIF(Sales!$A:$A,$A109,Sales!$Z:$Z),2) -> 0 | D109: =ROUND(SUMIF('Motor Fuel'!$A:$A,$A109,'Motor Fuel'!$K:$K),2) -> 0 | E109: =ROUND(SUMIF(Cigarette!$A:$A,$A109,Cigarette!$J:$J),2) -> 0 | F109: =ROUND(SUMIF('Senior Citizen'!$A:$A,$A109,'Senior Citizen'!$E:$E),2) -> 0 | G109: =ROUND(SUMIF(Liquor!$A:$A,$A109,Liquor!$G:$G),2) -> 0 | H109: =ROUND(SUMIF('Public Utility'!$A:$A,$A109,'Public Utility'!$Q:$Q),2) -> 0 | I109: =ROUND(SUMIF(Hotel!$A:$A,$A109,Hotel!$E:$E),2) -> 0 | J109: =ROUND(SUMIF('Real Estate Transfer'!$A:$A,$A109,'Real Estate Transfer'!$F:$F),2) -> 0 | K109: =ROUND(SUMIF('Charity Gaming'!$A:$A,$A109,'Charity Gaming'!$R:$R),2) -> 0 | L109: =ROUND(SUMIF('Private Vehicle Use'!$A:$A,$A109,'Private Vehicle Use'!$E:$E),2) -> 0 | M109: =ROUND(SUMIF('Business Income'!$A:$A,$A109,'Business Income'!$M:$M),2) -> 0 | N109: =ROUND(SUMIF('Individual Income'!$A:$A,$A109,'Individual Income'!$I:$I),2) -> 0 | O109: =ROUND(SUMIF('Automobile Renting'!$A:$A,$A109,'Automobile Renting'!$E:$E),2) -> 0 | P109: =ROUND(SUMIF('Live Adult Entertainment'!$A:$A,$A109,'Live Adult Entertainment'!$E:$E),2) -> 0 | Q109: =ROUND(SUMIF(Cannabis!$A:$A,$A109,Cannabis!$F:$F),2) -> 0 | R109: =ROUND(SUM(C109:Q109),2) -> 0
A110: 46300 | C110: =ROUND(SUMIF(Sales!$A:$A,$A110,Sales!$Z:$Z),2) -> 0 | D110: =ROUND(SUMIF('Motor Fuel'!$A:$A,$A110,'Motor Fuel'!$K:$K),2) -> 0 | E110: =ROUND(SUMIF(Cigarette!$A:$A,$A110,Cigarette!$J:$J),2) -> 0 | F110: =ROUND(SUMIF('Senior Citizen'!$A:$A,$A110,'Senior Citizen'!$E:$E),2) -> 0 | G110: =ROUND(SUMIF(Liquor!$A:$A,$A110,Liquor!$G:$G),2) -> 0 | H110: =ROUND(SUMIF('Public Utility'!$A:$A,$A110,'Public Utility'!$Q:$Q),2) -> 0 | I110: =ROUND(SUMIF(Hotel!$A:$A,$A110,Hotel!$E:$E),2) -> 0 | J110: =ROUND(SUMIF('Real Estate Transfer'!$A:$A,$A110,'Real Estate Transfer'!$F:$F),2) -> 0 | K110: =ROUND(SUMIF('Charity Gaming'!$A:$A,$A110,'Charity Gaming'!$R:$R),2) -> 0 | L110: =ROUND(SUMIF('Private Vehicle Use'!$A:$A,$A110,'Private Vehicle Use'!$E:$E),2) -> 0 | M110: =ROUND(SUMIF('Business Income'!$A:$A,$A110,'Business Income'!$M:$M),2) -> 0 | N110: =ROUND(SUMIF('Individual Income'!$A:$A,$A110,'Individual Income'!$I:$I),2) -> 0 | O110: =ROUND(SUMIF('Automobile Renting'!$A:$A,$A110,'Automobile Renting'!$E:$E),2) -> 0 | P110: =ROUND(SUMIF('Live Adult Entertainment'!$A:$A,$A110,'Live Adult Entertainment'!$E:$E),2) -> 0 | Q110: =ROUND(SUMIF(Cannabis!$A:$A,$A110,Cannabis!$F:$F),2) -> 0 | R110: =ROUND(SUM(C110:Q110),2) -> 0
A111: 46301 | C111: =ROUND(SUMIF(Sales!$A:$A,$A111,Sales!$Z:$Z),2) -> 0 | D111: =ROUND(SUMIF('Motor Fuel'!$A:$A,$A111,'Motor Fuel'!$K:$K),2) -> 0 | E111: =ROUND(SUMIF(Cigarette!$A:$A,$A111,Cigarette!$J:$J),2) -> 0 | F111: =ROUND(SUMIF('Senior Citizen'!$A:$A,$A111,'Senior Citizen'!$E:$E),2) -> 0 | G111: =ROUND(SUMIF(Liquor!$A:$A,$A111,Liquor!$G:$G),2) -> 0 | H111: =ROUND(SUMIF('Public Utility'!$A:$A,$A111,'Public Utility'!$Q:$Q),2) -> 0 | I111: =ROUND(SUMIF(Hotel!$A:$A,$A111,Hotel!$E:$E),2) -> 0 | J111: =ROUND(SUMIF('Real Estate Transfer'!$A:$A,$A111,'Real Estate Transfer'!$F:$F),2) -> 0 | K111: =ROUND(SUMIF('Charity Gaming'!$A:$A,$A111,'Charity Gaming'!$R:$R),2) -> 0 | L111: =ROUND(SUMIF('Private Vehicle Use'!$A:$A,$A111,'Private Vehicle Use'!$E:$E),2) -> 0 | M111: =ROUND(SUMIF('Business Income'!$A:$A,$A111,'Business Income'!$M:$M),2) -> 0 | N111: =ROUND(SUMIF('Individual Income'!$A:$A,$A111,'Individual Income'!$I:$I),2) -> 0 | O111: =ROUND(SUMIF('Automobile Renting'!$A:$A,$A111,'Automobile Renting'!$E:$E),2) -> 0 | P111: =ROUND(SUMIF('Live Adult Entertainment'!$A:$A,$A111,'Live Adult Entertainment'!$E:$E),2) -> 0 | Q111: =ROUND(SUMIF(Cannabis!$A:$A,$A111,Cannabis!$F:$F),2) -> 0 | R111: =ROUND(SUM(C111:Q111),2) -> 0
A112: 46302 | C112: =ROUND(SUMIF(Sales!$A:$A,$A112,Sales!$Z:$Z),2) -> 0 | D112: =ROUND(SUMIF('Motor Fuel'!$A:$A,$A112,'Motor Fuel'!$K:$K),2) -> 0 | E112: =ROUND(SUMIF(Cigarette!$A:$A,$A112,Cigarette!$J:$J),2) -> 0 | F112: =ROUND(SUMIF('Senior Citizen'!$A:$A,$A112,'Senior Citizen'!$E:$E),2) -> 0 | G112: =ROUND(SUMIF(Liquor!$A:$A,$A112,Liquor!$G:$G),2) -> 0 | H112: =ROUND(SUMIF('Public Utility'!$A:$A,$A112,'Public Utility'!$Q:$Q),2) -> 0 | I112: =ROUND(SUMIF(Hotel!$A:$A,$A112,Hotel!$E:$E),2) -> 0 | J112: =ROUND(SUMIF('Real Estate Transfer'!$A:$A,$A112,'Real Estate Transfer'!$F:$F),2) -> 0 | K112: =ROUND(SUMIF('Charity Gaming'!$A:$A,$A112,'Charity Gaming'!$R:$R),2) -> 0 | L112: =ROUND(SUMIF('Private Vehicle Use'!$A:$A,$A112,'Private Vehicle Use'!$E:$E),2) -> 0 | M112: =ROUND(SUMIF('Business Income'!$A:$A,$A112,'Business Income'!$M:$M),2) -> 0 | N112: =ROUND(SUMIF('Individual Income'!$A:$A,$A112,'Individual Income'!$I:$I),2) -> 0 | O112: =ROUND(SUMIF('Automobile Renting'!$A:$A,$A112,'Automobile Renting'!$E:$E),2) -> 0 | P112: =ROUND(SUMIF('Live Adult Entertainment'!$A:$A,$A112,'Live Adult Entertainment'!$E:$E),2) -> 0 | Q112: =ROUND(SUMIF(Cannabis!$A:$A,$A112,Cannabis!$F:$F),2) -> 0 | R112: =ROUND(SUM(C112:Q112),2) -> 0
A113: 46303 | C113: =ROUND(SUMIF(Sales!$A:$A,$A113,Sales!$Z:$Z),2) -> 0 | D113: =ROUND(SUMIF('Motor Fuel'!$A:$A,$A113,'Motor Fuel'!$K:$K),2) -> 0 | E113: =ROUND(SUMIF(Cigarette!$A:$A,$A113,Cigarette!$J:$J),2) -> 0 | F113: =ROUND(SUMIF('Senior Citizen'!$A:$A,$A113,'Senior Citizen'!$E:$E),2) -> 0 | G113: =ROUND(SUMIF(Liquor!$A:$A,$A113,Liquor!$G:$G),2) -> 0 | H113: =ROUND(SUMIF('Public Utility'!$A:$A,$A113,'Public Utility'!$Q:$Q),2) -> 0 | I113: =ROUND(SUMIF(Hotel!$A:$A,$A113,Hotel!$E:$E),2) -> 0 | J113: =ROUND(SUMIF('Real Estate Transfer'!$A:$A,$A113,'Real Estate Transfer'!$F:$F),2) -> 0 | K113: =ROUND(SUMIF('Charity Gaming'!$A:$A,$A113,'Charity Gaming'!$R:$R),2) -> 0 | L113: =ROUND(SUMIF('Private Vehicle Use'!$A:$A,$A113,'Private Vehicle Use'!$E:$E),2) -> 0 | M113: =ROUND(SUMIF('Business Income'!$A:$A,$A113,'Business Income'!$M:$M),2) -> 0 | N113: =ROUND(SUMIF('Individual Income'!$A:$A,$A113,'Individual Income'!$I:$I),2) -> 0 | O113: =ROUND(SUMIF('Automobile Renting'!$A:$A,$A113,'Automobile Renting'!$E:$E),2) -> 0 | P113: =ROUND(SUMIF('Live Adult Entertainment'!$A:$A,$A113,'Live Adult Entertainment'!$E:$E),2) -> 0 | Q113: =ROUND(SUMIF(Cannabis!$A:$A,$A113,Cannabis!$F:$F),2) -> 0 | R113: =ROUND(SUM(C113:Q113),2) -> 0
A114: 46304 | C114: =ROUND(SUMIF(Sales!$A:$A,$A114,Sales!$Z:$Z),2) -> 0 | D114: =ROUND(SUMIF('Motor Fuel'!$A:$A,$A114,'Motor Fuel'!$K:$K),2) -> 0 | E114: =ROUND(SUMIF(Cigarette!$A:$A,$A114,Cigarette!$J:$J),2) -> 0 | F114: =ROUND(SUMIF('Senior Citizen'!$A:$A,$A114,'Senior Citizen'!$E:$E),2) -> 0 | G114: =ROUND(SUMIF(Liquor!$A:$A,$A114,Liquor!$G:$G),2) -> 0 | H114: =ROUND(SUMIF('Public Utility'!$A:$A,$A114,'Public Utility'!$Q:$Q),2) -> 0 | I114: =ROUND(SUMIF(Hotel!$A:$A,$A114,Hotel!$E:$E),2) -> 0 | J114: =ROUND(SUMIF('Real Estate Transfer'!$A:$A,$A114,'Real Estate Transfer'!$F:$F),2) -> 0 | K114: =ROUND(SUMIF('Charity Gaming'!$A:$A,$A114,'Charity Gaming'!$R:$R),2) -> 0 | L114: =ROUND(SUMIF('Private Vehicle Use'!$A:$A,$A114,'Private Vehicle Use'!$E:$E),2) -> 0 | M114: =ROUND(SUMIF('Business Income'!$A:$A,$A114,'Business Income'!$M:$M),2) -> 0 | N114: =ROUND(SUMIF('Individual Income'!$A:$A,$A114,'Individual Income'!$I:$I),2) -> 0 | O114: =ROUND(SUMIF('Automobile Renting'!$A:$A,$A114,'Automobile Renting'!$E:$E),2) -> 0 | P114: =ROUND(SUMIF('Live Adult Entertainment'!$A:$A,$A114,'Live Adult Entertainment'!$E:$E),2) -> 0 | Q114: =ROUND(SUMIF(Cannabis!$A:$A,$A114,Cannabis!$F:$F),2) -> 0 | R114: =ROUND(SUM(C114:Q114),2) -> 0
A115: 46305 | C115: =ROUND(SUMIF(Sales!$A:$A,$A115,Sales!$Z:$Z),2) -> 0 | D115: =ROUND(SUMIF('Motor Fuel'!$A:$A,$A115,'Motor Fuel'!$K:$K),2) -> 0 | E115: =ROUND(SUMIF(Cigarette!$A:$A,$A115,Cigarette!$J:$J),2) -> 0 | F115: =ROUND(SUMIF('Senior Citizen'!$A:$A,$A115,'Senior Citizen'!$E:$E),2) -> 0 | G115: =ROUND(SUMIF(Liquor!$A:$A,$A115,Liquor!$G:$G),2) -> 0 | H115: =ROUND(SUMIF('Public Utility'!$A:$A,$A115,'Public Utility'!$Q:$Q),2) -> 0 | I115: =ROUND(SUMIF(Hotel!$A:$A,$A115,Hotel!$E:$E),2) -> 0 | J115: =ROUND(SUMIF('Real Estate Transfer'!$A:$A,$A115,'Real Estate Transfer'!$F:$F),2) -> 0 | K115: =ROUND(SUMIF('Charity Gaming'!$A:$A,$A115,'Charity Gaming'!$R:$R),2) -> 0 | L115: =ROUND(SUMIF('Private Vehicle Use'!$A:$A,$A115,'Private Vehicle Use'!$E:$E),2) -> 0 | M115: =ROUND(SUMIF('Business Income'!$A:$A,$A115,'Business Income'!$M:$M),2) -> 0 | N115: =ROUND(SUMIF('Individual Income'!$A:$A,$A115,'Individual Income'!$I:$I),2) -> 0 | O115: =ROUND(SUMIF('Automobile Renting'!$A:$A,$A115,'Automobile Renting'!$E:$E),2) -> 0 | P115: =ROUND(SUMIF('Live Adult Entertainment'!$A:$A,$A115,'Live Adult Entertainment'!$E:$E),2) -> 0 | Q115: =ROUND(SUMIF(Cannabis!$A:$A,$A115,Cannabis!$F:$F),2) -> 0 | R115: =ROUND(SUM(C115:Q115),2) -> 0
A116: 46306 | C116: =ROUND(SUMIF(Sales!$A:$A,$A116,Sales!$Z:$Z),2) -> 0 | D116: =ROUND(SUMIF('Motor Fuel'!$A:$A,$A116,'Motor Fuel'!$K:$K),2) -> 0 | E116: =ROUND(SUMIF(Cigarette!$A:$A,$A116,Cigarette!$J:$J),2) -> 0 | F116: =ROUND(SUMIF('Senior Citizen'!$A:$A,$A116,'Senior Citizen'!$E:$E),2) -> 0 | G116: =ROUND(SUMIF(Liquor!$A:$A,$A116,Liquor!$G:$G),2) -> 0 | H116: =ROUND(SUMIF('Public Utility'!$A:$A,$A116,'Public Utility'!$Q:$Q),2) -> 0 | I116: =ROUND(SUMIF(Hotel!$A:$A,$A116,Hotel!$E:$E),2) -> 0 | J116: =ROUND(SUMIF('Real Estate Transfer'!$A:$A,$A116,'Real Estate Transfer'!$F:$F),2) -> 0 | K116: =ROUND(SUMIF('Charity Gaming'!$A:$A,$A116,'Charity Gaming'!$R:$R),2) -> 0 | L116: =ROUND(SUMIF('Private Vehicle Use'!$A:$A,$A116,'Private Vehicle Use'!$E:$E),2) -> 0 | M116: =ROUND(SUMIF('Business Income'!$A:$A,$A116,'Business Income'!$M:$M),2) -> 0 | N116: =ROUND(SUMIF('Individual Income'!$A:$A,$A116,'Individual Income'!$I:$I),2) -> 0 | O116: =ROUND(SUMIF('Automobile Renting'!$A:$A,$A116,'Automobile Renting'!$E:$E),2) -> 0 | P116: =ROUND(SUMIF('Live Adult Entertainment'!$A:$A,$A116,'Live Adult Entertainment'!$E:$E),2) -> 0 | Q116: =ROUND(SUMIF(Cannabis!$A:$A,$A116,Cannabis!$F:$F),2) -> 0 | R116: =ROUND(SUM(C116:Q116),2) -> 0
A117: 46307 | C117: =ROUND(SUMIF(Sales!$A:$A,$A117,Sales!$Z:$Z),2) -> 0 | D117: =ROUND(SUMIF('Motor Fuel'!$A:$A,$A117,'Motor Fuel'!$K:$K),2) -> 0 | E117: =ROUND(SUMIF(Cigarette!$A:$A,$A117,Cigarette!$J:$J),2) -> 0 | F117: =ROUND(SUMIF('Senior Citizen'!$A:$A,$A117,'Senior Citizen'!$E:$E),2) -> 0 | G117: =ROUND(SUMIF(Liquor!$A:$A,$A117,Liquor!$G:$G),2) -> 0 | H117: =ROUND(SUMIF('Public Utility'!$A:$A,$A117,'Public Utility'!$Q:$Q),2) -> 0 | I117: =ROUND(SUMIF(Hotel!$A:$A,$A117,Hotel!$E:$E),2) -> 0 | J117: =ROUND(SUMIF('Real Estate Transfer'!$A:$A,$A117,'Real Estate Transfer'!$F:$F),2) -> 0 | K117: =ROUND(SUMIF('Charity Gaming'!$A:$A,$A117,'Charity Gaming'!$R:$R),2) -> 0 | L117: =ROUND(SUMIF('Private Vehicle Use'!$A:$A,$A117,'Private Vehicle Use'!$E:$E),2) -> 0 | M117: =ROUND(SUMIF('Business Income'!$A:$A,$A117,'Business Income'!$M:$M),2) -> 0 | N117: =ROUND(SUMIF('Individual Income'!$A:$A,$A117,'Individual Income'!$I:$I),2) -> 0 | O117: =ROUND(SUMIF('Automobile Renting'!$A:$A,$A117,'Automobile Renting'!$E:$E),2) -> 0 | P117: =ROUND(SUMIF('Live Adult Entertainment'!$A:$A,$A117,'Live Adult Entertainment'!$E:$E),2) -> 0 | Q117: =ROUND(SUMIF(Cannabis!$A:$A,$A117,Cannabis!$F:$F),2) -> 0 | R117: =ROUND(SUM(C117:Q117),2) -> 0
... A136: 46326 | C136: =ROUND(SUMIF(Sales!$A:$A,$A136,Sales!$Z:$Z),2) -> 0 | D136: =ROUND(SUMIF('Motor Fuel'!$A:$A,$A136,'Motor Fuel'!$K:$K),2) -> 0 | E136: =ROUND(SUMIF(Cigarette!$A:$A,$A136,Cigarette!$J:$J),2) -> 0 | F136: =ROUND(SUMIF('Senior Citizen'!$A:$A,$A136,'Senior Citizen'!$E:$E),2) -> 0 | G136: =ROUND(SUMIF(Liquor!$A:$A,$A136,Liquor!$G:$G),2) -> 0 | H136: =ROUND(SUMIF('Public Utility'!$A:$A,$A136,'Public Utility'!$Q:$Q),2) -> 0 | I136: =ROUND(SUMIF(Hotel!$A:$A,$A136,Hotel!$E:$E),2) -> 0 | J136: =ROUND(SUMIF('Real Estate Transfer'!$A:$A,$A136,'Real Estate Transfer'!$F:$F),2) -> 0 | K136: =ROUND(SUMIF('Charity Gaming'!$A:$A,$A136,'Charity Gaming'!$R:$R),2) -> 0 | L136: =ROUND(SUMIF('Private Vehicle Use'!$A:$A,$A136,'Private Vehicle Use'!$E:$E),2) -> 0 | M136: =ROUND(SUMIF('Business Income'!$A:$A,$A136,'Business Income'!$M:$M),2) -> 0 | N136: =ROUND(SUMIF('Individual Income'!$A:$A,$A136,'Individual Income'!$I:$I),2) -> 0 | O136: =ROUND(SUMIF('Automobile Renting'!$A:$A,$A136,'Automobile Renting'!$E:$E),2) -> 0 | P136: =ROUND(SUMIF('Live Adult Entertainment'!$A:$A,$A136,'Live Adult Entertainment'!$E:$E),2) -> 0 | Q136: =ROUND(SUMIF(Cannabis!$A:$A,$A136,Cannabis!$F:$F),2) -> 0 | R136: =ROUND(SUM(C136:Q136),2) -> 0
C137: =ROUND(SUM(C106:C136),2) -> 0 | D137: =ROUND(SUM(D106:D136),2) -> 0 | E137: =ROUND(SUM(E106:E136),2) -> 0 | F137: =ROUND(SUM(F106:F136),2) -> 0 | G137: =ROUND(SUM(G106:G136),2) -> 0 | H137: =ROUND(SUM(H106:H136),2) -> 0 | I137: =ROUND(SUM(I106:I136),2) -> 0 | J137: =ROUND(SUM(J106:J136),2) -> 0 | ... R137: =ROUND(SUM(R106:R136),2) -> 0
A139: 46327 | C139: =ROUND(SUMIF(Sales!$A:$A,$A139,Sales!$Z:$Z),2) -> 0 | D139: =ROUND(SUMIF('Motor Fuel'!$A:$A,$A139,'Motor Fuel'!$K:$K),2) -> 0 | E139: =ROUND(SUMIF(Cigarette!$A:$A,$A139,Cigarette!$J:$J),2) -> 0 | F139: =ROUND(SUMIF('Senior Citizen'!$A:$A,$A139,'Senior Citizen'!$E:$E),2) -> 0 | G139: =ROUND(SUMIF(Liquor!$A:$A,$A139,Liquor!$G:$G),2) -> 0 | H139: =ROUND(SUMIF('Public Utility'!$A:$A,$A139,'Public Utility'!$Q:$Q),2) -> 0 | I139: =ROUND(SUMIF(Hotel!$A:$A,$A139,Hotel!$E:$E),2) -> 0 | J139: =ROUND(SUMIF('Real Estate Transfer'!$A:$A,$A139,'Real Estate Transfer'!$F:$F),2) -> 0 | K139: =ROUND(SUMIF('Charity Gaming'!$A:$A,$A139,'Charity Gaming'!$R:$R),2) -> 0 | L139: =ROUND(SUMIF('Private Vehicle Use'!$A:$A,$A139,'Private Vehicle Use'!$E:$E),2) -> 0 | M139: =ROUND(SUMIF('Business Income'!$A:$A,$A139,'Business Income'!$M:$M),2) -> 0 | N139: =ROUND(SUMIF('Individual Income'!$A:$A,$A139,'Individual Income'!$I:$I),2) -> 0 | O139: =ROUND(SUMIF('Automobile Renting'!$A:$A,$A139,'Automobile Renting'!$E:$E),2) -> 0 | P139: =ROUND(SUMIF('Live Adult Entertainment'!$A:$A,$A139,'Live Adult Entertainment'!$E:$E),2) -> 0 | Q139: =ROUND(SUMIF(Cannabis!$A:$A,$A139,Cannabis!$F:$F),2) -> 0 | R139: =ROUND(SUM(C139:Q139),2) -> 0
A140: 46328 | C140: =ROUND(SUMIF(Sales!$A:$A,$A140,Sales!$Z:$Z),2) -> 0 | D140: =ROUND(SUMIF('Motor Fuel'!$A:$A,$A140,'Motor Fuel'!$K:$K),2) -> 0 | E140: =ROUND(SUMIF(Cigarette!$A:$A,$A140,Cigarette!$J:$J),2) -> 0 | F140: =ROUND(SUMIF('Senior Citizen'!$A:$A,$A140,'Senior Citizen'!$E:$E),2) -> 0 | G140: =ROUND(SUMIF(Liquor!$A:$A,$A140,Liquor!$G:$G),2) -> 0 | H140: =ROUND(SUMIF('Public Utility'!$A:$A,$A140,'Public Utility'!$Q:$Q),2) -> 0 | I140: =ROUND(SUMIF(Hotel!$A:$A,$A140,Hotel!$E:$E),2) -> 0 | J140: =ROUND(SUMIF('Real Estate Transfer'!$A:$A,$A140,'Real Estate Transfer'!$F:$F),2) -> 0 | K140: =ROUND(SUMIF('Charity Gaming'!$A:$A,$A140,'Charity Gaming'!$R:$R),2) -> 0 | L140: =ROUND(SUMIF('Private Vehicle Use'!$A:$A,$A140,'Private Vehicle Use'!$E:$E),2) -> 0 | M140: =ROUND(SUMIF('Business Income'!$A:$A,$A140,'Business Income'!$M:$M),2) -> 0 | N140: =ROUND(SUMIF('Individual Income'!$A:$A,$A140,'Individual Income'!$I:$I),2) -> 0 | O140: =ROUND(SUMIF('Automobile Renting'!$A:$A,$A140,'Automobile Renting'!$E:$E),2) -> 0 | P140: =ROUND(SUMIF('Live Adult Entertainment'!$A:$A,$A140,'Live Adult Entertainment'!$E:$E),2) -> 0 | Q140: =ROUND(SUMIF(Cannabis!$A:$A,$A140,Cannabis!$F:$F),2) -> 0 | R140: =ROUND(SUM(C140:Q140),2) -> 0
A141: 46329 | C141: =ROUND(SUMIF(Sales!$A:$A,$A141,Sales!$Z:$Z),2) -> 0 | D141: =ROUND(SUMIF('Motor Fuel'!$A:$A,$A141,'Motor Fuel'!$K:$K),2) -> 0 | E141: =ROUND(SUMIF(Cigarette!$A:$A,$A141,Cigarette!$J:$J),2) -> 0 | F141: =ROUND(SUMIF('Senior Citizen'!$A:$A,$A141,'Senior Citizen'!$E:$E),2) -> 0 | G141: =ROUND(SUMIF(Liquor!$A:$A,$A141,Liquor!$G:$G),2) -> 0 | H141: =ROUND(SUMIF('Public Utility'!$A:$A,$A141,'Public Utility'!$Q:$Q),2) -> 0 | I141: =ROUND(SUMIF(Hotel!$A:$A,$A141,Hotel!$E:$E),2) -> 0 | J141: =ROUND(SUMIF('Real Estate Transfer'!$A:$A,$A141,'Real Estate Transfer'!$F:$F),2) -> 0 | K141: =ROUND(SUMIF('Charity Gaming'!$A:$A,$A141,'Charity Gaming'!$R:$R),2) -> 0 | L141: =ROUND(SUMIF('Private Vehicle Use'!$A:$A,$A141,'Private Vehicle Use'!$E:$E),2) -> 0 | M141: =ROUND(SUMIF('Business Income'!$A:$A,$A141,'Business Income'!$M:$M),2) -> 0 | N141: =ROUND(SUMIF('Individual Income'!$A:$A,$A141,'Individual Income'!$I:$I),2) -> 0 | O141: =ROUND(SUMIF('Automobile Renting'!$A:$A,$A141,'Automobile Renting'!$E:$E),2) -> 0 | P141: =ROUND(SUMIF('Live Adult Entertainment'!$A:$A,$A141,'Live Adult Entertainment'!$E:$E),2) -> 0 | Q141: =ROUND(SUMIF(Cannabis!$A:$A,$A141,Cannabis!$F:$F),2) -> 0 | R141: =ROUND(SUM(C141:Q141),2) -> 0
A142: 46330 | C142: =ROUND(SUMIF(Sales!$A:$A,$A142,Sales!$Z:$Z),2) -> 0 | D142: =ROUND(SUMIF('Motor Fuel'!$A:$A,$A142,'Motor Fuel'!$K:$K),2) -> 0 | E142: =ROUND(SUMIF(Cigarette!$A:$A,$A142,Cigarette!$J:$J),2) -> 0 | F142: =ROUND(SUMIF('Senior Citizen'!$A:$A,$A142,'Senior Citizen'!$E:$E),2) -> 0 | G142: =ROUND(SUMIF(Liquor!$A:$A,$A142,Liquor!$G:$G),2) -> 0 | H142: =ROUND(SUMIF('Public Utility'!$A:$A,$A142,'Public Utility'!$Q:$Q),2) -> 0 | I142: =ROUND(SUMIF(Hotel!$A:$A,$A142,Hotel!$E:$E),2) -> 0 | J142: =ROUND(SUMIF('Real Estate Transfer'!$A:$A,$A142,'Real Estate Transfer'!$F:$F),2) -> 0 | K142: =ROUND(SUMIF('Charity Gaming'!$A:$A,$A142,'Charity Gaming'!$R:$R),2) -> 0 | L142: =ROUND(SUMIF('Private Vehicle Use'!$A:$A,$A142,'Private Vehicle Use'!$E:$E),2) -> 0 | M142: =ROUND(SUMIF('Business Income'!$A:$A,$A142,'Business Income'!$M:$M),2) -> 0 | N142: =ROUND(SUMIF('Individual Income'!$A:$A,$A142,'Individual Income'!$I:$I),2) -> 0 | O142: =ROUND(SUMIF('Automobile Renting'!$A:$A,$A142,'Automobile Renting'!$E:$E),2) -> 0 | P142: =ROUND(SUMIF('Live Adult Entertainment'!$A:$A,$A142,'Live Adult Entertainment'!$E:$E),2) -> 0 | Q142: =ROUND(SUMIF(Cannabis!$A:$A,$A142,Cannabis!$F:$F),2) -> 0 | R142: =ROUND(SUM(C142:Q142),2) -> 0
A143: 46331 | C143: =ROUND(SUMIF(Sales!$A:$A,$A143,Sales!$Z:$Z),2) -> 0 | D143: =ROUND(SUMIF('Motor Fuel'!$A:$A,$A143,'Motor Fuel'!$K:$K),2) -> 0 | E143: =ROUND(SUMIF(Cigarette!$A:$A,$A143,Cigarette!$J:$J),2) -> 0 | F143: =ROUND(SUMIF('Senior Citizen'!$A:$A,$A143,'Senior Citizen'!$E:$E),2) -> 0 | G143: =ROUND(SUMIF(Liquor!$A:$A,$A143,Liquor!$G:$G),2) -> 0 | H143: =ROUND(SUMIF('Public Utility'!$A:$A,$A143,'Public Utility'!$Q:$Q),2) -> 0 | I143: =ROUND(SUMIF(Hotel!$A:$A,$A143,Hotel!$E:$E),2) -> 0 | J143: =ROUND(SUMIF('Real Estate Transfer'!$A:$A,$A143,'Real Estate Transfer'!$F:$F),2) -> 0 | K143: =ROUND(SUMIF('Charity Gaming'!$A:$A,$A143,'Charity Gaming'!$R:$R),2) -> 0 | L143: =ROUND(SUMIF('Private Vehicle Use'!$A:$A,$A143,'Private Vehicle Use'!$E:$E),2) -> 0 | M143: =ROUND(SUMIF('Business Income'!$A:$A,$A143,'Business Income'!$M:$M),2) -> 0 | N143: =ROUND(SUMIF('Individual Income'!$A:$A,$A143,'Individual Income'!$I:$I),2) -> 0 | O143: =ROUND(SUMIF('Automobile Renting'!$A:$A,$A143,'Automobile Renting'!$E:$E),2) -> 0 | P143: =ROUND(SUMIF('Live Adult Entertainment'!$A:$A,$A143,'Live Adult Entertainment'!$E:$E),2) -> 0 | Q143: =ROUND(SUMIF(Cannabis!$A:$A,$A143,Cannabis!$F:$F),2) -> 0 | R143: =ROUND(SUM(C143:Q143),2) -> 0
A144: 46332 | C144: =ROUND(SUMIF(Sales!$A:$A,$A144,Sales!$Z:$Z),2) -> 0 | D144: =ROUND(SUMIF('Motor Fuel'!$A:$A,$A144,'Motor Fuel'!$K:$K),2) -> 0 | E144: =ROUND(SUMIF(Cigarette!$A:$A,$A144,Cigarette!$J:$J),2) -> 0 | F144: =ROUND(SUMIF('Senior Citizen'!$A:$A,$A144,'Senior Citizen'!$E:$E),2) -> 0 | G144: =ROUND(SUMIF(Liquor!$A:$A,$A144,Liquor!$G:$G),2) -> 0 | H144: =ROUND(SUMIF('Public Utility'!$A:$A,$A144,'Public Utility'!$Q:$Q),2) -> 0 | I144: =ROUND(SUMIF(Hotel!$A:$A,$A144,Hotel!$E:$E),2) -> 0 | J144: =ROUND(SUMIF('Real Estate Transfer'!$A:$A,$A144,'Real Estate Transfer'!$F:$F),2) -> 0 | K144: =ROUND(SUMIF('Charity Gaming'!$A:$A,$A144,'Charity Gaming'!$R:$R),2) -> 0 | L144: =ROUND(SUMIF('Private Vehicle Use'!$A:$A,$A144,'Private Vehicle Use'!$E:$E),2) -> 0 | M144: =ROUND(SUMIF('Business Income'!$A:$A,$A144,'Business Income'!$M:$M),2) -> 0 | N144: =ROUND(SUMIF('Individual Income'!$A:$A,$A144,'Individual Income'!$I:$I),2) -> 0 | O144: =ROUND(SUMIF('Automobile Renting'!$A:$A,$A144,'Automobile Renting'!$E:$E),2) -> 0 | P144: =ROUND(SUMIF('Live Adult Entertainment'!$A:$A,$A144,'Live Adult Entertainment'!$E:$E),2) -> 0 | Q144: =ROUND(SUMIF(Cannabis!$A:$A,$A144,Cannabis!$F:$F),2) -> 0 | R144: =ROUND(SUM(C144:Q144),2) -> 0
A145: 46333 | C145: =ROUND(SUMIF(Sales!$A:$A,$A145,Sales!$Z:$Z),2) -> 0 | D145: =ROUND(SUMIF('Motor Fuel'!$A:$A,$A145,'Motor Fuel'!$K:$K),2) -> 0 | E145: =ROUND(SUMIF(Cigarette!$A:$A,$A145,Cigarette!$J:$J),2) -> 0 | F145: =ROUND(SUMIF('Senior Citizen'!$A:$A,$A145,'Senior Citizen'!$E:$E),2) -> 0 | G145: =ROUND(SUMIF(Liquor!$A:$A,$A145,Liquor!$G:$G),2) -> 0 | H145: =ROUND(SUMIF('Public Utility'!$A:$A,$A145,'Public Utility'!$Q:$Q),2) -> 0 | I145: =ROUND(SUMIF(Hotel!$A:$A,$A145,Hotel!$E:$E),2) -> 0 | J145: =ROUND(SUMIF('Real Estate Transfer'!$A:$A,$A145,'Real Estate Transfer'!$F:$F),2) -> 0 | K145: =ROUND(SUMIF('Charity Gaming'!$A:$A,$A145,'Charity Gaming'!$R:$R),2) -> 0 | L145: =ROUND(SUMIF('Private Vehicle Use'!$A:$A,$A145,'Private Vehicle Use'!$E:$E),2) -> 0 | M145: =ROUND(SUMIF('Business Income'!$A:$A,$A145,'Business Income'!$M:$M),2) -> 0 | N145: =ROUND(SUMIF('Individual Income'!$A:$A,$A145,'Individual Income'!$I:$I),2) -> 0 | O145: =ROUND(SUMIF('Automobile Renting'!$A:$A,$A145,'Automobile Renting'!$E:$E),2) -> 0 | P145: =ROUND(SUMIF('Live Adult Entertainment'!$A:$A,$A145,'Live Adult Entertainment'!$E:$E),2) -> 0 | Q145: =ROUND(SUMIF(Cannabis!$A:$A,$A145,Cannabis!$F:$F),2) -> 0 | R145: =ROUND(SUM(C145:Q145),2) -> 0
A146: 46334 | C146: =ROUND(SUMIF(Sales!$A:$A,$A146,Sales!$Z:$Z),2) -> 0 | D146: =ROUND(SUMIF('Motor Fuel'!$A:$A,$A146,'Motor Fuel'!$K:$K),2) -> 0 | E146: =ROUND(SUMIF(Cigarette!$A:$A,$A146,Cigarette!$J:$J),2) -> 0 | F146: =ROUND(SUMIF('Senior Citizen'!$A:$A,$A146,'Senior Citizen'!$E:$E),2) -> 0 | G146: =ROUND(SUMIF(Liquor!$A:$A,$A146,Liquor!$G:$G),2) -> 0 | H146: =ROUND(SUMIF('Public Utility'!$A:$A,$A146,'Public Utility'!$Q:$Q),2) -> 0 | I146: =ROUND(SUMIF(Hotel!$A:$A,$A146,Hotel!$E:$E),2) -> 0 | J146: =ROUND(SUMIF('Real Estate Transfer'!$A:$A,$A146,'Real Estate Transfer'!$F:$F),2) -> 0 | K146: =ROUND(SUMIF('Charity Gaming'!$A:$A,$A146,'Charity Gaming'!$R:$R),2) -> 0 | L146: =ROUND(SUMIF('Private Vehicle Use'!$A:$A,$A146,'Private Vehicle Use'!$E:$E),2) -> 0 | M146: =ROUND(SUMIF('Business Income'!$A:$A,$A146,'Business Income'!$M:$M),2) -> 0 | N146: =ROUND(SUMIF('Individual Income'!$A:$A,$A146,'Individual Income'!$I:$I),2) -> 0 | O146: =ROUND(SUMIF('Automobile Renting'!$A:$A,$A146,'Automobile Renting'!$E:$E),2) -> 0 | P146: =ROUND(SUMIF('Live Adult Entertainment'!$A:$A,$A146,'Live Adult Entertainment'!$E:$E),2) -> 0 | Q146: =ROUND(SUMIF(Cannabis!$A:$A,$A146,Cannabis!$F:$F),2) -> 0 | R146: =ROUND(SUM(C146:Q146),2) -> 0
A147: 46335 | C147: =ROUND(SUMIF(Sales!$A:$A,$A147,Sales!$Z:$Z),2) -> 0 | D147: =ROUND(SUMIF('Motor Fuel'!$A:$A,$A147,'Motor Fuel'!$K:$K),2) -> 0 | E147: =ROUND(SUMIF(Cigarette!$A:$A,$A147,Cigarette!$J:$J),2) -> 0 | F147: =ROUND(SUMIF('Senior Citizen'!$A:$A,$A147,'Senior Citizen'!$E:$E),2) -> 0 | G147: =ROUND(SUMIF(Liquor!$A:$A,$A147,Liquor!$G:$G),2) -> 0 | H147: =ROUND(SUMIF('Public Utility'!$A:$A,$A147,'Public Utility'!$Q:$Q),2) -> 0 | I147: =ROUND(SUMIF(Hotel!$A:$A,$A147,Hotel!$E:$E),2) -> 0 | J147: =ROUND(SUMIF('Real Estate Transfer'!$A:$A,$A147,'Real Estate Transfer'!$F:$F),2) -> 0 | K147: =ROUND(SUMIF('Charity Gaming'!$A:$A,$A147,'Charity Gaming'!$R:$R),2) -> 0 | L147: =ROUND(SUMIF('Private Vehicle Use'!$A:$A,$A147,'Private Vehicle Use'!$E:$E),2) -> 0 | M147: =ROUND(SUMIF('Business Income'!$A:$A,$A147,'Business Income'!$M:$M),2) -> 0 | N147: =ROUND(SUMIF('Individual Income'!$A:$A,$A147,'Individual Income'!$I:$I),2) -> 0 | O147: =ROUND(SUMIF('Automobile Renting'!$A:$A,$A147,'Automobile Renting'!$E:$E),2) -> 0 | P147: =ROUND(SUMIF('Live Adult Entertainment'!$A:$A,$A147,'Live Adult Entertainment'!$E:$E),2) -> 0 | Q147: =ROUND(SUMIF(Cannabis!$A:$A,$A147,Cannabis!$F:$F),2) -> 0 | R147: =ROUND(SUM(C147:Q147),2) -> 0
A148: 46336 | C148: =ROUND(SUMIF(Sales!$A:$A,$A148,Sales!$Z:$Z),2) -> 0 | D148: =ROUND(SUMIF('Motor Fuel'!$A:$A,$A148,'Motor Fuel'!$K:$K),2) -> 0 | E148: =ROUND(SUMIF(Cigarette!$A:$A,$A148,Cigarette!$J:$J),2) -> 0 | F148: =ROUND(SUMIF('Senior Citizen'!$A:$A,$A148,'Senior Citizen'!$E:$E),2) -> 0 | G148: =ROUND(SUMIF(Liquor!$A:$A,$A148,Liquor!$G:$G),2) -> 0 | H148: =ROUND(SUMIF('Public Utility'!$A:$A,$A148,'Public Utility'!$Q:$Q),2) -> 0 | I148: =ROUND(SUMIF(Hotel!$A:$A,$A148,Hotel!$E:$E),2) -> 0 | J148: =ROUND(SUMIF('Real Estate Transfer'!$A:$A,$A148,'Real Estate Transfer'!$F:$F),2) -> 0 | K148: =ROUND(SUMIF('Charity Gaming'!$A:$A,$A148,'Charity Gaming'!$R:$R),2) -> 0 | L148: =ROUND(SUMIF('Private Vehicle Use'!$A:$A,$A148,'Private Vehicle Use'!$E:$E),2) -> 0 | M148: =ROUND(SUMIF('Business Income'!$A:$A,$A148,'Business Income'!$M:$M),2) -> 0 | N148: =ROUND(SUMIF('Individual Income'!$A:$A,$A148,'Individual Income'!$I:$I),2) -> 0 | O148: =ROUND(SUMIF('Automobile Renting'!$A:$A,$A148,'Automobile Renting'!$E:$E),2) -> 0 | P148: =ROUND(SUMIF('Live Adult Entertainment'!$A:$A,$A148,'Live Adult Entertainment'!$E:$E),2) -> 0 | Q148: =ROUND(SUMIF(Cannabis!$A:$A,$A148,Cannabis!$F:$F),2) -> 0 | R148: =ROUND(SUM(C148:Q148),2) -> 0
A149: 46337 | C149: =ROUND(SUMIF(Sales!$A:$A,$A149,Sales!$Z:$Z),2) -> 0 | D149: =ROUND(SUMIF('Motor Fuel'!$A:$A,$A149,'Motor Fuel'!$K:$K),2) -> 0 | E149: =ROUND(SUMIF(Cigarette!$A:$A,$A149,Cigarette!$J:$J),2) -> 0 | F149: =ROUND(SUMIF('Senior Citizen'!$A:$A,$A149,'Senior Citizen'!$E:$E),2) -> 0 | G149: =ROUND(SUMIF(Liquor!$A:$A,$A149,Liquor!$G:$G),2) -> 0 | H149: =ROUND(SUMIF('Public Utility'!$A:$A,$A149,'Public Utility'!$Q:$Q),2) -> 0 | I149: =ROUND(SUMIF(Hotel!$A:$A,$A149,Hotel!$E:$E),2) -> 0 | J149: =ROUND(SUMIF('Real Estate Transfer'!$A:$A,$A149,'Real Estate Transfer'!$F:$F),2) -> 0 | K149: =ROUND(SUMIF('Charity Gaming'!$A:$A,$A149,'Charity Gaming'!$R:$R),2) -> 0 | L149: =ROUND(SUMIF('Private Vehicle Use'!$A:$A,$A149,'Private Vehicle Use'!$E:$E),2) -> 0 | M149: =ROUND(SUMIF('Business Income'!$A:$A,$A149,'Business Income'!$M:$M),2) -> 0 | N149: =ROUND(SUMIF('Individual Income'!$A:$A,$A149,'Individual Income'!$I:$I),2) -> 0 | O149: =ROUND(SUMIF('Automobile Renting'!$A:$A,$A149,'Automobile Renting'!$E:$E),2) -> 0 | P149: =ROUND(SUMIF('Live Adult Entertainment'!$A:$A,$A149,'Live Adult Entertainment'!$E:$E),2) -> 0 | Q149: =ROUND(SUMIF(Cannabis!$A:$A,$A149,Cannabis!$F:$F),2) -> 0 | R149: =ROUND(SUM(C149:Q149),2) -> 0
A150: 46338 | C150: =ROUND(SUMIF(Sales!$A:$A,$A150,Sales!$Z:$Z),2) -> 0 | D150: =ROUND(SUMIF('Motor Fuel'!$A:$A,$A150,'Motor Fuel'!$K:$K),2) -> 0 | E150: =ROUND(SUMIF(Cigarette!$A:$A,$A150,Cigarette!$J:$J),2) -> 0 | F150: =ROUND(SUMIF('Senior Citizen'!$A:$A,$A150,'Senior Citizen'!$E:$E),2) -> 0 | G150: =ROUND(SUMIF(Liquor!$A:$A,$A150,Liquor!$G:$G),2) -> 0 | H150: =ROUND(SUMIF('Public Utility'!$A:$A,$A150,'Public Utility'!$Q:$Q),2) -> 0 | I150: =ROUND(SUMIF(Hotel!$A:$A,$A150,Hotel!$E:$E),2) -> 0 | J150: =ROUND(SUMIF('Real Estate Transfer'!$A:$A,$A150,'Real Estate Transfer'!$F:$F),2) -> 0 | K150: =ROUND(SUMIF('Charity Gaming'!$A:$A,$A150,'Charity Gaming'!$R:$R),2) -> 0 | L150: =ROUND(SUMIF('Private Vehicle Use'!$A:$A,$A150,'Private Vehicle Use'!$E:$E),2) -> 0 | M150: =ROUND(SUMIF('Business Income'!$A:$A,$A150,'Business Income'!$M:$M),2) -> 0 | N150: =ROUND(SUMIF('Individual Income'!$A:$A,$A150,'Individual Income'!$I:$I),2) -> 0 | O150: =ROUND(SUMIF('Automobile Renting'!$A:$A,$A150,'Automobile Renting'!$E:$E),2) -> 0 | P150: =ROUND(SUMIF('Live Adult Entertainment'!$A:$A,$A150,'Live Adult Entertainment'!$E:$E),2) -> 0 | Q150: =ROUND(SUMIF(Cannabis!$A:$A,$A150,Cannabis!$F:$F),2) -> 0 | R150: =ROUND(SUM(C150:Q150),2) -> 0
... A168: 46356 | C168: =ROUND(SUMIF(Sales!$A:$A,$A168,Sales!$Z:$Z),2) -> 0 | D168: =ROUND(SUMIF('Motor Fuel'!$A:$A,$A168,'Motor Fuel'!$K:$K),2) -> 0 | E168: =ROUND(SUMIF(Cigarette!$A:$A,$A168,Cigarette!$J:$J),2) -> 0 | F168: =ROUND(SUMIF('Senior Citizen'!$A:$A,$A168,'Senior Citizen'!$E:$E),2) -> 0 | G168: =ROUND(SUMIF(Liquor!$A:$A,$A168,Liquor!$G:$G),2) -> 0 | H168: =ROUND(SUMIF('Public Utility'!$A:$A,$A168,'Public Utility'!$Q:$Q),2) -> 0 | I168: =ROUND(SUMIF(Hotel!$A:$A,$A168,Hotel!$E:$E),2) -> 0 | J168: =ROUND(SUMIF('Real Estate Transfer'!$A:$A,$A168,'Real Estate Transfer'!$F:$F),2) -> 0 | K168: =ROUND(SUMIF('Charity Gaming'!$A:$A,$A168,'Charity Gaming'!$R:$R),2) -> 0 | L168: =ROUND(SUMIF('Private Vehicle Use'!$A:$A,$A168,'Private Vehicle Use'!$E:$E),2) -> 0 | M168: =ROUND(SUMIF('Business Income'!$A:$A,$A168,'Business Income'!$M:$M),2) -> 0 | N168: =ROUND(SUMIF('Individual Income'!$A:$A,$A168,'Individual Income'!$I:$I),2) -> 0 | O168: =ROUND(SUMIF('Automobile Renting'!$A:$A,$A168,'Automobile Renting'!$E:$E),2) -> 0 | P168: =ROUND(SUMIF('Live Adult Entertainment'!$A:$A,$A168,'Live Adult Entertainment'!$E:$E),2) -> 0 | Q168: =ROUND(SUMIF(Cannabis!$A:$A,$A168,Cannabis!$F:$F),2) -> 0 | R168: =ROUND(SUM(C168:Q168),2) -> 0
C169: =ROUND(SUM(C139:C168),2) -> 0 | D169: =ROUND(SUM(D139:D168),2) -> 0 | E169: =ROUND(SUM(E139:E168),2) -> 0 | F169: =ROUND(SUM(F139:F168),2) -> 0 | G169: =ROUND(SUM(G139:G168),2) -> 0 | H169: =ROUND(SUM(H139:H168),2) -> 0 | I169: =ROUND(SUM(I139:I168),2) -> 0 | J169: =ROUND(SUM(J139:J168),2) -> 0 | ... R169: =ROUND(SUM(R139:R168),2) -> 0
A171: 46357 | C171: =ROUND(SUMIF(Sales!$A:$A,$A171,Sales!$Z:$Z),2) -> 0 | D171: =ROUND(SUMIF('Motor Fuel'!$A:$A,$A171,'Motor Fuel'!$K:$K),2) -> 0 | E171: =ROUND(SUMIF(Cigarette!$A:$A,$A171,Cigarette!$J:$J),2) -> 0 | F171: =ROUND(SUMIF('Senior Citizen'!$A:$A,$A171,'Senior Citizen'!$E:$E),2) -> 0 | G171: =ROUND(SUMIF(Liquor!$A:$A,$A171,Liquor!$G:$G),2) -> 0 | H171: =ROUND(SUMIF('Public Utility'!$A:$A,$A171,'Public Utility'!$Q:$Q),2) -> 0 | I171: =ROUND(SUMIF(Hotel!$A:$A,$A171,Hotel!$E:$E),2) -> 0 | J171: =ROUND(SUMIF('Real Estate Transfer'!$A:$A,$A171,'Real Estate Transfer'!$F:$F),2) -> 0 | K171: =ROUND(SUMIF('Charity Gaming'!$A:$A,$A171,'Charity Gaming'!$R:$R),2) -> 0 | L171: =ROUND(SUMIF('Private Vehicle Use'!$A:$A,$A171,'Private Vehicle Use'!$E:$E),2) -> 0 | M171: =ROUND(SUMIF('Business Income'!$A:$A,$A171,'Business Income'!$M:$M),2) -> 0 | N171: =ROUND(SUMIF('Individual Income'!$A:$A,$A171,'Individual Income'!$I:$I),2) -> 0 | O171: =ROUND(SUMIF('Automobile Renting'!$A:$A,$A171,'Automobile Renting'!$E:$E),2) -> 0 | P171: =ROUND(SUMIF('Live Adult Entertainment'!$A:$A,$A171,'Live Adult Entertainment'!$E:$E),2) -> 0 | Q171: =ROUND(SUMIF(Cannabis!$A:$A,$A171,Cannabis!$F:$F),2) -> 0 | R171: =ROUND(SUM(C171:Q171),2) -> 0
A172: 46358 | C172: =ROUND(SUMIF(Sales!$A:$A,$A172,Sales!$Z:$Z),2) -> 0 | D172: =ROUND(SUMIF('Motor Fuel'!$A:$A,$A172,'Motor Fuel'!$K:$K),2) -> 0 | E172: =ROUND(SUMIF(Cigarette!$A:$A,$A172,Cigarette!$J:$J),2) -> 0 | F172: =ROUND(SUMIF('Senior Citizen'!$A:$A,$A172,'Senior Citizen'!$E:$E),2) -> 0 | G172: =ROUND(SUMIF(Liquor!$A:$A,$A172,Liquor!$G:$G),2) -> 0 | H172: =ROUND(SUMIF('Public Utility'!$A:$A,$A172,'Public Utility'!$Q:$Q),2) -> 0 | I172: =ROUND(SUMIF(Hotel!$A:$A,$A172,Hotel!$E:$E),2) -> 0 | J172: =ROUND(SUMIF('Real Estate Transfer'!$A:$A,$A172,'Real Estate Transfer'!$F:$F),2) -> 0 | K172: =ROUND(SUMIF('Charity Gaming'!$A:$A,$A172,'Charity Gaming'!$R:$R),2) -> 0 | L172: =ROUND(SUMIF('Private Vehicle Use'!$A:$A,$A172,'Private Vehicle Use'!$E:$E),2) -> 0 | M172: =ROUND(SUMIF('Business Income'!$A:$A,$A172,'Business Income'!$M:$M),2) -> 0 | N172: =ROUND(SUMIF('Individual Income'!$A:$A,$A172,'Individual Income'!$I:$I),2) -> 0 | O172: =ROUND(SUMIF('Automobile Renting'!$A:$A,$A172,'Automobile Renting'!$E:$E),2) -> 0 | P172: =ROUND(SUMIF('Live Adult Entertainment'!$A:$A,$A172,'Live Adult Entertainment'!$E:$E),2) -> 0 | Q172: =ROUND(SUMIF(Cannabis!$A:$A,$A172,Cannabis!$F:$F),2) -> 0 | R172: =ROUND(SUM(C172:Q172),2) -> 0
A173: 46359 | C173: =ROUND(SUMIF(Sales!$A:$A,$A173,Sales!$Z:$Z),2) -> 0 | D173: =ROUND(SUMIF('Motor Fuel'!$A:$A,$A173,'Motor Fuel'!$K:$K),2) -> 0 | E173: =ROUND(SUMIF(Cigarette!$A:$A,$A173,Cigarette!$J:$J),2) -> 0 | F173: =ROUND(SUMIF('Senior Citizen'!$A:$A,$A173,'Senior Citizen'!$E:$E),2) -> 0 | G173: =ROUND(SUMIF(Liquor!$A:$A,$A173,Liquor!$G:$G),2) -> 0 | H173: =ROUND(SUMIF('Public Utility'!$A:$A,$A173,'Public Utility'!$Q:$Q),2) -> 0 | I173: =ROUND(SUMIF(Hotel!$A:$A,$A173,Hotel!$E:$E),2) -> 0 | J173: =ROUND(SUMIF('Real Estate Transfer'!$A:$A,$A173,'Real Estate Transfer'!$F:$F),2) -> 0 | K173: =ROUND(SUMIF('Charity Gaming'!$A:$A,$A173,'Charity Gaming'!$R:$R),2) -> 0 | L173: =ROUND(SUMIF('Private Vehicle Use'!$A:$A,$A173,'Private Vehicle Use'!$E:$E),2) -> 0 | M173: =ROUND(SUMIF('Business Income'!$A:$A,$A173,'Business Income'!$M:$M),2) -> 0 | N173: =ROUND(SUMIF('Individual Income'!$A:$A,$A173,'Individual Income'!$I:$I),2) -> 0 | O173: =ROUND(SUMIF('Automobile Renting'!$A:$A,$A173,'Automobile Renting'!$E:$E),2) -> 0 | P173: =ROUND(SUMIF('Live Adult Entertainment'!$A:$A,$A173,'Live Adult Entertainment'!$E:$E),2) -> 0 | Q173: =ROUND(SUMIF(Cannabis!$A:$A,$A173,Cannabis!$F:$F),2) -> 0 | R173: =ROUND(SUM(C173:Q173),2) -> 0
A174: 46360 | C174: =ROUND(SUMIF(Sales!$A:$A,$A174,Sales!$Z:$Z),2) -> 0 | D174: =ROUND(SUMIF('Motor Fuel'!$A:$A,$A174,'Motor Fuel'!$K:$K),2) -> 0 | E174: =ROUND(SUMIF(Cigarette!$A:$A,$A174,Cigarette!$J:$J),2) -> 0 | F174: =ROUND(SUMIF('Senior Citizen'!$A:$A,$A174,'Senior Citizen'!$E:$E),2) -> 0 | G174: =ROUND(SUMIF(Liquor!$A:$A,$A174,Liquor!$G:$G),2) -> 0 | H174: =ROUND(SUMIF('Public Utility'!$A:$A,$A174,'Public Utility'!$Q:$Q),2) -> 0 | I174: =ROUND(SUMIF(Hotel!$A:$A,$A174,Hotel!$E:$E),2) -> 0 | J174: =ROUND(SUMIF('Real Estate Transfer'!$A:$A,$A174,'Real Estate Transfer'!$F:$F),2) -> 0 | K174: =ROUND(SUMIF('Charity Gaming'!$A:$A,$A174,'Charity Gaming'!$R:$R),2) -> 0 | L174: =ROUND(SUMIF('Private Vehicle Use'!$A:$A,$A174,'Private Vehicle Use'!$E:$E),2) -> 0 | M174: =ROUND(SUMIF('Business Income'!$A:$A,$A174,'Business Income'!$M:$M),2) -> 0 | N174: =ROUND(SUMIF('Individual Income'!$A:$A,$A174,'Individual Income'!$I:$I),2) -> 0 | O174: =ROUND(SUMIF('Automobile Renting'!$A:$A,$A174,'Automobile Renting'!$E:$E),2) -> 0 | P174: =ROUND(SUMIF('Live Adult Entertainment'!$A:$A,$A174,'Live Adult Entertainment'!$E:$E),2) -> 0 | Q174: =ROUND(SUMIF(Cannabis!$A:$A,$A174,Cannabis!$F:$F),2) -> 0 | R174: =ROUND(SUM(C174:Q174),2) -> 0
A175: 46361 | C175: =ROUND(SUMIF(Sales!$A:$A,$A175,Sales!$Z:$Z),2) -> 0 | D175: =ROUND(SUMIF('Motor Fuel'!$A:$A,$A175,'Motor Fuel'!$K:$K),2) -> 0 | E175: =ROUND(SUMIF(Cigarette!$A:$A,$A175,Cigarette!$J:$J),2) -> 0 | F175: =ROUND(SUMIF('Senior Citizen'!$A:$A,$A175,'Senior Citizen'!$E:$E),2) -> 0 | G175: =ROUND(SUMIF(Liquor!$A:$A,$A175,Liquor!$G:$G),2) -> 0 | H175: =ROUND(SUMIF('Public Utility'!$A:$A,$A175,'Public Utility'!$Q:$Q),2) -> 0 | I175: =ROUND(SUMIF(Hotel!$A:$A,$A175,Hotel!$E:$E),2) -> 0 | J175: =ROUND(SUMIF('Real Estate Transfer'!$A:$A,$A175,'Real Estate Transfer'!$F:$F),2) -> 0 | K175: =ROUND(SUMIF('Charity Gaming'!$A:$A,$A175,'Charity Gaming'!$R:$R),2) -> 0 | L175: =ROUND(SUMIF('Private Vehicle Use'!$A:$A,$A175,'Private Vehicle Use'!$E:$E),2) -> 0 | M175: =ROUND(SUMIF('Business Income'!$A:$A,$A175,'Business Income'!$M:$M),2) -> 0 | N175: =ROUND(SUMIF('Individual Income'!$A:$A,$A175,'Individual Income'!$I:$I),2) -> 0 | O175: =ROUND(SUMIF('Automobile Renting'!$A:$A,$A175,'Automobile Renting'!$E:$E),2) -> 0 | P175: =ROUND(SUMIF('Live Adult Entertainment'!$A:$A,$A175,'Live Adult Entertainment'!$E:$E),2) -> 0 | Q175: =ROUND(SUMIF(Cannabis!$A:$A,$A175,Cannabis!$F:$F),2) -> 0 | R175: =ROUND(SUM(C175:Q175),2) -> 0
A176: 46362 | C176: =ROUND(SUMIF(Sales!$A:$A,$A176,Sales!$Z:$Z),2) -> 0 | D176: =ROUND(SUMIF('Motor Fuel'!$A:$A,$A176,'Motor Fuel'!$K:$K),2) -> 0 | E176: =ROUND(SUMIF(Cigarette!$A:$A,$A176,Cigarette!$J:$J),2) -> 0 | F176: =ROUND(SUMIF('Senior Citizen'!$A:$A,$A176,'Senior Citizen'!$E:$E),2) -> 0 | G176: =ROUND(SUMIF(Liquor!$A:$A,$A176,Liquor!$G:$G),2) -> 0 | H176: =ROUND(SUMIF('Public Utility'!$A:$A,$A176,'Public Utility'!$Q:$Q),2) -> 0 | I176: =ROUND(SUMIF(Hotel!$A:$A,$A176,Hotel!$E:$E),2) -> 0 | J176: =ROUND(SUMIF('Real Estate Transfer'!$A:$A,$A176,'Real Estate Transfer'!$F:$F),2) -> 0 | K176: =ROUND(SUMIF('Charity Gaming'!$A:$A,$A176,'Charity Gaming'!$R:$R),2) -> 0 | L176: =ROUND(SUMIF('Private Vehicle Use'!$A:$A,$A176,'Private Vehicle Use'!$E:$E),2) -> 0 | M176: =ROUND(SUMIF('Business Income'!$A:$A,$A176,'Business Income'!$M:$M),2) -> 0 | N176: =ROUND(SUMIF('Individual Income'!$A:$A,$A176,'Individual Income'!$I:$I),2) -> 0 | O176: =ROUND(SUMIF('Automobile Renting'!$A:$A,$A176,'Automobile Renting'!$E:$E),2) -> 0 | P176: =ROUND(SUMIF('Live Adult Entertainment'!$A:$A,$A176,'Live Adult Entertainment'!$E:$E),2) -> 0 | Q176: =ROUND(SUMIF(Cannabis!$A:$A,$A176,Cannabis!$F:$F),2) -> 0 | R176: =ROUND(SUM(C176:Q176),2) -> 0
A177: 46363 | C177: =ROUND(SUMIF(Sales!$A:$A,$A177,Sales!$Z:$Z),2) -> 0 | D177: =ROUND(SUMIF('Motor Fuel'!$A:$A,$A177,'Motor Fuel'!$K:$K),2) -> 0 | E177: =ROUND(SUMIF(Cigarette!$A:$A,$A177,Cigarette!$J:$J),2) -> 0 | F177: =ROUND(SUMIF('Senior Citizen'!$A:$A,$A177,'Senior Citizen'!$E:$E),2) -> 0 | G177: =ROUND(SUMIF(Liquor!$A:$A,$A177,Liquor!$G:$G),2) -> 0 | H177: =ROUND(SUMIF('Public Utility'!$A:$A,$A177,'Public Utility'!$Q:$Q),2) -> 0 | I177: =ROUND(SUMIF(Hotel!$A:$A,$A177,Hotel!$E:$E),2) -> 0 | J177: =ROUND(SUMIF('Real Estate Transfer'!$A:$A,$A177,'Real Estate Transfer'!$F:$F),2) -> 0 | K177: =ROUND(SUMIF('Charity Gaming'!$A:$A,$A177,'Charity Gaming'!$R:$R),2) -> 0 | L177: =ROUND(SUMIF('Private Vehicle Use'!$A:$A,$A177,'Private Vehicle Use'!$E:$E),2) -> 0 | M177: =ROUND(SUMIF('Business Income'!$A:$A,$A177,'Business Income'!$M:$M),2) -> 0 | N177: =ROUND(SUMIF('Individual Income'!$A:$A,$A177,'Individual Income'!$I:$I),2) -> 0 | O177: =ROUND(SUMIF('Automobile Renting'!$A:$A,$A177,'Automobile Renting'!$E:$E),2) -> 0 | P177: =ROUND(SUMIF('Live Adult Entertainment'!$A:$A,$A177,'Live Adult Entertainment'!$E:$E),2) -> 0 | Q177: =ROUND(SUMIF(Cannabis!$A:$A,$A177,Cannabis!$F:$F),2) -> 0 | R177: =ROUND(SUM(C177:Q177),2) -> 0
A178: 46364 | C178: =ROUND(SUMIF(Sales!$A:$A,$A178,Sales!$Z:$Z),2) -> 0 | D178: =ROUND(SUMIF('Motor Fuel'!$A:$A,$A178,'Motor Fuel'!$K:$K),2) -> 0 | E178: =ROUND(SUMIF(Cigarette!$A:$A,$A178,Cigarette!$J:$J),2) -> 0 | F178: =ROUND(SUMIF('Senior Citizen'!$A:$A,$A178,'Senior Citizen'!$E:$E),2) -> 0 | G178: =ROUND(SUMIF(Liquor!$A:$A,$A178,Liquor!$G:$G),2) -> 0 | H178: =ROUND(SUMIF('Public Utility'!$A:$A,$A178,'Public Utility'!$Q:$Q),2) -> 0 | I178: =ROUND(SUMIF(Hotel!$A:$A,$A178,Hotel!$E:$E),2) -> 0 | J178: =ROUND(SUMIF('Real Estate Transfer'!$A:$A,$A178,'Real Estate Transfer'!$F:$F),2) -> 0 | K178: =ROUND(SUMIF('Charity Gaming'!$A:$A,$A178,'Charity Gaming'!$R:$R),2) -> 0 | L178: =ROUND(SUMIF('Private Vehicle Use'!$A:$A,$A178,'Private Vehicle Use'!$E:$E),2) -> 0 | M178: =ROUND(SUMIF('Business Income'!$A:$A,$A178,'Business Income'!$M:$M),2) -> 0 | N178: =ROUND(SUMIF('Individual Income'!$A:$A,$A178,'Individual Income'!$I:$I),2) -> 0 | O178: =ROUND(SUMIF('Automobile Renting'!$A:$A,$A178,'Automobile Renting'!$E:$E),2) -> 0 | P178: =ROUND(SUMIF('Live Adult Entertainment'!$A:$A,$A178,'Live Adult Entertainment'!$E:$E),2) -> 0 | Q178: =ROUND(SUMIF(Cannabis!$A:$A,$A178,Cannabis!$F:$F),2) -> 0 | R178: =ROUND(SUM(C178:Q178),2) -> 0
A179: 46365 | C179: =ROUND(SUMIF(Sales!$A:$A,$A179,Sales!$Z:$Z),2) -> 0 | D179: =ROUND(SUMIF('Motor Fuel'!$A:$A,$A179,'Motor Fuel'!$K:$K),2) -> 0 | E179: =ROUND(SUMIF(Cigarette!$A:$A,$A179,Cigarette!$J:$J),2) -> 0 | F179: =ROUND(SUMIF('Senior Citizen'!$A:$A,$A179,'Senior Citizen'!$E:$E),2) -> 0 | G179: =ROUND(SUMIF(Liquor!$A:$A,$A179,Liquor!$G:$G),2) -> 0 | H179: =ROUND(SUMIF('Public Utility'!$A:$A,$A179,'Public Utility'!$Q:$Q),2) -> 0 | I179: =ROUND(SUMIF(Hotel!$A:$A,$A179,Hotel!$E:$E),2) -> 0 | J179: =ROUND(SUMIF('Real Estate Transfer'!$A:$A,$A179,'Real Estate Transfer'!$F:$F),2) -> 0 | K179: =ROUND(SUMIF('Charity Gaming'!$A:$A,$A179,'Charity Gaming'!$R:$R),2) -> 0 | L179: =ROUND(SUMIF('Private Vehicle Use'!$A:$A,$A179,'Private Vehicle Use'!$E:$E),2) -> 0 | M179: =ROUND(SUMIF('Business Income'!$A:$A,$A179,'Business Income'!$M:$M),2) -> 0 | N179: =ROUND(SUMIF('Individual Income'!$A:$A,$A179,'Individual Income'!$I:$I),2) -> 0 | O179: =ROUND(SUMIF('Automobile Renting'!$A:$A,$A179,'Automobile Renting'!$E:$E),2) -> 0 | P179: =ROUND(SUMIF('Live Adult Entertainment'!$A:$A,$A179,'Live Adult Entertainment'!$E:$E),2) -> 0 | Q179: =ROUND(SUMIF(Cannabis!$A:$A,$A179,Cannabis!$F:$F),2) -> 0 | R179: =ROUND(SUM(C179:Q179),2) -> 0
A180: 46366 | C180: =ROUND(SUMIF(Sales!$A:$A,$A180,Sales!$Z:$Z),2) -> 0 | D180: =ROUND(SUMIF('Motor Fuel'!$A:$A,$A180,'Motor Fuel'!$K:$K),2) -> 0 | E180: =ROUND(SUMIF(Cigarette!$A:$A,$A180,Cigarette!$J:$J),2) -> 0 | F180: =ROUND(SUMIF('Senior Citizen'!$A:$A,$A180,'Senior Citizen'!$E:$E),2) -> 0 | G180: =ROUND(SUMIF(Liquor!$A:$A,$A180,Liquor!$G:$G),2) -> 0 | H180: =ROUND(SUMIF('Public Utility'!$A:$A,$A180,'Public Utility'!$Q:$Q),2) -> 0 | I180: =ROUND(SUMIF(Hotel!$A:$A,$A180,Hotel!$E:$E),2) -> 0 | J180: =ROUND(SUMIF('Real Estate Transfer'!$A:$A,$A180,'Real Estate Transfer'!$F:$F),2) -> 0 | K180: =ROUND(SUMIF('Charity Gaming'!$A:$A,$A180,'Charity Gaming'!$R:$R),2) -> 0 | L180: =ROUND(SUMIF('Private Vehicle Use'!$A:$A,$A180,'Private Vehicle Use'!$E:$E),2) -> 0 | M180: =ROUND(SUMIF('Business Income'!$A:$A,$A180,'Business Income'!$M:$M),2) -> 0 | N180: =ROUND(SUMIF('Individual Income'!$A:$A,$A180,'Individual Income'!$I:$I),2) -> 0 | O180: =ROUND(SUMIF('Automobile Renting'!$A:$A,$A180,'Automobile Renting'!$E:$E),2) -> 0 | P180: =ROUND(SUMIF('Live Adult Entertainment'!$A:$A,$A180,'Live Adult Entertainment'!$E:$E),2) -> 0 | Q180: =ROUND(SUMIF(Cannabis!$A:$A,$A180,Cannabis!$F:$F),2) -> 0 | R180: =ROUND(SUM(C180:Q180),2) -> 0
A181: 46367 | C181: =ROUND(SUMIF(Sales!$A:$A,$A181,Sales!$Z:$Z),2) -> 0 | D181: =ROUND(SUMIF('Motor Fuel'!$A:$A,$A181,'Motor Fuel'!$K:$K),2) -> 0 | E181: =ROUND(SUMIF(Cigarette!$A:$A,$A181,Cigarette!$J:$J),2) -> 0 | F181: =ROUND(SUMIF('Senior Citizen'!$A:$A,$A181,'Senior Citizen'!$E:$E),2) -> 0 | G181: =ROUND(SUMIF(Liquor!$A:$A,$A181,Liquor!$G:$G),2) -> 0 | H181: =ROUND(SUMIF('Public Utility'!$A:$A,$A181,'Public Utility'!$Q:$Q),2) -> 0 | I181: =ROUND(SUMIF(Hotel!$A:$A,$A181,Hotel!$E:$E),2) -> 0 | J181: =ROUND(SUMIF('Real Estate Transfer'!$A:$A,$A181,'Real Estate Transfer'!$F:$F),2) -> 0 | K181: =ROUND(SUMIF('Charity Gaming'!$A:$A,$A181,'Charity Gaming'!$R:$R),2) -> 0 | L181: =ROUND(SUMIF('Private Vehicle Use'!$A:$A,$A181,'Private Vehicle Use'!$E:$E),2) -> 0 | M181: =ROUND(SUMIF('Business Income'!$A:$A,$A181,'Business Income'!$M:$M),2) -> 0 | N181: =ROUND(SUMIF('Individual Income'!$A:$A,$A181,'Individual Income'!$I:$I),2) -> 0 | O181: =ROUND(SUMIF('Automobile Renting'!$A:$A,$A181,'Automobile Renting'!$E:$E),2) -> 0 | P181: =ROUND(SUMIF('Live Adult Entertainment'!$A:$A,$A181,'Live Adult Entertainment'!$E:$E),2) -> 0 | Q181: =ROUND(SUMIF(Cannabis!$A:$A,$A181,Cannabis!$F:$F),2) -> 0 | R181: =ROUND(SUM(C181:Q181),2) -> 0
A182: 46368 | C182: =ROUND(SUMIF(Sales!$A:$A,$A182,Sales!$Z:$Z),2) -> 0 | D182: =ROUND(SUMIF('Motor Fuel'!$A:$A,$A182,'Motor Fuel'!$K:$K),2) -> 0 | E182: =ROUND(SUMIF(Cigarette!$A:$A,$A182,Cigarette!$J:$J),2) -> 0 | F182: =ROUND(SUMIF('Senior Citizen'!$A:$A,$A182,'Senior Citizen'!$E:$E),2) -> 0 | G182: =ROUND(SUMIF(Liquor!$A:$A,$A182,Liquor!$G:$G),2) -> 0 | H182: =ROUND(SUMIF('Public Utility'!$A:$A,$A182,'Public Utility'!$Q:$Q),2) -> 0 | I182: =ROUND(SUMIF(Hotel!$A:$A,$A182,Hotel!$E:$E),2) -> 0 | J182: =ROUND(SUMIF('Real Estate Transfer'!$A:$A,$A182,'Real Estate Transfer'!$F:$F),2) -> 0 | K182: =ROUND(SUMIF('Charity Gaming'!$A:$A,$A182,'Charity Gaming'!$R:$R),2) -> 0 | L182: =ROUND(SUMIF('Private Vehicle Use'!$A:$A,$A182,'Private Vehicle Use'!$E:$E),2) -> 0 | M182: =ROUND(SUMIF('Business Income'!$A:$A,$A182,'Business Income'!$M:$M),2) -> 0 | N182: =ROUND(SUMIF('Individual Income'!$A:$A,$A182,'Individual Income'!$I:$I),2) -> 0 | O182: =ROUND(SUMIF('Automobile Renting'!$A:$A,$A182,'Automobile Renting'!$E:$E),2) -> 0 | P182: =ROUND(SUMIF('Live Adult Entertainment'!$A:$A,$A182,'Live Adult Entertainment'!$E:$E),2) -> 0 | Q182: =ROUND(SUMIF(Cannabis!$A:$A,$A182,Cannabis!$F:$F),2) -> 0 | R182: =ROUND(SUM(C182:Q182),2) -> 0
... A201: 46387 | C201: =ROUND(SUMIF(Sales!$A:$A,$A201,Sales!$Z:$Z),2) -> 0 | D201: =ROUND(SUMIF('Motor Fuel'!$A:$A,$A201,'Motor Fuel'!$K:$K),2) -> 0 | E201: =ROUND(SUMIF(Cigarette!$A:$A,$A201,Cigarette!$J:$J),2) -> 0 | F201: =ROUND(SUMIF('Senior Citizen'!$A:$A,$A201,'Senior Citizen'!$E:$E),2) -> 0 | G201: =ROUND(SUMIF(Liquor!$A:$A,$A201,Liquor!$G:$G),2) -> 0 | H201: =ROUND(SUMIF('Public Utility'!$A:$A,$A201,'Public Utility'!$Q:$Q),2) -> 0 | I201: =ROUND(SUMIF(Hotel!$A:$A,$A201,Hotel!$E:$E),2) -> 0 | J201: =ROUND(SUMIF('Real Estate Transfer'!$A:$A,$A201,'Real Estate Transfer'!$F:$F),2) -> 0 | K201: =ROUND(SUMIF('Charity Gaming'!$A:$A,$A201,'Charity Gaming'!$R:$R),2) -> 0 | L201: =ROUND(SUMIF('Private Vehicle Use'!$A:$A,$A201,'Private Vehicle Use'!$E:$E),2) -> 0 | M201: =ROUND(SUMIF('Business Income'!$A:$A,$A201,'Business Income'!$M:$M),2) -> 0 | N201: =ROUND(SUMIF('Individual Income'!$A:$A,$A201,'Individual Income'!$I:$I),2) -> 0 | O201: =ROUND(SUMIF('Automobile Renting'!$A:$A,$A201,'Automobile Renting'!$E:$E),2) -> 0 | P201: =ROUND(SUMIF('Live Adult Entertainment'!$A:$A,$A201,'Live Adult Entertainment'!$E:$E),2) -> 0 | Q201: =ROUND(SUMIF(Cannabis!$A:$A,$A201,Cannabis!$F:$F),2) -> 0 | R201: =ROUND(SUM(C201:Q201),2) -> 0
C202: =ROUND(SUM(C171:C201),2) -> 0 | D202: =ROUND(SUM(D171:D201),2) -> 0 | E202: =ROUND(SUM(E171:E201),2) -> 0 | F202: =ROUND(SUM(F171:F201),2) -> 0 | G202: =ROUND(SUM(G171:G201),2) -> 0 | H202: =ROUND(SUM(H171:H201),2) -> 0 | I202: =ROUND(SUM(I171:I201),2) -> 0 | J202: =ROUND(SUM(J171:J201),2) -> 0 | ... R202: =ROUND(SUM(R171:R201),2) -> 0
A204: 46388 | C204: =ROUND(SUMIF(Sales!$A:$A,$A204,Sales!$Z:$Z),2) -> 0 | D204: =ROUND(SUMIF('Motor Fuel'!$A:$A,$A204,'Motor Fuel'!$K:$K),2) -> 0 | E204: =ROUND(SUMIF(Cigarette!$A:$A,$A204,Cigarette!$J:$J),2) -> 0 | F204: =ROUND(SUMIF('Senior Citizen'!$A:$A,$A204,'Senior Citizen'!$E:$E),2) -> 0 | G204: =ROUND(SUMIF(Liquor!$A:$A,$A204,Liquor!$G:$G),2) -> 0 | H204: =ROUND(SUMIF('Public Utility'!$A:$A,$A204,'Public Utility'!$Q:$Q),2) -> 0 | I204: =ROUND(SUMIF(Hotel!$A:$A,$A204,Hotel!$E:$E),2) -> 0 | J204: =ROUND(SUMIF('Real Estate Transfer'!$A:$A,$A204,'Real Estate Transfer'!$F:$F),2) -> 0 | K204: =ROUND(SUMIF('Charity Gaming'!$A:$A,$A204,'Charity Gaming'!$R:$R),2) -> 0 | L204: =ROUND(SUMIF('Private Vehicle Use'!$A:$A,$A204,'Private Vehicle Use'!$E:$E),2) -> 0 | M204: =ROUND(SUMIF('Business Income'!$A:$A,$A204,'Business Income'!$M:$M),2) -> 0 | N204: =ROUND(SUMIF('Individual Income'!$A:$A,$A204,'Individual Income'!$I:$I),2) -> 0 | O204: =ROUND(SUMIF('Automobile Renting'!$A:$A,$A204,'Automobile Renting'!$E:$E),2) -> 0 | P204: =ROUND(SUMIF('Live Adult Entertainment'!$A:$A,$A204,'Live Adult Entertainment'!$E:$E),2) -> 0 | Q204: =ROUND(SUMIF(Cannabis!$A:$A,$A204,Cannabis!$F:$F),2) -> 0 | R204: =ROUND(SUM(C204:Q204),2) -> 0
A205: 46389 | C205: =ROUND(SUMIF(Sales!$A:$A,$A205,Sales!$Z:$Z),2) -> 0 | D205: =ROUND(SUMIF('Motor Fuel'!$A:$A,$A205,'Motor Fuel'!$K:$K),2) -> 0 | E205: =ROUND(SUMIF(Cigarette!$A:$A,$A205,Cigarette!$J:$J),2) -> 0 | F205: =ROUND(SUMIF('Senior Citizen'!$A:$A,$A205,'Senior Citizen'!$E:$E),2) -> 0 | G205: =ROUND(SUMIF(Liquor!$A:$A,$A205,Liquor!$G:$G),2) -> 0 | H205: =ROUND(SUMIF('Public Utility'!$A:$A,$A205,'Public Utility'!$Q:$Q),2) -> 0 | I205: =ROUND(SUMIF(Hotel!$A:$A,$A205,Hotel!$E:$E),2) -> 0 | J205: =ROUND(SUMIF('Real Estate Transfer'!$A:$A,$A205,'Real Estate Transfer'!$F:$F),2) -> 0 | K205: =ROUND(SUMIF('Charity Gaming'!$A:$A,$A205,'Charity Gaming'!$R:$R),2) -> 0 | L205: =ROUND(SUMIF('Private Vehicle Use'!$A:$A,$A205,'Private Vehicle Use'!$E:$E),2) -> 0 | M205: =ROUND(SUMIF('Business Income'!$A:$A,$A205,'Business Income'!$M:$M),2) -> 0 | N205: =ROUND(SUMIF('Individual Income'!$A:$A,$A205,'Individual Income'!$I:$I),2) -> 0 | O205: =ROUND(SUMIF('Automobile Renting'!$A:$A,$A205,'Automobile Renting'!$E:$E),2) -> 0 | P205: =ROUND(SUMIF('Live Adult Entertainment'!$A:$A,$A205,'Live Adult Entertainment'!$E:$E),2) -> 0 | Q205: =ROUND(SUMIF(Cannabis!$A:$A,$A205,Cannabis!$F:$F),2) -> 0 | R205: =ROUND(SUM(C205:Q205),2) -> 0
A206: 46390 | C206: =ROUND(SUMIF(Sales!$A:$A,$A206,Sales!$Z:$Z),2) -> 0 | D206: =ROUND(SUMIF('Motor Fuel'!$A:$A,$A206,'Motor Fuel'!$K:$K),2) -> 0 | E206: =ROUND(SUMIF(Cigarette!$A:$A,$A206,Cigarette!$J:$J),2) -> 0 | F206: =ROUND(SUMIF('Senior Citizen'!$A:$A,$A206,'Senior Citizen'!$E:$E),2) -> 0 | G206: =ROUND(SUMIF(Liquor!$A:$A,$A206,Liquor!$G:$G),2) -> 0 | H206: =ROUND(SUMIF('Public Utility'!$A:$A,$A206,'Public Utility'!$Q:$Q),2) -> 0 | I206: =ROUND(SUMIF(Hotel!$A:$A,$A206,Hotel!$E:$E),2) -> 0 | J206: =ROUND(SUMIF('Real Estate Transfer'!$A:$A,$A206,'Real Estate Transfer'!$F:$F),2) -> 0 | K206: =ROUND(SUMIF('Charity Gaming'!$A:$A,$A206,'Charity Gaming'!$R:$R),2) -> 0 | L206: =ROUND(SUMIF('Private Vehicle Use'!$A:$A,$A206,'Private Vehicle Use'!$E:$E),2) -> 0 | M206: =ROUND(SUMIF('Business Income'!$A:$A,$A206,'Business Income'!$M:$M),2) -> 0 | N206: =ROUND(SUMIF('Individual Income'!$A:$A,$A206,'Individual Income'!$I:$I),2) -> 0 | O206: =ROUND(SUMIF('Automobile Renting'!$A:$A,$A206,'Automobile Renting'!$E:$E),2) -> 0 | P206: =ROUND(SUMIF('Live Adult Entertainment'!$A:$A,$A206,'Live Adult Entertainment'!$E:$E),2) -> 0 | Q206: =ROUND(SUMIF(Cannabis!$A:$A,$A206,Cannabis!$F:$F),2) -> 0 | R206: =ROUND(SUM(C206:Q206),2) -> 0
A207: 46391 | C207: =ROUND(SUMIF(Sales!$A:$A,$A207,Sales!$Z:$Z),2) -> 0 | D207: =ROUND(SUMIF('Motor Fuel'!$A:$A,$A207,'Motor Fuel'!$K:$K),2) -> 0 | E207: =ROUND(SUMIF(Cigarette!$A:$A,$A207,Cigarette!$J:$J),2) -> 0 | F207: =ROUND(SUMIF('Senior Citizen'!$A:$A,$A207,'Senior Citizen'!$E:$E),2) -> 0 | G207: =ROUND(SUMIF(Liquor!$A:$A,$A207,Liquor!$G:$G),2) -> 0 | H207: =ROUND(SUMIF('Public Utility'!$A:$A,$A207,'Public Utility'!$Q:$Q),2) -> 0 | I207: =ROUND(SUMIF(Hotel!$A:$A,$A207,Hotel!$E:$E),2) -> 0 | J207: =ROUND(SUMIF('Real Estate Transfer'!$A:$A,$A207,'Real Estate Transfer'!$F:$F),2) -> 0 | K207: =ROUND(SUMIF('Charity Gaming'!$A:$A,$A207,'Charity Gaming'!$R:$R),2) -> 0 | L207: =ROUND(SUMIF('Private Vehicle Use'!$A:$A,$A207,'Private Vehicle Use'!$E:$E),2) -> 0 | M207: =ROUND(SUMIF('Business Income'!$A:$A,$A207,'Business Income'!$M:$M),2) -> 0 | N207: =ROUND(SUMIF('Individual Income'!$A:$A,$A207,'Individual Income'!$I:$I),2) -> 0 | O207: =ROUND(SUMIF('Automobile Renting'!$A:$A,$A207,'Automobile Renting'!$E:$E),2) -> 0 | P207: =ROUND(SUMIF('Live Adult Entertainment'!$A:$A,$A207,'Live Adult Entertainment'!$E:$E),2) -> 0 | Q207: =ROUND(SUMIF(Cannabis!$A:$A,$A207,Cannabis!$F:$F),2) -> 0 | R207: =ROUND(SUM(C207:Q207),2) -> 0
A208: 46392 | C208: =ROUND(SUMIF(Sales!$A:$A,$A208,Sales!$Z:$Z),2) -> 0 | D208: =ROUND(SUMIF('Motor Fuel'!$A:$A,$A208,'Motor Fuel'!$K:$K),2) -> 0 | E208: =ROUND(SUMIF(Cigarette!$A:$A,$A208,Cigarette!$J:$J),2) -> 0 | F208: =ROUND(SUMIF('Senior Citizen'!$A:$A,$A208,'Senior Citizen'!$E:$E),2) -> 0 | G208: =ROUND(SUMIF(Liquor!$A:$A,$A208,Liquor!$G:$G),2) -> 0 | H208: =ROUND(SUMIF('Public Utility'!$A:$A,$A208,'Public Utility'!$Q:$Q),2) -> 0 | I208: =ROUND(SUMIF(Hotel!$A:$A,$A208,Hotel!$E:$E),2) -> 0 | J208: =ROUND(SUMIF('Real Estate Transfer'!$A:$A,$A208,'Real Estate Transfer'!$F:$F),2) -> 0 | K208: =ROUND(SUMIF('Charity Gaming'!$A:$A,$A208,'Charity Gaming'!$R:$R),2) -> 0 | L208: =ROUND(SUMIF('Private Vehicle Use'!$A:$A,$A208,'Private Vehicle Use'!$E:$E),2) -> 0 | M208: =ROUND(SUMIF('Business Income'!$A:$A,$A208,'Business Income'!$M:$M),2) -> 0 | N208: =ROUND(SUMIF('Individual Income'!$A:$A,$A208,'Individual Income'!$I:$I),2) -> 0 | O208: =ROUND(SUMIF('Automobile Renting'!$A:$A,$A208,'Automobile Renting'!$E:$E),2) -> 0 | P208: =ROUND(SUMIF('Live Adult Entertainment'!$A:$A,$A208,'Live Adult Entertainment'!$E:$E),2) -> 0 | Q208: =ROUND(SUMIF(Cannabis!$A:$A,$A208,Cannabis!$F:$F),2) -> 0 | R208: =ROUND(SUM(C208:Q208),2) -> 0
A209: 46393 | C209: =ROUND(SUMIF(Sales!$A:$A,$A209,Sales!$Z:$Z),2) -> 0 | D209: =ROUND(SUMIF('Motor Fuel'!$A:$A,$A209,'Motor Fuel'!$K:$K),2) -> 0 | E209: =ROUND(SUMIF(Cigarette!$A:$A,$A209,Cigarette!$J:$J),2) -> 0 | F209: =ROUND(SUMIF('Senior Citizen'!$A:$A,$A209,'Senior Citizen'!$E:$E),2) -> 0 | G209: =ROUND(SUMIF(Liquor!$A:$A,$A209,Liquor!$G:$G),2) -> 0 | H209: =ROUND(SUMIF('Public Utility'!$A:$A,$A209,'Public Utility'!$Q:$Q),2) -> 0 | I209: =ROUND(SUMIF(Hotel!$A:$A,$A209,Hotel!$E:$E),2) -> 0 | J209: =ROUND(SUMIF('Real Estate Transfer'!$A:$A,$A209,'Real Estate Transfer'!$F:$F),2) -> 0 | K209: =ROUND(SUMIF('Charity Gaming'!$A:$A,$A209,'Charity Gaming'!$R:$R),2) -> 0 | L209: =ROUND(SUMIF('Private Vehicle Use'!$A:$A,$A209,'Private Vehicle Use'!$E:$E),2) -> 0 | M209: =ROUND(SUMIF('Business Income'!$A:$A,$A209,'Business Income'!$M:$M),2) -> 0 | N209: =ROUND(SUMIF('Individual Income'!$A:$A,$A209,'Individual Income'!$I:$I),2) -> 0 | O209: =ROUND(SUMIF('Automobile Renting'!$A:$A,$A209,'Automobile Renting'!$E:$E),2) -> 0 | P209: =ROUND(SUMIF('Live Adult Entertainment'!$A:$A,$A209,'Live Adult Entertainment'!$E:$E),2) -> 0 | Q209: =ROUND(SUMIF(Cannabis!$A:$A,$A209,Cannabis!$F:$F),2) -> 0 | R209: =ROUND(SUM(C209:Q209),2) -> 0
A210: 46394 | C210: =ROUND(SUMIF(Sales!$A:$A,$A210,Sales!$Z:$Z),2) -> 0 | D210: =ROUND(SUMIF('Motor Fuel'!$A:$A,$A210,'Motor Fuel'!$K:$K),2) -> 0 | E210: =ROUND(SUMIF(Cigarette!$A:$A,$A210,Cigarette!$J:$J),2) -> 0 | F210: =ROUND(SUMIF('Senior Citizen'!$A:$A,$A210,'Senior Citizen'!$E:$E),2) -> 0 | G210: =ROUND(SUMIF(Liquor!$A:$A,$A210,Liquor!$G:$G),2) -> 0 | H210: =ROUND(SUMIF('Public Utility'!$A:$A,$A210,'Public Utility'!$Q:$Q),2) -> 0 | I210: =ROUND(SUMIF(Hotel!$A:$A,$A210,Hotel!$E:$E),2) -> 0 | J210: =ROUND(SUMIF('Real Estate Transfer'!$A:$A,$A210,'Real Estate Transfer'!$F:$F),2) -> 0 | K210: =ROUND(SUMIF('Charity Gaming'!$A:$A,$A210,'Charity Gaming'!$R:$R),2) -> 0 | L210: =ROUND(SUMIF('Private Vehicle Use'!$A:$A,$A210,'Private Vehicle Use'!$E:$E),2) -> 0 | M210: =ROUND(SUMIF('Business Income'!$A:$A,$A210,'Business Income'!$M:$M),2) -> 0 | N210: =ROUND(SUMIF('Individual Income'!$A:$A,$A210,'Individual Income'!$I:$I),2) -> 0 | O210: =ROUND(SUMIF('Automobile Renting'!$A:$A,$A210,'Automobile Renting'!$E:$E),2) -> 0 | P210: =ROUND(SUMIF('Live Adult Entertainment'!$A:$A,$A210,'Live Adult Entertainment'!$E:$E),2) -> 0 | Q210: =ROUND(SUMIF(Cannabis!$A:$A,$A210,Cannabis!$F:$F),2) -> 0 | R210: =ROUND(SUM(C210:Q210),2) -> 0
A211: 46395 | C211: =ROUND(SUMIF(Sales!$A:$A,$A211,Sales!$Z:$Z),2) -> 0 | D211: =ROUND(SUMIF('Motor Fuel'!$A:$A,$A211,'Motor Fuel'!$K:$K),2) -> 0 | E211: =ROUND(SUMIF(Cigarette!$A:$A,$A211,Cigarette!$J:$J),2) -> 0 | F211: =ROUND(SUMIF('Senior Citizen'!$A:$A,$A211,'Senior Citizen'!$E:$E),2) -> 0 | G211: =ROUND(SUMIF(Liquor!$A:$A,$A211,Liquor!$G:$G),2) -> 0 | H211: =ROUND(SUMIF('Public Utility'!$A:$A,$A211,'Public Utility'!$Q:$Q),2) -> 0 | I211: =ROUND(SUMIF(Hotel!$A:$A,$A211,Hotel!$E:$E),2) -> 0 | J211: =ROUND(SUMIF('Real Estate Transfer'!$A:$A,$A211,'Real Estate Transfer'!$F:$F),2) -> 0 | K211: =ROUND(SUMIF('Charity Gaming'!$A:$A,$A211,'Charity Gaming'!$R:$R),2) -> 0 | L211: =ROUND(SUMIF('Private Vehicle Use'!$A:$A,$A211,'Private Vehicle Use'!$E:$E),2) -> 0 | M211: =ROUND(SUMIF('Business Income'!$A:$A,$A211,'Business Income'!$M:$M),2) -> 0 | N211: =ROUND(SUMIF('Individual Income'!$A:$A,$A211,'Individual Income'!$I:$I),2) -> 0 | O211: =ROUND(SUMIF('Automobile Renting'!$A:$A,$A211,'Automobile Renting'!$E:$E),2) -> 0 | P211: =ROUND(SUMIF('Live Adult Entertainment'!$A:$A,$A211,'Live Adult Entertainment'!$E:$E),2) -> 0 | Q211: =ROUND(SUMIF(Cannabis!$A:$A,$A211,Cannabis!$F:$F),2) -> 0 | R211: =ROUND(SUM(C211:Q211),2) -> 0
A212: 46396 | C212: =ROUND(SUMIF(Sales!$A:$A,$A212,Sales!$Z:$Z),2) -> 0 | D212: =ROUND(SUMIF('Motor Fuel'!$A:$A,$A212,'Motor Fuel'!$K:$K),2) -> 0 | E212: =ROUND(SUMIF(Cigarette!$A:$A,$A212,Cigarette!$J:$J),2) -> 0 | F212: =ROUND(SUMIF('Senior Citizen'!$A:$A,$A212,'Senior Citizen'!$E:$E),2) -> 0 | G212: =ROUND(SUMIF(Liquor!$A:$A,$A212,Liquor!$G:$G),2) -> 0 | H212: =ROUND(SUMIF('Public Utility'!$A:$A,$A212,'Public Utility'!$Q:$Q),2) -> 0 | I212: =ROUND(SUMIF(Hotel!$A:$A,$A212,Hotel!$E:$E),2) -> 0 | J212: =ROUND(SUMIF('Real Estate Transfer'!$A:$A,$A212,'Real Estate Transfer'!$F:$F),2) -> 0 | K212: =ROUND(SUMIF('Charity Gaming'!$A:$A,$A212,'Charity Gaming'!$R:$R),2) -> 0 | L212: =ROUND(SUMIF('Private Vehicle Use'!$A:$A,$A212,'Private Vehicle Use'!$E:$E),2) -> 0 | M212: =ROUND(SUMIF('Business Income'!$A:$A,$A212,'Business Income'!$M:$M),2) -> 0 | N212: =ROUND(SUMIF('Individual Income'!$A:$A,$A212,'Individual Income'!$I:$I),2) -> 0 | O212: =ROUND(SUMIF('Automobile Renting'!$A:$A,$A212,'Automobile Renting'!$E:$E),2) -> 0 | P212: =ROUND(SUMIF('Live Adult Entertainment'!$A:$A,$A212,'Live Adult Entertainment'!$E:$E),2) -> 0 | Q212: =ROUND(SUMIF(Cannabis!$A:$A,$A212,Cannabis!$F:$F),2) -> 0 | R212: =ROUND(SUM(C212:Q212),2) -> 0
A213: 46397 | C213: =ROUND(SUMIF(Sales!$A:$A,$A213,Sales!$Z:$Z),2) -> 0 | D213: =ROUND(SUMIF('Motor Fuel'!$A:$A,$A213,'Motor Fuel'!$K:$K),2) -> 0 | E213: =ROUND(SUMIF(Cigarette!$A:$A,$A213,Cigarette!$J:$J),2) -> 0 | F213: =ROUND(SUMIF('Senior Citizen'!$A:$A,$A213,'Senior Citizen'!$E:$E),2) -> 0 | G213: =ROUND(SUMIF(Liquor!$A:$A,$A213,Liquor!$G:$G),2) -> 0 | H213: =ROUND(SUMIF('Public Utility'!$A:$A,$A213,'Public Utility'!$Q:$Q),2) -> 0 | I213: =ROUND(SUMIF(Hotel!$A:$A,$A213,Hotel!$E:$E),2) -> 0 | J213: =ROUND(SUMIF('Real Estate Transfer'!$A:$A,$A213,'Real Estate Transfer'!$F:$F),2) -> 0 | K213: =ROUND(SUMIF('Charity Gaming'!$A:$A,$A213,'Charity Gaming'!$R:$R),2) -> 0 | L213: =ROUND(SUMIF('Private Vehicle Use'!$A:$A,$A213,'Private Vehicle Use'!$E:$E),2) -> 0 | M213: =ROUND(SUMIF('Business Income'!$A:$A,$A213,'Business Income'!$M:$M),2) -> 0 | N213: =ROUND(SUMIF('Individual Income'!$A:$A,$A213,'Individual Income'!$I:$I),2) -> 0 | O213: =ROUND(SUMIF('Automobile Renting'!$A:$A,$A213,'Automobile Renting'!$E:$E),2) -> 0 | P213: =ROUND(SUMIF('Live Adult Entertainment'!$A:$A,$A213,'Live Adult Entertainment'!$E:$E),2) -> 0 | Q213: =ROUND(SUMIF(Cannabis!$A:$A,$A213,Cannabis!$F:$F),2) -> 0 | R213: =ROUND(SUM(C213:Q213),2) -> 0
A214: 46398 | C214: =ROUND(SUMIF(Sales!$A:$A,$A214,Sales!$Z:$Z),2) -> 0 | D214: =ROUND(SUMIF('Motor Fuel'!$A:$A,$A214,'Motor Fuel'!$K:$K),2) -> 0 | E214: =ROUND(SUMIF(Cigarette!$A:$A,$A214,Cigarette!$J:$J),2) -> 0 | F214: =ROUND(SUMIF('Senior Citizen'!$A:$A,$A214,'Senior Citizen'!$E:$E),2) -> 0 | G214: =ROUND(SUMIF(Liquor!$A:$A,$A214,Liquor!$G:$G),2) -> 0 | H214: =ROUND(SUMIF('Public Utility'!$A:$A,$A214,'Public Utility'!$Q:$Q),2) -> 0 | I214: =ROUND(SUMIF(Hotel!$A:$A,$A214,Hotel!$E:$E),2) -> 0 | J214: =ROUND(SUMIF('Real Estate Transfer'!$A:$A,$A214,'Real Estate Transfer'!$F:$F),2) -> 0 | K214: =ROUND(SUMIF('Charity Gaming'!$A:$A,$A214,'Charity Gaming'!$R:$R),2) -> 0 | L214: =ROUND(SUMIF('Private Vehicle Use'!$A:$A,$A214,'Private Vehicle Use'!$E:$E),2) -> 0 | M214: =ROUND(SUMIF('Business Income'!$A:$A,$A214,'Business Income'!$M:$M),2) -> 0 | N214: =ROUND(SUMIF('Individual Income'!$A:$A,$A214,'Individual Income'!$I:$I),2) -> 0 | O214: =ROUND(SUMIF('Automobile Renting'!$A:$A,$A214,'Automobile Renting'!$E:$E),2) -> 0 | P214: =ROUND(SUMIF('Live Adult Entertainment'!$A:$A,$A214,'Live Adult Entertainment'!$E:$E),2) -> 0 | Q214: =ROUND(SUMIF(Cannabis!$A:$A,$A214,Cannabis!$F:$F),2) -> 0 | R214: =ROUND(SUM(C214:Q214),2) -> 0
...

Sheet Sales
A1: ILLINOIS DEPARTMENT OF REVENUE
A2: DAILY COLLECTIONS FROM MAJOR REVENUE SOURCES
A3: FISCAL YEAR 2027
C5: SALES AND USE
A6: Date | C6: Assessments | D6: CMFT-1 County Motor Fuel Tax | E6: DS-1 Dry-Cleaning Tax | F6: DS-3 Dry-Cleaning Fee | G6: LSE-1 Vehicle Leasing Tax | H6: MC-1 Medical Cannabis Tax | I6: MMFT-1 Municipal Motor Fuel Tax | J6: PE-100 Parking Excise Tax | K6: PST-1 Prepaid Sales Tax | L6: PST-3 Prepaid Sales Tax | M6: RR-3 Sales and Use Quarter Monthly Tax | N6: RUT-25 Vehicle Use Tax | O6: RUT-25-LSE Vehicle Use Lease Tax | P6: RUT-75 Aircraft/Water Use Tax | Q6: ST-1 Sale and Use Tax | R6: ST-14 Chicago Soft Drink Tax | S6: ST-201 Rental Purchase Agrmt Tax | T6: ST-4 MPEA Food/Beverage Tax | U6: ST-44 Use Tax | V6: ST-556 Trans Sales Tax | W6: ST-556-LSE Trans Sales Lease Tax | X6: ST-70 Aviation Fuel Sales Tax | Y6: ST-8 Tire User Fee | Z6: Total
A8: 46204 | C8: 1593388.8 | D8: 5720 | E8: 0 | F8: 1500 | G8: 0 | H8: 26444 | I8: 1455.78 | J8: 132751.03 | K8: 0 | L8: 607000 | M8: 3689096.2 | N8: 1493647 | O8: 114024.31 | P8: 43463.2 | Q8: 1269326.7 | R8: 462.65 | S8: 608 | T8: 83 | U8: 30056.65 | V8: 8329708.2 | W8: 634399 | X8: 244518 | Y8: 2047.4 | Z8: =ROUND(SUM(C8:Y8),2) -> 18219700
A9: 46205 | C9: 0 | D9: 0 | E9: 0 | F9: 0 | G9: 0 | H9: 28640 | I9: 268.34 | J9: 23317.76 | K9: 93191 | L9: 2057.14 | M9: 12299414 | N9: 414331.31 | O9: 55131 | P9: 68796 | Q9: 2082795 | R9: 669.99 | S9: 72508 | T9: 1480 | U9: 0 | V9: 9448491 | W9: 518370 | X9: 22724 | Y9: 4020.77 | Z9: =ROUND(SUM(C9:Y9),2) -> 25136205
A10: 46206 | C10: 2607445.1 | D10: 0 | E10: 0 | F10: 0 | G10: 0 | H10: 0 | I10: 0 | J10: 13601.5 | K10: 136 | L10: 32588 | M10: 45206770 | N10: 1394833.2 | O10: 88058.92 | P10: 8025.76 | Q10: 3175711.5 | R10: 1333.91 | S10: 0 | T10: 9373 | U10: 216.35 | V10: 8789879.8 | W10: 615645 | X10: 179439 | Y10: 33649.2 | Z10: =ROUND(SUM(C10:Y10),2) -> 62156706
A11: 46207 | C11: 0 | D11: 0 | E11: 0 | F11: 0 | G11: 0 | H11: 0 | I11: 0 | J11: 0 | K11: 0 | L11: 0 | M11: 0 | N11: 0 | O11: 0 | P11: 0 | Q11: 0 | R11: 0 | S11: 0 | T11: 0 | U11: 0 | V11: 0 | W11: 0 | X11: 0 | Y11: 0 | Z11: =ROUND(SUM(C11:Y11),2) -> 0
A12: 46208 | C12: 0 | D12: 0 | E12: 0 | F12: 0 | G12: 0 | H12: 0 | I12: 0 | J12: 0 | K12: 0 | L12: 0 | M12: 0 | N12: 0 | O12: 0 | P12: 0 | Q12: 0 | R12: 0 | S12: 0 | T12: 0 | U12: 0 | V12: 0 | W12: 0 | X12: 0 | Y12: 0 | Z12: =ROUND(SUM(C12:Y12),2) -> 0
A13: 46209 | C13: 928305.59 | D13: 41 | E13: 0 | F13: 0 | G13: 0 | H13: 0 | I13: 1616 | J13: 37949 | K13: 0 | L13: 1087022 | M13: 24351536 | N13: 1416371.6 | O13: 103993 | P13: 77266.25 | Q13: 3356220 | R13: 843.03 | S13: 0 | T13: 8159.36 | U13: 18436.9 | V13: 11252197 | W13: 462031.26 | X13: 1969 | Y13: 16663.38 | Z13: =ROUND(SUM(C13:Y13),2) -> 43120621
A14: 46210 | C14: 843978.06 | D14: 3260 | E14: 0 | F14: 1500 | G14: 0 | H14: 137045.13 | I14: 0 | J14: 166204.09 | K14: 0 | L14: 4341758.5 | M14: 1.4963164e+08 | N14: 1756568.7 | O14: 147162.23 | P14: 26971.48 | Q14: 8610850.9 | R14: 4741 | S14: 259344 | T14: 20859 | U14: 11395.58 | V14: 6932919.6 | W14: 402810 | X14: 346862 | Y14: 35915.89 | Z14: =ROUND(SUM(C14:Y14),2) -> 1.7368179e+08
A15: 46211 | C15: 1482835.9 | D15: 176 | E15: 0 | F15: 0 | G15: 0 | H15: 19965 | I15: 0 | J15: 417139 | K15: 0 | L15: 805126 | M15: 22453022 | N15: 1523961.4 | O15: 36355.28 | P15: 36699.25 | Q15: 5788272.6 | R15: 3182.01 | S15: 114810 | T15: 15543 | U15: 1656 | V15: 8954757 | W15: 545787 | X15: 1158637 | Y15: 28180.5 | Z15: =ROUND(SUM(C15:Y15),2) -> 43386105
A16: 46212 | C16: 1045902.2 | D16: 131883 | E16: 0 | F16: 0 | G16: 0 | H16: 0 | I16: 1008 | J16: 239227 | K16: 89584 | L16: 663798 | M16: 8826943.4 | N16: 1036629.4 | O16: 79722.83 | P16: 76733.75 | Q16: 7055699.8 | R16: 2636 | S16: 0 | T16: 32288 | U16: 2862.15 | V16: 7893705.1 | W16: 417969 | X16: 864908 | Y16: 40633.37 | Z16: =ROUND(SUM(C16:Y16),2) -> 28502133
A17: 46213 | C17: 1099508 | D17: 61407 | E17: 0 | F17: 0 | G17: 0 | H17: 0 | I17: 7832 | J17: 20196.32 | K17: 4700.33 | L17: 0 | M17: 7848607.9 | N17: 1506808.2 | O17: 148433.43 | P17: 24304 | Q17: 7655517.5 | R17: 5710 | S17: 9455 | T17: 67560.76 | U17: 0 | V17: 7809956.3 | W17: 421511 | X17: 1531 | Y17: 67414.52 | Z17: =ROUND(SUM(C17:Y17),2) -> 26760453
A18: 46214 | C18: 0 | D18: 0 | E18: 0 | F18: 0 | G18: 0 | H18: 0 | I18: 0 | J18: 0 | K18: 0 | L18: 0 | M18: 0 | N18: 0 | O18: 0 | P18: 0 | Q18: 0 | R18: 0 | S18: 0 | T18: 0 | U18: 0 | V18: 0 | W18: 0 | X18: 0 | Y18: 0 | Z18: =ROUND(SUM(C18:Y18),2) -> 0
A19: 46215 | C19: 0 | D19: 0 | E19: 0 | F19: 0 | G19: 0 | H19: 0 | I19: 0 | J19: 0 | K19: 0 | L19: 0 | M19: 0 | N19: 0 | O19: 0 | P19: 0 | Q19: 0 | R19: 0 | S19: 0 | T19: 0 | U19: 0 | V19: 0 | W19: 0 | X19: 0 | Y19: 0 | Z19: =ROUND(SUM(C19:Y19),2) -> 0
... A38: 46234 | C38: 1492235.1 | D38: 0 | E38: 0 | F38: 750 | G38: 0 | H38: 79329 | I38: 0 | J38: 404651 | K38: 0 | L38: 4173459 | M38: 1.2318303e+08 | N38: 572451.62 | O38: 255472.81 | P38: 22041 | Q38: 5713467.1 | R38: 1212.42 | S38: 222578 | T38: 20819.45 | U38: -1101 | V38: 8082836.2 | W38: 402651.72 | X38: 1775360 | Y38: 4895.85 | Z38: =ROUND(SUM(C38:Y38),2) -> 1.4640614e+08
C39: =ROUND(SUM(C8:C38),2) -> 32064309 | D39: =ROUND(SUM(D8:D38),2) -> 7780181.8 | E39: =ROUND(SUM(E8:E38),2) -> 17579.24 | F39: =ROUND(SUM(F8:F38),2) -> 4500 | G39: =ROUND(SUM(G8:G38),2) -> 63871.76 | H39: =ROUND(SUM(H8:H38),2) -> 887462.65 | I39: =ROUND(SUM(I8:I38),2) -> 601052.66 | J39: =ROUND(SUM(J8:J38),2) -> 4434131.3 | ... Z39: =ROUND(SUM(Z8:Z38),2) -> 2.2091311e+09
A41: 46235 | C41: 0 | D41: 0 | E41: 0 | F41: 0 | G41: 0 | H41: 0 | I41: 0 | J41: 0 | K41: 0 | L41: 0 | M41: 0 | N41: 0 | O41: 0 | P41: 0 | Q41: 0 | R41: 0 | S41: 0 | T41: 0 | U41: 0 | V41: 0 | W41: 0 | X41: 0 | Y41: 0 | Z41: =ROUND(SUM(C41:Y41),2) -> 0
A42: 46236 | C42: 0 | D42: 0 | E42: 0 | F42: 0 | G42: 0 | H42: 0 | I42: 0 | J42: 0 | K42: 0 | L42: 0 | M42: 0 | N42: 0 | O42: 0 | P42: 0 | Q42: 0 | R42: 0 | S42: 0 | T42: 0 | U42: 0 | V42: 0 | W42: 0 | X42: 0 | Y42: 0 | Z42: =ROUND(SUM(C42:Y42),2) -> 0
A43: 46237 | C43: 2811203.4 | D43: 23576.77 | E43: 0 | F43: 0 | G43: 0 | H43: 20303 | I43: 603 | J43: 47069.32 | K43: 0 | L43: 1334694 | M43: 1651731.6 | N43: 880828.3 | O43: 189958.48 | P43: 76418.25 | Q43: 1505313.5 | R43: 1929.05 | S43: 0 | T43: 4917.31 | U43: 104994.24 | V43: 11761100 | W43: 443325 | X43: 39030 | Y43: 10486.09 | Z43: =ROUND(SUM(C43:Y43),2) -> 20907481
A44: 46238 | C44: 1579514.9 | D44: 79 | E44: 150 | F44: 0 | G44: 0 | H44: 0 | I44: 1639 | J44: 66894.67 | K44: 89584 | L44: 0 | M44: 5988678.4 | N44: 1007184.9 | O44: 539255.28 | P44: 28862.54 | Q44: 4437967.4 | R44: 6262.85 | S44: 0 | T44: 22421.72 | U44: 3849 | V44: 5287531.9 | W44: 484944 | X44: 24649 | Y44: 3037.67 | Z44: =ROUND(SUM(C44:Y44),2) -> 19572506
A45: 46239 | C45: 1106235.9 | D45: 0 | E45: 0 | F45: 1500 | G45: 0 | H45: 0 | I45: 0 | J45: 1886 | K45: 0 | L45: 73468 | M45: 51024811 | N45: 872665.67 | O45: 94800.29 | P45: 23733 | Q45: 3786853.9 | R45: 1677 | S45: 83552 | T45: 7850 | U45: 0 | V45: 7477371.1 | W45: 462350 | X45: 35985 | Y45: 1397.75 | Z45: =ROUND(SUM(C45:Y45),2) -> 65056136
A46: 46240 | C46: 2841266 | D46: 0 | E46: 0 | F46: 750 | G46: 0 | H46: 0 | I46: 0 | J46: 50069.73 | K46: 659.19 | L46: 643686 | M46: 8779335.1 | N46: 861941.1 | O46: 39041.82 | P46: 24025 | Q46: 3635179.8 | R46: 3351 | S46: 0 | T46: 14580 | U46: 22556.31 | V46: 8408780 | W46: 314758.14 | X46: 10932 | Y46: 4743.68 | Z46: =ROUND(SUM(C46:Y46),2) -> 25655655
A47: 46241 | C47: 1270397.4 | D47: 277.77 | E47: 0 | F47: 0 | G47: 0 | H47: 99702 | I47: 1731.08 | J47: 242963 | K47: 19768.92 | L47: 5774715.3 | M47: 1.8374066e+08 | N47: 1159675.9 | O47: 168165.37 | P47: 35924.02 | Q47: 5175552.5 | R47: 2857.5 | S47: 350950 | T47: 14274.31 | U47: 0 | V47: 8756244.6 | W47: 768986 | X47: 1133935 | Y47: 1140.25 | Z47: =ROUND(SUM(C47:Y47),2) -> 2.0871792e+08
A48: 46242 | C48: 0 | D48: 0 | E48: 0 | F48: 0 | G48: 0 | H48: 0 | I48: 0 | J48: 0 | K48: 0 | L48: 0 | M48: 0 | N48: 0 | O48: 0 | P48: 0 | Q48: 0 | R48: 0 | S48: 0 | T48: 0 | U48: 0 | V48: 0 | W48: 0 | X48: 0 | Y48: 0 | Z48: =ROUND(SUM(C48:Y48),2) -> 0
A49: 46243 | C49: 0 | D49: 0 | E49: 0 | F49: 0 | G49: 0 | H49: 0 | I49: 0 | J49: 0 | K49: 0 | L49: 0 | M49: 0 | N49: 0 | O49: 0 | P49: 0 | Q49: 0 | R49: 0 | S49: 0 | T49: 0 | U49: 0 | V49: 0 | W49: 0 | X49: 0 | Y49: 0 | Z49: =ROUND(SUM(C49:Y49),2) -> 0
A50: 46244 | C50: 804642 | D50: 2991 | E50: 0 | F50: 0 | G50: 55236 | H50: 8946 | I50: 1133 | J50: 556001.74 | K50: 60377.86 | L50: 412621 | M50: 11642937 | N50: 1078980.7 | O50: 231236.08 | P50: 11089.75 | Q50: 5815166.5 | R50: 3043.88 | S50: 8031 | T50: 37432 | U50: 19899 | V50: 10931760 | W50: 446362 | X50: 338353 | Y50: 810 | Z50: =ROUND(SUM(C50:Y50),2) -> 32467050
A51: 46245 | C51: 5261183.3 | D51: 6424 | E51: 0 | F51: 0 | G51: 1400 | H51: 9900 | I51: 0 | J51: 13118.92 | K51: 1680 | L51: 136614.47 | M51: 11930505 | N51: 982680.22 | O51: 72419 | P51: 20543.5 | Q51: 11333782 | R51: 9660.94 | S51: 136 | T51: 60414.29 | U51: 519 | V51: 4848433.7 | W51: 322234 | X51: 107868 | Y51: 2644 | Z51: =ROUND(SUM(C51:Y51),2) -> 35122160
A52: 46246 | C52: 1694525.4 | D52: 177956 | E52: 0 | F52: 0 | G52: 3635 | H52: 0 | I52: 22839 | J52: 129547 | K52: 27704.05 | L52: 7000 | M52: 5413551.5 | N52: 943289.78 | O52: 64199.53 | P52: 84886 | Q52: 6904732.1 | R52: 12583.09 | S52: 11601 | T52: 96715 | U52: 2465.09 | V52: 5562355.5 | W52: 707272 | X52: 637582 | Y52: 1406.68 | Z52: =ROUND(SUM(C52:Y52),2) -> 22505846
... A71: 46265 | C71: 3036339.6 | D71: 0 | E71: 0 | F71: 0 | G71: 0 | H71: 108107 | I71: 2226.8 | J71: 436540.64 | K71: 0 | L71: 5232243.9 | M71: 1.2840179e+08 | N71: 914033.35 | O71: 119939.77 | P71: 3131.74 | Q71: 2257130.4 | R71: 657.14 | S71: 338207 | T71: 4722.75 | U71: 8759.49 | V71: 11660627 | W71: 470187.41 | X71: 1669732 | Y71: 180 | Z71: =ROUND(SUM(C71:Y71),2) -> 1.5466455e+08
C72: =ROUND(SUM(C41:C71),2) -> 44835449 | D72: =ROUND(SUM(D41:D71),2) -> 8775982.5 | E72: =ROUND(SUM(E41:E71),2) -> 150 | F72: =ROUND(SUM(F41:F71),2) -> 2250 | G72: =ROUND(SUM(G41:G71),2) -> 127012 | H72: =ROUND(SUM(H41:H71),2) -> 970651.68 | I72: =ROUND(SUM(I41:I71),2) -> 636687.35 | J72: =ROUND(SUM(J41:J71),2) -> 4588997 | ... Z72: =ROUND(SUM(Z41:Z71),2) -> 2.1469622e+09
A74: 46266 | C74: 1152197.1 | D74: 0 | E74: 0 | F74: 0 | G74: 0 | H74: 0 | I74: 0 | J74: 59613.22 | K74: 0 | L74: 22314 | M74: 2993228.4 | N74: 618816.53 | O74: 178547.68 | P74: 12741 | Q74: 1220033.5 | R74: 1266.33 | S74: 0 | T74: 16458.83 | U74: 1594 | V74: 5612627.7 | W74: 531297 | X74: 0 | Y74: -187.5 | Z74: =ROUND(SUM(C74:Y74),2) -> 12420548
A75: 46267 | C75: 1569465.1 | D75: 0 | E75: 0 | F75: 0 | G75: 0 | H75: 5498.6 | I75: 0 | J75: 29489 | K75: 92656 | L75: 107623 | M75: 4448483.8 | N75: 441573.43 | O75: 53989.15 | P75: 69165 | Q75: 2124041.7 | R75: 550.45 | S75: 773 | T75: 2401.5 | U75: 642 | V75: 8461730.2 | W75: 556284 | X75: 311675 | Y75: 257.5 | Z75: =ROUND(SUM(C75:Y75),2) -> 18276298
A76: 46268 | C76: 1151210 | D76: 0 | E76: 0 | F76: 0 | G76: 0 | H76: 2488.05 | I76: 0 | J76: 23998.36 | K76: 0 | L76: 0 | M76: 7813114.6 | N76: 707525.19 | O76: 24897 | P76: 13415 | Q76: 1892736.9 | R76: 2825.99 | S76: 0 | T76: 8120.09 | U76: 0 | V76: 9360280.7 | W76: 593363 | X76: 65335 | Y76: 813.9 | Z76: =ROUND(SUM(C76:Y76),2) -> 21660124
A77: 46269 | C77: -1567054.9 | D77: 87 | E77: 0 | F77: 0 | G77: 350 | H77: 0 | I77: 0 | J77: 7192.07 | K77: 0 | L77: 33479 | M77: 18011064 | N77: 460288.1 | O77: 312161.29 | P77: 6186 | Q77: 1282900 | R77: 615.46 | S77: 68152 | T77: 2739.39 | U77: 6442 | V77: 9635710 | W77: 491264 | X77: 7874 | Y77: 896.7 | Z77: =ROUND(SUM(C77:Y77),2) -> 28760346
A78: 46270 | C78: 0 | D78: 0 | E78: 0 | F78: 0 | G78: 0 | H78: 0 | I78: 0 | J78: 0 | K78: 0 | L78: 0 | M78: 0 | N78: 0 | O78: 0 | P78: 0 | Q78: 0 | R78: 0 | S78: 0 | T78: 0 | U78: 0 | V78: 0 | W78: 0 | X78: 0 | Y78: 0 | Z78: =ROUND(SUM(C78:Y78),2) -> 0
A79: 46271 | C79: 0 | D79: 0 | E79: 0 | F79: 0 | G79: 0 | H79: 0 | I79: 0 | J79: 0 | K79: 0 | L79: 0 | M79: 0 | N79: 0 | O79: 0 | P79: 0 | Q79: 0 | R79: 0 | S79: 0 | T79: 0 | U79: 0 | V79: 0 | W79: 0 | X79: 0 | Y79: 0 | Z79: =ROUND(SUM(C79:Y79),2) -> 0
A80: 46272 | C80: 0 | D80: 0 | E80: 0 | F80: 0 | G80: 0 | H80: 0 | I80: 0 | J80: 0 | K80: 0 | L80: 0 | M80: 0 | N80: 0 | O80: 0 | P80: 0 | Q80: 0 | R80: 0 | S80: 0 | T80: 0 | U80: 0 | V80: 0 | W80: 0 | X80: 0 | Y80: 0 | Z80: =ROUND(SUM(C80:Y80),2) -> 0
A81: 46273 | C81: 3343130.4 | D81: 0 | E81: 0 | F81: 0 | G81: 0 | H81: 137323 | I81: 0 | J81: 350422.32 | K81: 13350.1 | L81: 6084918.2 | M81: 2.1508884e+08 | N81: 549245.76 | O81: 123013 | P81: 54992.83 | Q81: 3075686.3 | R81: 10199.79 | S81: 299539 | T81: 30345 | U81: 9136.44 | V81: 13784201 | W81: 592285 | X81: 1566099 | Y81: 8785.3 | Z81: =ROUND(SUM(C81:Y81),2) -> 2.4512151e+08
A82: 46274 | C82: 211673.42 | D82: 0 | E82: 0 | F82: 0 | G82: 0 | H82: 0 | I82: 0 | J82: 345036 | K82: 0 | L82: 1740 | M82: 1253015 | N82: 996684.47 | O82: 155720.08 | P82: 15625 | Q82: 427006.77 | R82: 0 | S82: 0 | T82: 0 | U82: 0 | V82: 5683187 | W82: 572478 | X82: 0 | Y82: 0 | Z82: =ROUND(SUM(C82:Y82),2) -> 9662165.7
A83: 46275 | C83: 372991.69 | D83: 201 | E83: 0 | F83: 0 | G83: 0 | H83: 0 | I83: 0 | J83: 42303.04 | K83: 0 | L83: 48295 | M83: 7453821.1 | N83: 631564.55 | O83: 143333.87 | P83: 19407 | Q83: 981529.91 | R83: 263 | S83: 0 | T83: 5719 | U83: 508.33 | V83: 9002332 | W83: 470263 | X83: 409621.08 | Y83: 207.5 | Z83: =ROUND(SUM(C83:Y83),2) -> 19582361
A84: 46276 | C84: 1211704.2 | D84: 247929 | E84: 0 | F84: 0 | G84: 0 | H84: 23755 | I84: 7759 | J84: 33640.06 | K84: 112411.3 | L84: 614367 | M84: 21381276 | N84: 766208.63 | O84: 206501 | P84: 144370.18 | Q84: 2012140.2 | R84: 2604.37 | S84: 116 | T84: 40824 | U84: 0 | V84: 9552047.5 | W84: 613887 | X84: -32793 | Y84: 838.6 | Z84: =ROUND(SUM(C84:Y84),2) -> 36939586
A85: 46277 | C85: 0 | D85: 0 | E85: 0 | F85: 0 | G85: 0 | H85: 0 | I85: 0 | J85: 0 | K85: 0 | L85: 0 | M85: 0 | N85: 0 | O85: 0 | P85: 0 | Q85: 0 | R85: 0 | S85: 0 | T85: 0 | U85: 0 | V85: 0 | W85: 0 | X85: 0 | Y85: 0 | Z85: =ROUND(SUM(C85:Y85),2) -> 0
... A103: 46295 | C103: 1745165.4 | D103: 11078 | E103: 0 | F103: 0 | G103: 0 | H103: 96688 | I103: 0 | J103: 377738.4 | K103: 4441 | L103: 4820363.7 | M103: 1.3486753e+08 | N103: 704071.07 | O103: -3985.24 | P103: 79946.5 | Q103: 3298369.7 | R103: 2589.56 | S103: 213021 | T103: 18283.58 | U103: 9216 | V103: 9058603.1 | W103: 450245 | X103: 1515549.1 | Y103: 15 | Z103: =ROUND(SUM(C103:Y103),2) -> 1.5726893e+08
C104: =ROUND(SUM(C74:C103),2) -> 28112820 | D104: =ROUND(SUM(D74:D103),2) -> 8720517.9 | E104: =ROUND(SUM(E74:E103),2) -> 0 | F104: =ROUND(SUM(F74:F103),2) -> 0 | G104: =ROUND(SUM(G74:G103),2) -> 71476.44 | H104: =ROUND(SUM(H74:H103),2) -> 832849.93 | I104: =ROUND(SUM(I74:I103),2) -> 638462.12 | J104: =ROUND(SUM(J74:J103),2) -> 5125812.1 | ... Z104: =ROUND(SUM(Z74:Z103),2) -> 2.1420021e+09
A106: 46296 | C106: 0 | D106: 0 | E106: 0 | F106: 0 | G106: 0 | H106: 0 | I106: 0 | J106: 0 | K106: 0 | L106: 0 | M106: 0 | N106: 0 | O106: 0 | P106: 0 | Q106: 0 | R106: 0 | S106: 0 | T106: 0 | U106: 0 | V106: 0 | W106: 0 | X106: 0 | Y106: 0 | Z106: =ROUND(SUM(C106:Y106),2) -> 0
A107: 46297 | C107: 0 | D107: 0 | E107: 0 | F107: 0 | G107: 0 | H107: 0 | I107: 0 | J107: 0 | K107: 0 | L107: 0 | M107: 0 | N107: 0 | O107: 0 | P107: 0 | Q107: 0 | R107: 0 | S107: 0 | T107: 0 | U107: 0 | V107: 0 | W107: 0 | X107: 0 | Y107: 0 | Z107: =ROUND(SUM(C107:Y107),2) -> 0
A108: 46298 | C108: 0 | D108: 0 | E108: 0 | F108: 0 | G108: 0 | H108: 0 | I108: 0 | J108: 0 | K108: 0 | L108: 0 | M108: 0 | N108: 0 | O108: 0 | P108: 0 | Q108: 0 | R108: 0 | S108: 0 | T108: 0 | U108: 0 | V108: 0 | W108: 0 | X108: 0 | Y108: 0 | Z108: =ROUND(SUM(C108:Y108),2) -> 0
A109: 46299 | C109: 0 | D109: 0 | E109: 0 | F109: 0 | G109: 0 | H109: 0 | I109: 0 | J109: 0 | K109: 0 | L109: 0 | M109: 0 | N109: 0 | O109: 0 | P109: 0 | Q109: 0 | R109: 0 | S109: 0 | T109: 0 | U109: 0 | V109: 0 | W109: 0 | X109: 0 | Y109: 0 | Z109: =ROUND(SUM(C109:Y109),2) -> 0
A110: 46300 | C110: 0 | D110: 0 | E110: 0 | F110: 0 | G110: 0 | H110: 0 | I110: 0 | J110: 0 | K110: 0 | L110: 0 | M110: 0 | N110: 0 | O110: 0 | P110: 0 | Q110: 0 | R110: 0 | S110: 0 | T110: 0 | U110: 0 | V110: 0 | W110: 0 | X110: 0 | Y110: 0 | Z110: =ROUND(SUM(C110:Y110),2) -> 0
A111: 46301 | C111: 0 | D111: 0 | E111: 0 | F111: 0 | G111: 0 | H111: 0 | I111: 0 | J111: 0 | K111: 0 | L111: 0 | M111: 0 | N111: 0 | O111: 0 | P111: 0 | Q111: 0 | R111: 0 | S111: 0 | T111: 0 | U111: 0 | V111: 0 | W111: 0 | X111: 0 | Y111: 0 | Z111: =ROUND(SUM(C111:Y111),2) -> 0
A112: 46302 | C112: 0 | D112: 0 | E112: 0 | F112: 0 | G112: 0 | H112: 0 | I112: 0 | J112: 0 | K112: 0 | L112: 0 | M112: 0 | N112: 0 | O112: 0 | P112: 0 | Q112: 0 | R112: 0 | S112: 0 | T112: 0 | U112: 0 | V112: 0 | W112: 0 | X112: 0 | Y112: 0 | Z112: =ROUND(SUM(C112:Y112),2) -> 0
A113: 46303 | C113: 0 | D113: 0 | E113: 0 | F113: 0 | G113: 0 | H113: 0 | I113: 0 | J113: 0 | K113: 0 | L113: 0 | M113: 0 | N113: 0 | O113: 0 | P113: 0 | Q113: 0 | R113: 0 | S113: 0 | T113: 0 | U113: 0 | V113: 0 | W113: 0 | X113: 0 | Y113: 0 | Z113: =ROUND(SUM(C113:Y113),2) -> 0
A114: 46304 | C114: 0 | D114: 0 | E114: 0 | F114: 0 | G114: 0 | H114: 0 | I114: 0 | J114: 0 | K114: 0 | L114: 0 | M114: 0 | N114: 0 | O114: 0 | P114: 0 | Q114: 0 | R114: 0 | S114: 0 | T114: 0 | U114: 0 | V114: 0 | W114: 0 | X114: 0 | Y114: 0 | Z114: =ROUND(SUM(C114:Y114),2) -> 0
A115: 46305 | C115: 0 | D115: 0 | E115: 0 | F115: 0 | G115: 0 | H115: 0 | I115: 0 | J115: 0 | K115: 0 | L115: 0 | M115: 0 | N115: 0 | O115: 0 | P115: 0 | Q115: 0 | R115: 0 | S115: 0 | T115: 0 | U115: 0 | V115: 0 | W115: 0 | X115: 0 | Y115: 0 | Z115: =ROUND(SUM(C115:Y115),2) -> 0
A116: 46306 | C116: 0 | D116: 0 | E116: 0 | F116: 0 | G116: 0 | H116: 0 | I116: 0 | J116: 0 | K116: 0 | L116: 0 | M116: 0 | N116: 0 | O116: 0 | P116: 0 | Q116: 0 | R116: 0 | S116: 0 | T116: 0 | U116: 0 | V116: 0 | W116: 0 | X116: 0 | Y116: 0 | Z116: =ROUND(SUM(C116:Y116),2) -> 0
A117: 46307 | C117: 0 | D117: 0 | E117: 0 | F117: 0 | G117: 0 | H117: 0 | I117: 0 | J117: 0 | K117: 0 | L117: 0 | M117: 0 | N117: 0 | O117: 0 | P117: 0 | Q117: 0 | R117: 0 | S117: 0 | T117: 0 | U117: 0 | V117: 0 | W117: 0 | X117: 0 | Y117: 0 | Z117: =ROUND(SUM(C117:Y117),2) -> 0
... A136: 46326 | C136: 0 | D136: 0 | E136: 0 | F136: 0 | G136: 0 | H136: 0 | I136: 0 | J136: 0 | K136: 0 | L136: 0 | M136: 0 | N136: 0 | O136: 0 | P136: 0 | Q136: 0 | R136: 0 | S136: 0 | T136: 0 | U136: 0 | V136: 0 | W136: 0 | X136: 0 | Y136: 0 | Z136: =ROUND(SUM(C136:Y136),2) -> 0
C137: =ROUND(SUM(C106:C136),2) -> 0 | D137: =ROUND(SUM(D106:D136),2) -> 0 | E137: =ROUND(SUM(E106:E136),2) -> 0 | F137: =ROUND(SUM(F106:F136),2) -> 0 | G137: =ROUND(SUM(G106:G136),2) -> 0 | H137: =ROUND(SUM(H106:H136),2) -> 0 | I137: =ROUND(SUM(I106:I136),2) -> 0 | J137: =ROUND(SUM(J106:J136),2) -> 0 | ... Z137: =ROUND(SUM(Z106:Z136),2) -> 0
A139: 46327 | C139: 0 | D139: 0 | E139: 0 | F139: 0 | G139: 0 | H139: 0 | I139: 0 | J139: 0 | K139: 0 | L139: 0 | M139: 0 | N139: 0 | O139: 0 | P139: 0 | Q139: 0 | R139: 0 | S139: 0 | T139: 0 | U139: 0 | V139: 0 | W139: 0 | X139: 0 | Y139: 0 | Z139: =ROUND(SUM(C139:Y139),2) -> 0
A140: 46328 | C140: 0 | D140: 0 | E140: 0 | F140: 0 | G140: 0 | H140: 0 | I140: 0 | J140: 0 | K140: 0 | L140: 0 | M140: 0 | N140: 0 | O140: 0 | P140: 0 | Q140: 0 | R140: 0 | S140: 0 | T140: 0 | U140: 0 | V140: 0 | W140: 0 | X140: 0 | Y140: 0 | Z140: =ROUND(SUM(C140:Y140),2) -> 0
A141: 46329 | C141: 0 | D141: 0 | E141: 0 | F141: 0 | G141: 0 | H141: 0 | I141: 0 | J141: 0 | K141: 0 | L141: 0 | M141: 0 | N141: 0 | O141: 0 | P141: 0 | Q141: 0 | R141: 0 | S141: 0 | T141: 0 | U141: 0 | V141: 0 | W141: 0 | X141: 0 | Y141: 0 | Z141: =ROUND(SUM(C141:Y141),2) -> 0
A142: 46330 | C142: 0 | D142: 0 | E142: 0 | F142: 0 | G142: 0 | H142: 0 | I142: 0 | J142: 0 | K142: 0 | L142: 0 | M142: 0 | N142: 0 | O142: 0 | P142: 0 | Q142: 0 | R142: 0 | S142: 0 | T142: 0 | U142: 0 | V142: 0 | W142: 0 | X142: 0 | Y142: 0 | Z142: =ROUND(SUM(C142:Y142),2) -> 0
A143: 46331 | C143: 0 | D143: 0 | E143: 0 | F143: 0 | G143: 0 | H143: 0 | I143: 0 | J143: 0 | K143: 0 | L143: 0 | M143: 0 | N143: 0 | O143: 0 | P143: 0 | Q143: 0 | R143: 0 | S143: 0 | T143: 0 | U143: 0 | V143: 0 | W143: 0 | X143: 0 | Y143: 0 | Z143: =ROUND(SUM(C143:Y143),2) -> 0
A144: 46332 | C144: 0 | D144: 0 | E144: 0 | F144: 0 | G144: 0 | H144: 0 | I144: 0 | J144: 0 | K144: 0 | L144: 0 | M144: 0 | N144: 0 | O144: 0 | P144: 0 | Q144: 0 | R144: 0 | S144: 0 | T144: 0 | U144: 0 | V144: 0 | W144: 0 | X144: 0 | Y144: 0 | Z144: =ROUND(SUM(C144:Y144),2) -> 0
A145: 46333 | C145: 0 | D145: 0 | E145: 0 | F145: 0 | G145: 0 | H145: 0 | I145: 0 | J145: 0 | K145: 0 | L145: 0 | M145: 0 | N145: 0 | O145: 0 | P145: 0 | Q145: 0 | R145: 0 | S145: 0 | T145: 0 | U145: 0 | V145: 0 | W145: 0 | X145: 0 | Y145: 0 | Z145: =ROUND(SUM(C145:Y145),2) -> 0
A146: 46334 | C146: 0 | D146: 0 | E146: 0 | F146: 0 | G146: 0 | H146: 0 | I146: 0 | J146: 0 | K146: 0 | L146: 0 | M146: 0 | N146: 0 | O146: 0 | P146: 0 | Q146: 0 | R146: 0 | S146: 0 | T146: 0 | U146: 0 | V146: 0 | W146: 0 | X146: 0 | Y146: 0 | Z146: =ROUND(SUM(C146:Y146),2) -> 0
A147: 46335 | C147: 0 | D147: 0 | E147: 0 | F147: 0 | G147: 0 | H147: 0 | I147: 0 | J147: 0 | K147: 0 | L147: 0 | M147: 0 | N147: 0 | O147: 0 | P147: 0 | Q147: 0 | R147: 0 | S147: 0 | T147: 0 | U147: 0 | V147: 0 | W147: 0 | X147: 0 | Y147: 0 | Z147: =ROUND(SUM(C147:Y147),2) -> 0
A148: 46336 | C148: 0 | D148: 0 | E148: 0 | F148: 0 | G148: 0 | H148: 0 | I148: 0 | J148: 0 | K148: 0 | L148: 0 | M148: 0 | N148: 0 | O148: 0 | P148: 0 | Q148: 0 | R148: 0 | S148: 0 | T148: 0 | U148: 0 | V148: 0 | W148: 0 | X148: 0 | Y148: 0 | Z148: =ROUND(SUM(C148:Y148),2) -> 0
A149: 46337 | C149: 0 | D149: 0 | E149: 0 | F149: 0 | G149: 0 | H149: 0 | I149: 0 | J149: 0 | K149: 0 | L149: 0 | M149: 0 | N149: 0 | O149: 0 | P149: 0 | Q149: 0 | R149: 0 | S149: 0 | T149: 0 | U149: 0 | V149: 0 | W149: 0 | X149: 0 | Y149: 0 | Z149: =ROUND(SUM(C149:Y149),2) -> 0
A150: 46338 | C150: 0 | D150: 0 | E150: 0 | F150: 0 | G150: 0 | H150: 0 | I150: 0 | J150: 0 | K150: 0 | L150: 0 | M150: 0 | N150: 0 | O150: 0 | P150: 0 | Q150: 0 | R150: 0 | S150: 0 | T150: 0 | U150: 0 | V150: 0 | W150: 0 | X150: 0 | Y150: 0 | Z150: =ROUND(SUM(C150:Y150),2) -> 0
... A168: 46356 | C168: 0 | D168: 0 | E168: 0 | F168: 0 | G168: 0 | H168: 0 | I168: 0 | J168: 0 | K168: 0 | L168: 0 | M168: 0 | N168: 0 | O168: 0 | P168: 0 | Q168: 0 | R168: 0 | S168: 0 | T168: 0 | U168: 0 | V168: 0 | W168: 0 | X168: 0 | Y168: 0 | Z168: =ROUND(SUM(C168:Y168),2) -> 0
C169: =ROUND(SUM(C139:C168),2) -> 0 | D169: =ROUND(SUM(D139:D168),2) -> 0 | E169: =ROUND(SUM(E139:E168),2) -> 0 | F169: =ROUND(SUM(F139:F168),2) -> 0 | G169: =ROUND(SUM(G139:G168),2) -> 0 | H169: =ROUND(SUM(H139:H168),2) -> 0 | I169: =ROUND(SUM(I139:I168),2) -> 0 | J169: =ROUND(SUM(J139:J168),2) -> 0 | ... Z169: =ROUND(SUM(Z139:Z168),2) -> 0
A171: 46357 | C171: 0 | D171: 0 | E171: 0 | F171: 0 | G171: 0 | H171: 0 | I171: 0 | J171: 0 | K171: 0 | L171: 0 | M171: 0 | N171: 0 | O171: 0 | P171: 0 | Q171: 0 | R171: 0 | S171: 0 | T171: 0 | U171: 0 | V171: 0 | W171: 0 | X171: 0 | Y171: 0 | Z171: =ROUND(SUM(C171:Y171),2) -> 0
A172: 46358 | C172: 0 | D172: 0 | E172: 0 | F172: 0 | G172: 0 | H172: 0 | I172: 0 | J172: 0 | K172: 0 | L172: 0 | M172: 0 | N172: 0 | O172: 0 | P172: 0 | Q172: 0 | R172: 0 | S172: 0 | T172: 0 | U172: 0 | V172: 0 | W172: 0 | X172: 0 | Y172: 0 | Z172: =ROUND(SUM(C172:Y172),2) -> 0
A173: 46359 | C173: 0 | D173: 0 | E173: 0 | F173: 0 | G173: 0 | H173: 0 | I173: 0 | J173: 0 | K173: 0 | L173: 0 | M173: 0 | N173: 0 | O173: 0 | P173: 0 | Q173: 0 | R173: 0 | S173: 0 | T173: 0 | U173: 0 | V173: 0 | W173: 0 | X173: 0 | Y173: 0 | Z173: =ROUND(SUM(C173:Y173),2) -> 0
A174: 46360 | C174: 0 | D174: 0 | E174: 0 | F174: 0 | G174: 0 | H174: 0 | I174: 0 | J174: 0 | K174: 0 | L174: 0 | M174: 0 | N174: 0 | O174: 0 | P174: 0 | Q174: 0 | R174: 0 | S174: 0 | T174: 0 | U174: 0 | V174: 0 | W174: 0 | X174: 0 | Y174: 0 | Z174: =ROUND(SUM(C174:Y174),2) -> 0
A175: 46361 | C175: 0 | D175: 0 | E175: 0 | F175: 0 | G175: 0 | H175: 0 | I175: 0 | J175: 0 | K175: 0 | L175: 0 | M175: 0 | N175: 0 | O175: 0 | P175: 0 | Q175: 0 | R175: 0 | S175: 0 | T175: 0 | U175: 0 | V175: 0 | W175: 0 | X175: 0 | Y175: 0 | Z175: =ROUND(SUM(C175:Y175),2) -> 0
A176: 46362 | C176: 0 | D176: 0 | E176: 0 | F176: 0 | G176: 0 | H176: 0 | I176: 0 | J176: 0 | K176: 0 | L176: 0 | M176: 0 | N176: 0 | O176: 0 | P176: 0 | Q176: 0 | R176: 0 | S176: 0 | T176: 0 | U176: 0 | V176: 0 | W176: 0 | X176: 0 | Y176: 0 | Z176: =ROUND(SUM(C176:Y176),2) -> 0
A177: 46363 | C177: 0 | D177: 0 | E177: 0 | F177: 0 | G177: 0 | H177: 0 | I177: 0 | J177: 0 | K177: 0 | L177: 0 | M177: 0 | N177: 0 | O177: 0 | P177: 0 | Q177: 0 | R177: 0 | S177: 0 | T177: 0 | U177: 0 | V177: 0 | W177: 0 | X177: 0 | Y177: 0 | Z177: =ROUND(SUM(C177:Y177),2) -> 0
A178: 46364 | C178: 0 | D178: 0 | E178: 0 | F178: 0 | G178: 0 | H178: 0 | I178: 0 | J178: 0 | K178: 0 | L178: 0 | M178: 0 | N178: 0 | O178: 0 | P178: 0 | Q178: 0 | R178: 0 | S178: 0 | T178: 0 | U178: 0 | V178: 0 | W178: 0 | X178: 0 | Y178: 0 | Z178: =ROUND(SUM(C178:Y178),2) -> 0
A179: 46365 | C179: 0 | D179: 0 | E179: 0 | F179: 0 | G179: 0 | H179: 0 | I179: 0 | J179: 0 | K179: 0 | L179: 0 | M179: 0 | N179: 0 | O179: 0 | P179: 0 | Q179: 0 | R179: 0 | S179: 0 | T179: 0 | U179: 0 | V179: 0 | W179: 0 | X179: 0 | Y179: 0 | Z179: =ROUND(SUM(C179:Y179),2) -> 0
A180: 46366 | C180: 0 | D180: 0 | E180: 0 | F180: 0 | G180: 0 | H180: 0 | I180: 0 | J180: 0 | K180: 0 | L180: 0 | M180: 0 | N180: 0 | O180: 0 | P180: 0 | Q180: 0 | R180: 0 | S180: 0 | T180: 0 | U180: 0 | V180: 0 | W180: 0 | X180: 0 | Y180: 0 | Z180: =ROUND(SUM(C180:Y180),2) -> 0
A181: 46367 | C181: 0 | D181: 0 | E181: 0 | F181: 0 | G181: 0 | H181: 0 | I181: 0 | J181: 0 | K181: 0 | L181: 0 | M181: 0 | N181: 0 | O181: 0 | P181: 0 | Q181: 0 | R181: 0 | S181: 0 | T181: 0 | U181: 0 | V181: 0 | W181: 0 | X181: 0 | Y181: 0 | Z181: =ROUND(SUM(C181:Y181),2) -> 0
A182: 46368 | C182: 0 | D182: 0 | E182: 0 | F182: 0 | G182: 0 | H182: 0 | I182: 0 | J182: 0 | K182: 0 | L182: 0 | M182: 0 | N182: 0 | O182: 0 | P182: 0 | Q182: 0 | R182: 0 | S182: 0 | T182: 0 | U182: 0 | V182: 0 | W182: 0 | X182: 0 | Y182: 0 | Z182: =ROUND(SUM(C182:Y182),2) -> 0
... A201: 46387 | C201: 0 | D201: 0 | E201: 0 | F201: 0 | G201: 0 | H201: 0 | I201: 0 | J201: 0 | K201: 0 | L201: 0 | M201: 0 | N201: 0 | O201: 0 | P201: 0 | Q201: 0 | R201: 0 | S201: 0 | T201: 0 | U201: 0 | V201: 0 | W201: 0 | X201: 0 | Y201: 0 | Z201: =ROUND(SUM(C201:Y201),2) -> 0
C202: =ROUND(SUM(C171:C201),2) -> 0 | D202: =ROUND(SUM(D171:D201),2) -> 0 | E202: =ROUND(SUM(E171:E201),2) -> 0 | F202: =ROUND(SUM(F171:F201),2) -> 0 | G202: =ROUND(SUM(G171:G201),2) -> 0 | H202: =ROUND(SUM(H171:H201),2) -> 0 | I202: =ROUND(SUM(I171:I201),2) -> 0 | J202: =ROUND(SUM(J171:J201),2) -> 0 | ... Z202: =ROUND(SUM(Z171:Z201),2) -> 0
A204: 46388 | C204: 0 | D204: 0 | E204: 0 | F204: 0 | G204: 0 | H204: 0 | I204: 0 | J204: 0 | K204: 0 | L204: 0 | M204: 0 | N204: 0 | O204: 0 | P204: 0 | Q204: 0 | R204: 0 | S204: 0 | T204: 0 | U204: 0 | V204: 0 | W204: 0 | X204: 0 | Y204: 0 | Z204: =ROUND(SUM(C204:Y204),2) -> 0
A205: 46389 | C205: 0 | D205: 0 | E205: 0 | F205: 0 | G205: 0 | H205: 0 | I205: 0 | J205: 0 | K205: 0 | L205: 0 | M205: 0 | N205: 0 | O205: 0 | P205: 0 | Q205: 0 | R205: 0 | S205: 0 | T205: 0 | U205: 0 | V205: 0 | W205: 0 | X205: 0 | Y205: 0 | Z205: =ROUND(SUM(C205:Y205),2) -> 0
A206: 46390 | C206: 0 | D206: 0 | E206: 0 | F206: 0 | G206: 0 | H206: 0 | I206: 0 | J206: 0 | K206: 0 | L206: 0 | M206: 0 | N206: 0 | O206: 0 | P206: 0 | Q206: 0 | R206: 0 | S206: 0 | T206: 0 | U206: 0 | V206: 0 | W206: 0 | X206: 0 | Y206: 0 | Z206: =ROUND(SUM(C206:Y206),2) -> 0
A207: 46391 | C207: 0 | D207: 0 | E207: 0 | F207: 0 | G207: 0 | H207: 0 | I207: 0 | J207: 0 | K207: 0 | L207: 0 | M207: 0 | N207: 0 | O207: 0 | P207: 0 | Q207: 0 | R207: 0 | S207: 0 | T207: 0 | U207: 0 | V207: 0 | W207: 0 | X207: 0 | Y207: 0 | Z207: =ROUND(SUM(C207:Y207),2) -> 0
A208: 46392 | C208: 0 | D208: 0 | E208: 0 | F208: 0 | G208: 0 | H208: 0 | I208: 0 | J208: 0 | K208: 0 | L208: 0 | M208: 0 | N208: 0 | O208: 0 | P208: 0 | Q208: 0 | R208: 0 | S208: 0 | T208: 0 | U208: 0 | V208: 0 | W208: 0 | X208: 0 | Y208: 0 | Z208: =ROUND(SUM(C208:Y208),2) -> 0
A209: 46393 | C209: 0 | D209: 0 | E209: 0 | F209: 0 | G209: 0 | H209: 0 | I209: 0 | J209: 0 | K209: 0 | L209: 0 | M209: 0 | N209: 0 | O209: 0 | P209: 0 | Q209: 0 | R209: 0 | S209: 0 | T209: 0 | U209: 0 | V209: 0 | W209: 0 | X209: 0 | Y209: 0 | Z209: =ROUND(SUM(C209:Y209),2) -> 0
A210: 46394 | C210: 0 | D210: 0 | E210: 0 | F210: 0 | G210: 0 | H210: 0 | I210: 0 | J210: 0 | K210: 0 | L210: 0 | M210: 0 | N210: 0 | O210: 0 | P210: 0 | Q210: 0 | R210: 0 | S210: 0 | T210: 0 | U210: 0 | V210: 0 | W210: 0 | X210: 0 | Y210: 0 | Z210: =ROUND(SUM(C210:Y210),2) -> 0
A211: 46395 | C211: 0 | D211: 0 | E211: 0 | F211: 0 | G211: 0 | H211: 0 | I211: 0 | J211: 0 | K211: 0 | L211: 0 | M211: 0 | N211: 0 | O211: 0 | P211: 0 | Q211: 0 | R211: 0 | S211: 0 | T211: 0 | U211: 0 | V211: 0 | W211: 0 | X211: 0 | Y211: 0 | Z211: =ROUND(SUM(C211:Y211),2) -> 0
A212: 46396 | C212: 0 | D212: 0 | E212: 0 | F212: 0 | G212: 0 | H212: 0 | I212: 0 | J212: 0 | K212: 0 | L212: 0 | M212: 0 | N212: 0 | O212: 0 | P212: 0 | Q212: 0 | R212: 0 | S212: 0 | T212: 0 | U212: 0 | V212: 0 | W212: 0 | X212: 0 | Y212: 0 | Z212: =ROUND(SUM(C212:Y212),2) -> 0
A213: 46397 | C213: 0 | D213: 0 | E213: 0 | F213: 0 | G213: 0 | H213: 0 | I213: 0 | J213: 0 | K213: 0 | L213: 0 | M213: 0 | N213: 0 | O213: 0 | P213: 0 | Q213: 0 | R213: 0 | S213: 0 | T213: 0 | U213: 0 | V213: 0 | W213: 0 | X213: 0 | Y213: 0 | Z213: =ROUND(SUM(C213:Y213),2) -> 0
A214: 46398 | C214: 0 | D214: 0 | E214: 0 | F214: 0 | G214: 0 | H214: 0 | I214: 0 | J214: 0 | K214: 0 | L214: 0 | M214: 0 | N214: 0 | O214: 0 | P214: 0 | Q214: 0 | R214: 0 | S214: 0 | T214: 0 | U214: 0 | V214: 0 | W214: 0 | X214: 0 | Y214: 0 | Z214: =ROUND(SUM(C214:Y214),2) -> 0
...

Sheet Motor Fuel
A1: ILLINOIS DEPARTMENT OF REVENUE
A2: DAILY COLLECTIONS FROM MAJOR REVENUE SOURCES
A3: FISCAL YEAR 2027
C5: MOTOR FUEL
A6: Date | C6: Assessments | D6: IFTA Application | E6: IFTA Return | F6: IFTA Transmittals | G6: RMFT-144 Alt Fuels Tax | H6: RMFT-5 Motor Fuel Tax | I6: RMFT-5-US UST Tax | J6: Single Trip Permit | K6: Total
A8: 46204 | C8: 6445.6 | D8: 3158.75 | E8: 10214.85 | F8: 0 | G8: 0 | H8: 1351.68 | I8: 14.05 | J8: 600 | K8: =ROUND(SUM(C8:J8),2) -> 21784.93
A9: 46205 | C9: 0 | D9: 3101.5 | E9: 10454.77 | F9: 0 | G9: 0 | H9: 0 | I9: 0 | J9: 1880 | K9: =ROUND(SUM(C9:J9),2) -> 15436.27
A10: 46206 | C10: 84575.39 | D10: 2753.5 | E10: 41676.77 | F10: 0 | G10: 9070.85 | H10: 2969.14 | I10: 315.57 | J10: 640 | K10: =ROUND(SUM(C10:J10),2) -> 142001.22
A11: 46207 | C11: 0 | D11: 0 | E11: 0 | F11: 0 | G11: 0 | H11: 0 | I11: 0 | J11: 0 | K11: =ROUND(SUM(C11:J11),2) -> 0
A12: 46208 | C12: 0 | D12: 0 | E12: 0 | F12: 0 | G12: 0 | H12: 0 | I12: 0 | J12: 0 | K12: =ROUND(SUM(C12:J12),2) -> 0
A13: 46209 | C13: 26017.33 | D13: 2030 | E13: 37632.3 | F13: 0 | G13: 69.75 | H13: 4933.18 | I13: 1.1 | J13: 560 | K13: =ROUND(SUM(C13:J13),2) -> 71243.66
A14: 46210 | C14: 44138.73 | D14: -140.75 | E14: 81640.95 | F14: 0 | G14: 0 | H14: 8964.29 | I14: 196.69 | J14: 680 | K14: =ROUND(SUM(C14:J14),2) -> 135479.91
A15: 46211 | C15: 20035.07 | D15: 2959 | E15: 82251.95 | F15: 0 | G15: 78.12 | H15: 94084.44 | I15: 2445.96 | J15: 1240 | K15: =ROUND(SUM(C15:J15),2) -> 203094.54
A16: 46212 | C16: 2852.08 | D16: 2230 | E16: 135894.12 | F16: 0 | G16: 0 | H16: 18350.3 | I16: 229.15 | J16: 760 | K16: =ROUND(SUM(C16:J16),2) -> 160315.65
A17: 46213 | C17: 231.1 | D17: 1633 | E17: 96176.63 | F17: 0 | G17: 1352.59 | H17: 5313.2 | I17: 2032.68 | J17: 1120 | K17: =ROUND(SUM(C17:J17),2) -> 107859.2
A18: 46214 | C18: 0 | D18: 0 | E18: 0 | F18: 0 | G18: 0 | H18: 0 | I18: 0 | J18: 0 | K18: =ROUND(SUM(C18:J18),2) -> 0
A19: 46215 | C19: 0 | D19: 0 | E19: 0 | F19: 0 | G19: 0 | H19: 0 | I19: 0 | J19: 0 | K19: =ROUND(SUM(C19:J19),2) -> 0
... A38: 46234 | C38: 59808.56 | D38: 1319 | E38: 1478351.5 | F38: 0 | G38: 0 | H38: 356618.99 | I38: 8361.62 | J38: 560 | K38: =ROUND(SUM(C38:J38),2) -> 1905019.6
C39: =ROUND(SUM(C8:C38),2) -> 456794.38 | D39: =ROUND(SUM(D8:D38),2) -> 43092.21 | E39: =ROUND(SUM(E8:E38),2) -> 10229605 | F39: =ROUND(SUM(F8:F38),2) -> 350104.94 | G39: =ROUND(SUM(G8:G38),2) -> 569267.32 | H39: =ROUND(SUM(H8:H38),2) -> 2.3694849e+08 | I39: =ROUND(SUM(I8:I38),2) -> 5489053.8 | J39: =ROUND(SUM(J8:J38),2) -> 22600 | K39: =ROUND(SUM(K8:K38),2) -> 2.54109e+08
A41: 46235 | C41: 0 | D41: 0 | E41: 0 | F41: 0 | G41: 0 | H41: 0 | I41: 0 | J41: 0 | K41: =ROUND(SUM(C41:J41),2) -> 0
A42: 46236 | C42: 0 | D42: 0 | E42: 0 | F42: 0 | G42: 0 | H42: 0 | I42: 0 | J42: 0 | K42: =ROUND(SUM(C42:J42),2) -> 0
A43: 46237 | C43: 5176.81 | D43: 2068.5 | E43: 2028808.1 | F43: 0 | G43: 0 | H43: 31598.62 | I43: 657.63 | J43: 520 | K43: =ROUND(SUM(C43:J43),2) -> 2068829.7
A44: 46238 | C44: 12696.68 | D44: 1860.75 | E44: 4166112.6 | F44: 0 | G44: 0 | H44: 3111.03 | I44: 0 | J44: 1560 | K44: =ROUND(SUM(C44:J44),2) -> 4185341.1
A45: 46239 | C45: 23072.5 | D45: 2652.5 | E45: 173292.52 | F45: 0 | G45: 0 | H45: 3100 | I45: 2.77 | J45: 680 | K45: =ROUND(SUM(C45:J45),2) -> 202800.29
A46: 46240 | C46: 2196.63 | D46: 1091.25 | E46: 89479.62 | F46: 0 | G46: 183.03 | H46: 33745.04 | I46: 19461.41 | J46: 760 | K46: =ROUND(SUM(C46:J46),2) -> 146916.98
A47: 46241 | C47: 2553.32 | D47: 632 | E47: 70594.15 | F47: 0 | G47: 800.17 | H47: 8706.1 | I47: 271.73 | J47: 1280 | K47: =ROUND(SUM(C47:J47),2) -> 84837.47
A48: 46242 | C48: 0 | D48: 0 | E48: 0 | F48: 0 | G48: 0 | H48: 0 | I48: 0 | J48: 0 | K48: =ROUND(SUM(C48:J48),2) -> 0
A49: 46243 | C49: 0 | D49: 0 | E49: 0 | F49: 0 | G49: 0 | H49: 0 | I49: 0 | J49: 0 | K49: =ROUND(SUM(C49:J49),2) -> 0
A50: 46244 | C50: 14640.28 | D50: 1494 | E50: 66949.37 | F50: 695237.77 | G50: 0 | H50: 3401.53 | I50: 42.12 | J50: 880 | K50: =ROUND(SUM(C50:J50),2) -> 782645.07
A51: 46245 | C51: 6695.7 | D51: 1703.75 | E51: 42093.07 | F51: 0 | G51: 0 | H51: 3100 | I51: 0 | J51: 1560 | K51: =ROUND(SUM(C51:J51),2) -> 55152.52
A52: 46246 | C52: 10379.3 | D52: 1583.79 | E52: 104735.4 | F52: 0 | G52: 103379.66 | H52: 231099.96 | I52: 18450.24 | J52: 760 | K52: =ROUND(SUM(C52:J52),2) -> 470388.35
... A71: 46265 | C71: 4032.34 | D71: 1204.5 | E71: 46695.9 | F71: 0 | G71: -5 | H71: 4252.6 | I71: 31.24 | J71: 960 | K71: =ROUND(SUM(C71:J71),2) -> 57171.58
C72: =ROUND(SUM(C41:C71),2) -> 776735.09 | D72: =ROUND(SUM(D41:D71),2) -> 29629.29 | E72: =ROUND(SUM(E41:E71),2) -> 7565078.5 | F72: =ROUND(SUM(F41:F71),2) -> 695237.77 | G72: =ROUND(SUM(G41:G71),2) -> 551892.88 | H72: =ROUND(SUM(H41:H71),2) -> 2.4523868e+08 | I72: =ROUND(SUM(I41:I71),2) -> 5729059.1 | J72: =ROUND(SUM(J41:J71),2) -> 21120 | K72: =ROUND(SUM(K41:K71),2) -> 2.6060743e+08
A74: 46266 | C74: 1615.49 | D74: 1323.75 | E74: 30764.06 | F74: 0 | G74: 0 | H74: 0 | I74: 0 | J74: 1400 | K74: =ROUND(SUM(C74:J74),2) -> 35103.3
A75: 46267 | C75: 4446.25 | D75: 1113.5 | E75: 45854.82 | F75: 0 | G75: 24.55 | H75: 1570.77 | I75: 10.9 | J75: 880 | K75: =ROUND(SUM(C75:J75),2) -> 53900.79
A76: 46268 | C76: -316.96 | D76: 1238 | E76: 10973.9 | F76: 64.02 | G76: 0 | H76: 6754.42 | I76: 0 | J76: 800 | K76: =ROUND(SUM(C76:J76),2) -> 19513.38
A77: 46269 | C77: 1002.61 | D77: 1085 | E77: 32147.69 | F77: 0 | G77: 0 | H77: 3645.2 | I77: 117.67 | J77: 1320 | K77: =ROUND(SUM(C77:J77),2) -> 39318.17
A78: 46270 | C78: 0 | D78: 0 | E78: 0 | F78: 0 | G78: 0 | H78: 0 | I78: 0 | J78: 0 | K78: =ROUND(SUM(C78:J78),2) -> 0
A79: 46271 | C79: 0 | D79: 0 | E79: 0 | F79: 0 | G79: 0 | H79: 0 | I79: 0 | J79: 0 | K79: =ROUND(SUM(C79:J79),2) -> 0
A80: 46272 | C80: 0 | D80: 0 | E80: 0 | F80: 0 | G80: 0 | H80: 0 | I80: 0 | J80: 0 | K80: =ROUND(SUM(C80:J80),2) -> 0
A81: 46273 | C81: 17510.66 | D81: 1657.5 | E81: 75362.43 | F81: 0 | G81: 167.95 | H81: 474728.39 | I81: 13849.1 | J81: 1680 | K81: =ROUND(SUM(C81:J81),2) -> 584956.03
A82: 46274 | C82: 4134.58 | D82: 0 | E82: 0 | F82: 0 | G82: 0 | H82: 2829.75 | I82: 70.25 | J82: 1440 | K82: =ROUND(SUM(C82:J82),2) -> 8474.58
A83: 46275 | C83: -28270.16 | D83: 271.25 | E83: 2146.79 | F83: 0 | G83: 0 | H83: 165304.29 | I83: 5388.11 | J83: 920 | K83: =ROUND(SUM(C83:J83),2) -> 145760.28
A84: 46276 | C84: 0 | D84: 1474.25 | E84: 16842.23 | F84: 0 | G84: 16170.84 | H84: 597611.93 | I84: 14414.1 | J84: 920 | K84: =ROUND(SUM(C84:J84),2) -> 647433.35
A85: 46277 | C85: 0 | D85: 0 | E85: 0 | F85: 0 | G85: 0 | H85: 0 | I85: 0 | J85: 0 | K85: =ROUND(SUM(C85:J85),2) -> 0
... A103: 46295 | C103: 2944.87 | D103: 1857.75 | E103: 359.63 | F103: 0 | G103: 0 | H103: 0 | I103: 0 | J103: 920 | K103: =ROUND(SUM(C103:J103),2) -> 6082.25
C104: =ROUND(SUM(C74:C103),2) -> 127274.4 | D104: =ROUND(SUM(D74:D103),2) -> 28071.44 | E104: =ROUND(SUM(E74:E103),2) -> 385185.59 | F104: =ROUND(SUM(F74:F103),2) -> 9753163.2 | G104: =ROUND(SUM(G74:G103),2) -> 536181.64 | H104: =ROUND(SUM(H74:H103),2) -> 2.4130966e+08 | I104: =ROUND(SUM(I74:I103),2) -> 5636830 | J104: =ROUND(SUM(J74:J103),2) -> 24360 | K104: =ROUND(SUM(K74:K103),2) -> 2.5780072e+08
A106: 46296 | C106: 0 | D106: 0 | E106: 0 | F106: 0 | G106: 0 | H106: 0 | I106: 0 | J106: 0 | K106: =ROUND(SUM(C106:J106),2) -> 0
A107: 46297 | C107: 0 | D107: 0 | E107: 0 | F107: 0 | G107: 0 | H107: 0 | I107: 0 | J107: 0 | K107: =ROUND(SUM(C107:J107),2) -> 0
A108: 46298 | C108: 0 | D108: 0 | E108: 0 | F108: 0 | G108: 0 | H108: 0 | I108: 0 | J108: 0 | K108: =ROUND(SUM(C108:J108),2) -> 0
A109: 46299 | C109: 0 | D109: 0 | E109: 0 | F109: 0 | G109: 0 | H109: 0 | I109: 0 | J109: 0 | K109: =ROUND(SUM(C109:J109),2) -> 0
A110: 46300 | C110: 0 | D110: 0 | E110: 0 | F110: 0 | G110: 0 | H110: 0 | I110: 0 | J110: 0 | K110: =ROUND(SUM(C110:J110),2) -> 0
A111: 46301 | C111: 0 | D111: 0 | E111: 0 | F111: 0 | G111: 0 | H111: 0 | I111: 0 | J111: 0 | K111: =ROUND(SUM(C111:J111),2) -> 0
A112: 46302 | C112: 0 | D112: 0 | E112: 0 | F112: 0 | G112: 0 | H112: 0 | I112: 0 | J112: 0 | K112: =ROUND(SUM(C112:J112),2) -> 0
A113: 46303 | C113: 0 | D113: 0 | E113: 0 | F113: 0 | G113: 0 | H113: 0 | I113: 0 | J113: 0 | K113: =ROUND(SUM(C113:J113),2) -> 0
A114: 46304 | C114: 0 | D114: 0 | E114: 0 | F114: 0 | G114: 0 | H114: 0 | I114: 0 | J114: 0 | K114: =ROUND(SUM(C114:J114),2) -> 0
A115: 46305 | C115: 0 | D115: 0 | E115: 0 | F115: 0 | G115: 0 | H115: 0 | I115: 0 | J115: 0 | K115: =ROUND(SUM(C115:J115),2) -> 0
A116: 46306 | C116: 0 | D116: 0 | E116: 0 | F116: 0 | G116: 0 | H116: 0 | I116: 0 | J116: 0 | K116: =ROUND(SUM(C116:J116),2) -> 0
A117: 46307 | C117: 0 | D117: 0 | E117: 0 | F117: 0 | G117: 0 | H117: 0 | I117: 0 | J117: 0 | K117: =ROUND(SUM(C117:J117),2) -> 0
... A136: 46326 | C136: 0 | D136: 0 | E136: 0 | F136: 0 | G136: 0 | H136: 0 | I136: 0 | J136: 0 | K136: =ROUND(SUM(C136:J136),2) -> 0
C137: =ROUND(SUM(C106:C136),2) -> 0 | D137: =ROUND(SUM(D106:D136),2) -> 0 | E137: =ROUND(SUM(E106:E136),2) -> 0 | F137: =ROUND(SUM(F106:F136),2) -> 0 | G137: =ROUND(SUM(G106:G136),2) -> 0 | H137: =ROUND(SUM(H106:H136),2) -> 0 | I137: =ROUND(SUM(I106:I136),2) -> 0 | J137: =ROUND(SUM(J106:J136),2) -> 0 | K137: =ROUND(SUM(K106:K136),2) -> 0
A139: 46327 | C139: 0 | D139: 0 | E139: 0 | F139: 0 | G139: 0 | H139: 0 | I139: 0 | J139: 0 | K139: =ROUND(SUM(C139:J139),2) -> 0
A140: 46328 | C140: 0 | D140: 0 | E140: 0 | F140: 0 | G140: 0 | H140: 0 | I140: 0 | J140: 0 | K140: =ROUND(SUM(C140:J140),2) -> 0
A141: 46329 | C141: 0 | D141: 0 | E141: 0 | F141: 0 | G141: 0 | H141: 0 | I141: 0 | J141: 0 | K141: =ROUND(SUM(C141:J141),2) -> 0
A142: 46330 | C142: 0 | D142: 0 | E142: 0 | F142: 0 | G142: 0 | H142: 0 | I142: 0 | J142: 0 | K142: =ROUND(SUM(C142:J142),2) -> 0
A143: 46331 | C143: 0 | D143: 0 | E143: 0 | F143: 0 | G143: 0 | H143: 0 | I143: 0 | J143: 0 | K143: =ROUND(SUM(C143:J143),2) -> 0
A144: 46332 | C144: 0 | D144: 0 | E144: 0 | F144: 0 | G144: 0 | H144: 0 | I144: 0 | J144: 0 | K144: =ROUND(SUM(C144:J144),2) -> 0
A145: 46333 | C145: 0 | D145: 0 | E145: 0 | F145: 0 | G145: 0 | H145: 0 | I145: 0 | J145: 0 | K145: =ROUND(SUM(C145:J145),2) -> 0
A146: 46334 | C146: 0 | D146: 0 | E146: 0 | F146: 0 | G146: 0 | H146: 0 | I146: 0 | J146: 0 | K146: =ROUND(SUM(C146:J146),2) -> 0
A147: 46335 | C147: 0 | D147: 0 | E147: 0 | F147: 0 | G147: 0 | H147: 0 | I147: 0 | J147: 0 | K147: =ROUND(SUM(C147:J147),2) -> 0
A148: 46336 | C148: 0 | D148: 0 | E148: 0 | F148: 0 | G148: 0 | H148: 0 | I148: 0 | J148: 0 | K148: =ROUND(SUM(C148:J148),2) -> 0
A149: 46337 | C149: 0 | D149: 0 | E149: 0 | F149: 0 | G149: 0 | H149: 0 | I149: 0 | J149: 0 | K149: =ROUND(SUM(C149:J149),2) -> 0
A150: 46338 | C150: 0 | D150: 0 | E150: 0 | F150: 0 | G150: 0 | H150: 0 | I150: 0 | J150: 0 | K150: =ROUND(SUM(C150:J150),2) -> 0
... A168: 46356 | C168: 0 | D168: 0 | E168: 0 | F168: 0 | G168: 0 | H168: 0 | I168: 0 | J168: 0 | K168: =ROUND(SUM(C168:J168),2) -> 0
C169: =ROUND(SUM(C139:C168),2) -> 0 | D169: =ROUND(SUM(D139:D168),2) -> 0 | E169: =ROUND(SUM(E139:E168),2) -> 0 | F169: =ROUND(SUM(F139:F168),2) -> 0 | G169: =ROUND(SUM(G139:G168),2) -> 0 | H169: =ROUND(SUM(H139:H168),2) -> 0 | I169: =ROUND(SUM(I139:I168),2) -> 0 | J169: =ROUND(SUM(J139:J168),2) -> 0 | K169: =ROUND(SUM(K139:K168),2) -> 0
A171: 46357 | C171: 0 | D171: 0 | E171: 0 | F171: 0 | G171: 0 | H171: 0 | I171: 0 | J171: 0 | K171: =ROUND(SUM(C171:J171),2) -> 0
A172: 46358 | C172: 0 | D172: 0 | E172: 0 | F172: 0 | G172: 0 | H172: 0 | I172: 0 | J172: 0 | K172: =ROUND(SUM(C172:J172),2) -> 0
A173: 46359 | C173: 0 | D173: 0 | E173: 0 | F173: 0 | G173: 0 | H173: 0 | I173: 0 | J173: 0 | K173: =ROUND(SUM(C173:J173),2) -> 0
A174: 46360 | C174: 0 | D174: 0 | E174: 0 | F174: 0 | G174: 0 | H174: 0 | I174: 0 | J174: 0 | K174: =ROUND(SUM(C174:J174),2) -> 0
A175: 46361 | C175: 0 | D175: 0 | E175: 0 | F175: 0 | G175: 0 | H175: 0 | I175: 0 | J175: 0 | K175: =ROUND(SUM(C175:J175),2) -> 0
A176: 46362 | C176: 0 | D176: 0 | E176: 0 | F176: 0 | G176: 0 | H176: 0 | I176: 0 | J176: 0 | K176: =ROUND(SUM(C176:J176),2) -> 0
A177: 46363 | C177: 0 | D177: 0 | E177: 0 | F177: 0 | G177: 0 | H177: 0 | I177: 0 | J177: 0 | K177: =ROUND(SUM(C177:J177),2) -> 0
A178: 46364 | C178: 0 | D178: 0 | E178: 0 | F178: 0 | G178: 0 | H178: 0 | I178: 0 | J178: 0 | K178: =ROUND(SUM(C178:J178),2) -> 0
A179: 46365 | C179: 0 | D179: 0 | E179: 0 | F179: 0 | G179: 0 | H179: 0 | I179: 0 | J179: 0 | K179: =ROUND(SUM(C179:J179),2) -> 0
A180: 46366 | C180: 0 | D180: 0 | E180: 0 | F180: 0 | G180: 0 | H180: 0 | I180: 0 | J180: 0 | K180: =ROUND(SUM(C180:J180),2) -> 0
A181: 46367 | C181: 0 | D181: 0 | E181: 0 | F181: 0 | G181: 0 | H181: 0 | I181: 0 | J181: 0 | K181: =ROUND(SUM(C181:J181),2) -> 0
A182: 46368 | C182: 0 | D182: 0 | E182: 0 | F182: 0 | G182: 0 | H182: 0 | I182: 0 | J182: 0 | K182: =ROUND(SUM(C182:J182),2) -> 0
... A201: 46387 | C201: 0 | D201: 0 | E201: 0 | F201: 0 | G201: 0 | H201: 0 | I201: 0 | J201: 0 | K201: =ROUND(SUM(C201:J201),2) -> 0
C202: =ROUND(SUM(C171:C201),2) -> 0 | D202: =ROUND(SUM(D171:D201),2) -> 0 | E202: =ROUND(SUM(E171:E201),2) -> 0 | F202: =ROUND(SUM(F171:F201),2) -> 0 | G202: =ROUND(SUM(G171:G201),2) -> 0 | H202: =ROUND(SUM(H171:H201),2) -> 0 | I202: =ROUND(SUM(I171:I201),2) -> 0 | J202: =ROUND(SUM(J171:J201),2) -> 0 | K202: =ROUND(SUM(K171:K201),2) -> 0
A204: 46388 | C204: 0 | D204: 0 | E204: 0 | F204: 0 | G204: 0 | H204: 0 | I204: 0 | J204: 0 | K204: =ROUND(SUM(C204:J204),2) -> 0
A205: 46389 | C205: 0 | D205: 0 | E205: 0 | F205: 0 | G205: 0 | H205: 0 | I205: 0 | J205: 0 | K205: =ROUND(SUM(C205:J205),2) -> 0
A206: 46390 | C206: 0 | D206: 0 | E206: 0 | F206: 0 | G206: 0 | H206: 0 | I206: 0 | J206: 0 | K206: =ROUND(SUM(C206:J206),2) -> 0
A207: 46391 | C207: 0 | D207: 0 | E207: 0 | F207: 0 | G207: 0 | H207: 0 | I207: 0 | J207: 0 | K207: =ROUND(SUM(C207:J207),2) -> 0
A208: 46392 | C208: 0 | D208: 0 | E208: 0 | F208: 0 | G208: 0 | H208: 0 | I208: 0 | J208: 0 | K208: =ROUND(SUM(C208:J208),2) -> 0
A209: 46393 | C209: 0 | D209: 0 | E209: 0 | F209: 0 | G209: 0 | H209: 0 | I209: 0 | J209: 0 | K209: =ROUND(SUM(C209:J209),2) -> 0
A210: 46394 | C210: 0 | D210: 0 | E210: 0 | F210: 0 | G210: 0 | H210: 0 | I210: 0 | J210: 0 | K210: =ROUND(SUM(C210:J210),2) -> 0
A211: 46395 | C211: 0 | D211: 0 | E211: 0 | F211: 0 | G211: 0 | H211: 0 | I211: 0 | J211: 0 | K211: =ROUND(SUM(C211:J211),2) -> 0
A212: 46396 | C212: 0 | D212: 0 | E212: 0 | F212: 0 | G212: 0 | H212: 0 | I212: 0 | J212: 0 | K212: =ROUND(SUM(C212:J212),2) -> 0
A213: 46397 | C213: 0 | D213: 0 | E213: 0 | F213: 0 | G213: 0 | H213: 0 | I213: 0 | J213: 0 | K213: =ROUND(SUM(C213:J213),2) -> 0
A214: 46398 | C214: 0 | D214: 0 | E214: 0 | F214: 0 | G214: 0 | H214: 0 | I214: 0 | J214: 0 | K214: =ROUND(SUM(C214:J214),2) -> 0
...

Sheet Cigarette
A1: ILLINOIS DEPARTMENT OF REVENUE
A2: DAILY COLLECTIONS FROM MAJOR REVENUE SOURCES
A3: FISCAL YEAR 2027
C5: CIGARETTE
A6: Date | C6: Assessments | D6: License Fee | E6: RC-1-A Cigarette Stamps | F6: RC-44 Cigarette Use Tax | G6: RC-55 Little Cigar Tax | H6: Retailer Fee | I6: TP-1 Tobacco Products Tax | J6: Total
A8: 46204 | C8: 306.69 | D8: 0 | E8: 264177 | F8: 0 | G8: 0 | H8: 2025 | I8: 15967.82 | J8: =ROUND(SUM(C8:I8),2) -> 282476.51
A9: 46205 | C9: 0 | D9: 0 | E9: 2025133.5 | F9: 0 | G9: 0 | H9: 2025 | I9: 31479.31 | J9: =ROUND(SUM(C9:I9),2) -> 2058637.8
A10: 46206 | C10: 8337.11 | D10: 0 | E10: 1144793.5 | F10: 0 | G10: 0 | H10: 750 | I10: 11244.45 | J10: =ROUND(SUM(C10:I10),2) -> 1165125.1
A11: 46207 | C11: 0 | D11: 0 | E11: 0 | F11: 0 | G11: 0 | H11: 0 | I11: 0 | J11: =ROUND(SUM(C11:I11),2) -> 0
A12: 46208 | C12: 0 | D12: 0 | E12: 0 | F12: 0 | G12: 0 | H12: 0 | I12: 0 | J12: =ROUND(SUM(C12:I12),2) -> 0
A13: 46209 | C13: 300 | D13: 0 | E13: 4655781.5 | F13: 0 | G13: 287.66 | H13: 2400 | I13: 14696.72 | J13: =ROUND(SUM(C13:I13),2) -> 4673465.9
A14: 46210 | C14: 2058.21 | D14: 0 | E14: 0 | F14: 0 | G14: 0 | H14: -75 | I14: 14988.99 | J14: =ROUND(SUM(C14:I14),2) -> 16972.2
A15: 46211 | C15: 19967.88 | D15: 0 | E15: 2283723 | F15: 0 | G15: 0 | H15: 4125 | I15: 31480.56 | J15: =ROUND(SUM(C15:I15),2) -> 2339296.4
A16: 46212 | C16: 87.58 | D16: 0 | E16: 3779707.5 | F16: 0 | G16: 167.63 | H16: 4650 | I16: 479867 | J16: =ROUND(SUM(C16:I16),2) -> 4264479.7
A17: 46213 | C17: 0 | D17: 0 | E17: 1056261 | F17: 0 | G17: 0 | H17: 3225 | I17: 11058.37 | J17: =ROUND(SUM(C17:I17),2) -> 1070544.4
A18: 46214 | C18: 0 | D18: 0 | E18: 0 | F18: 0 | G18: 0 | H18: 0 | I18: 0 | J18: =ROUND(SUM(C18:I18),2) -> 0
A19: 46215 | C19: 0 | D19: 0 | E19: 0 | F19: 0 | G19: 0 | H19: 0 | I19: 0 | J19: =ROUND(SUM(C19:I19),2) -> 0
... A38: 46234 | C38: 2959.73 | D38: 0 | E38: 4138326 | F38: 0 | G38: 0 | H38: 975 | I38: 0 | J38: =ROUND(SUM(C38:I38),2) -> 4142260.7
C39: =ROUND(SUM(C8:C38),2) -> 138221.51 | D39: =ROUND(SUM(D8:D38),2) -> 0 | E39: =ROUND(SUM(E8:E38),2) -> 55895773 | F39: =ROUND(SUM(F8:F38),2) -> 35760 | G39: =ROUND(SUM(G8:G38),2) -> 18636.6 | H39: =ROUND(SUM(H8:H38),2) -> 52650 | I39: =ROUND(SUM(I8:I38),2) -> 16168490 | J39: =ROUND(SUM(J8:J38),2) -> 72309532
A41: 46235 | C41: 0 | D41: 0 | E41: 0 | F41: 0 | G41: 0 | H41: 0 | I41: 0 | J41: =ROUND(SUM(C41:I41),2) -> 0
A42: 46236 | C42: 0 | D42: 0 | E42: 0 | F42: 0 | G42: 0 | H42: 0 | I42: 0 | J42: =ROUND(SUM(C42:I42),2) -> 0
A43: 46237 | C43: 2374.64 | D43: 0 | E43: 878355 | F43: 0 | G43: 0 | H43: 450 | I43: 5007.15 | J43: =ROUND(SUM(C43:I43),2) -> 886186.79
A44: 46238 | C44: 3894.06 | D44: 0 | E44: 1143229 | F44: 0 | G44: 0 | H44: 2700 | I44: 238622.9 | J44: =ROUND(SUM(C44:I44),2) -> 1388446
A45: 46239 | C45: 821.5 | D45: 0 | E45: 2638417.5 | F45: 0 | G45: 10.81 | H45: 1500 | I45: 12329.06 | J45: =ROUND(SUM(C45:I45),2) -> 2653078.9
A46: 46240 | C46: 0 | D46: 0 | E46: 1056360 | F46: 0 | G46: 1883.36 | H46: 1800 | I46: 15147.65 | J46: =ROUND(SUM(C46:I46),2) -> 1075191
A47: 46241 | C47: 1788.31 | D47: 0 | E47: 2113192.5 | F47: 0 | G47: 0 | H47: 2025 | I47: 51146.6 | J47: =ROUND(SUM(C47:I47),2) -> 2168152.4
A48: 46242 | C48: 0 | D48: 0 | E48: 0 | F48: 0 | G48: 0 | H48: 0 | I48: 0 | J48: =ROUND(SUM(C48:I48),2) -> 0
A49: 46243 | C49: 0 | D49: 0 | E49: 0 | F49: 0 | G49: 0 | H49: 0 | I49: 0 | J49: =ROUND(SUM(C49:I49),2) -> 0
A50: 46244 | C50: 93.87 | D50: 0 | E50: 4401708 | F50: 0 | G50: 2485.55 | H50: 1800 | I50: 58895.73 | J50: =ROUND(SUM(C50:I50),2) -> 4464983.2
A51: 46245 | C51: 426.13 | D51: 0 | E51: 2993165 | F51: 0 | G51: 0 | H51: 1875 | I51: 915743.88 | J51: =ROUND(SUM(C51:I51),2) -> 3911210
A52: 46246 | C52: 2924.63 | D52: 0 | E52: 528130.5 | F52: 0 | G52: 0 | H52: 3075 | I52: 506107.29 | J52: =ROUND(SUM(C52:I52),2) -> 1040237.4
... A71: 46265 | C71: 447.98 | D71: 0 | E71: 351342 | F71: 0 | G71: 0 | H71: 525 | I71: 14627.8 | J71: =ROUND(SUM(C71:I71),2) -> 366942.78
C72: =ROUND(SUM(C41:C71),2) -> 302293.05 | D72: =ROUND(SUM(D41:D71),2) -> 0 | E72: =ROUND(SUM(E41:E71),2) -> 42305304 | F72: =ROUND(SUM(F41:F71),2) -> 1254.4 | G72: =ROUND(SUM(G41:G71),2) -> 23643.99 | H72: =ROUND(SUM(H41:H71),2) -> 46725 | I72: =ROUND(SUM(I41:I71),2) -> 16984083 | J72: =ROUND(SUM(J41:J71),2) -> 59663304
A74: 46266 | C74: 19283.65 | D74: 0 | E74: 4490562 | F74: 0 | G74: 0 | H74: 750 | I74: 3382.49 | J74: =ROUND(SUM(C74:I74),2) -> 4513978.1
A75: 46267 | C75: 2984.06 | D75: 0 | E75: 2288863.5 | F75: 0 | G75: 0 | H75: 1575 | I75: 25776.48 | J75: =ROUND(SUM(C75:I75),2) -> 2319199
A76: 46268 | C76: 500 | D76: 0 | E76: 1937003 | F76: 0 | G76: 98.34 | H76: 1575 | I76: 33068.46 | J76: =ROUND(SUM(C76:I76),2) -> 1972244.8
A77: 46269 | C77: 1866.54 | D77: 0 | E77: 2465652 | F77: 0 | G77: 196.68 | H77: 2025 | I77: 11830.92 | J77: =ROUND(SUM(C77:I77),2) -> 2481571.1
A78: 46270 | C78: 0 | D78: 0 | E78: 0 | F78: 0 | G78: 0 | H78: 0 | I78: 0 | J78: =ROUND(SUM(C78:I78),2) -> 0
A79: 46271 | C79: 0 | D79: 0 | E79: 0 | F79: 0 | G79: 0 | H79: 0 | I79: 0 | J79: =ROUND(SUM(C79:I79),2) -> 0
A80: 46272 | C80: 0 | D80: 0 | E80: 0 | F80: 0 | G80: 0 | H80: 0 | I80: 0 | J80: =ROUND(SUM(C80:I80),2) -> 0
A81: 46273 | C81: 834.78 | D81: 0 | E81: 5897089.5 | F81: 0 | G81: 2803.22 | H81: 3000 | I81: 63413.28 | J81: =ROUND(SUM(C81:I81),2) -> 5967140.8
A82: 46274 | C82: 5678.88 | D82: 0 | E82: 0 | F82: 0 | G82: 0 | H82: 0 | I82: 0 | J82: =ROUND(SUM(C82:I82),2) -> 5678.88
A83: 46275 | C83: 150 | D83: 0 | E83: 2465481.5 | F83: 0 | G83: 0 | H83: 750 | I83: 65328.77 | J83: =ROUND(SUM(C83:I83),2) -> 2531710.3
A84: 46276 | C84: 3979.06 | D84: 0 | E84: 614924.8 | F84: 0 | G84: 202.54 | H84: 1950 | I84: 2800661.5 | J84: =ROUND(SUM(C84:I84),2) -> 3421717.9
A85: 46277 | C85: 0 | D85: 0 | E85: 0 | F85: 0 | G85: 0 | H85: 0 | I85: 0 | J85: =ROUND(SUM(C85:I85),2) -> 0
... A103: 46295 | C103: 1650 | D103: 0 | E103: 2112745.5 | F103: 0 | G103: 0 | H103: 1650 | I103: 0 | J103: =ROUND(SUM(C103:I103),2) -> 2116045.5
C104: =ROUND(SUM(C74:C103),2) -> 159559.55 | D104: =ROUND(SUM(D74:D103),2) -> 0 | E104: =ROUND(SUM(E74:E103),2) -> 54039820 | F104: =ROUND(SUM(F74:F103),2) -> 0 | G104: =ROUND(SUM(G74:G103),2) -> 18874.18 | H104: =ROUND(SUM(H74:H103),2) -> 40875 | I104: =ROUND(SUM(I74:I103),2) -> 14722138 | J104: =ROUND(SUM(J74:J103),2) -> 68981267
A106: 46296 | C106: 0 | D106: 0 | E106: 0 | F106: 0 | G106: 0 | H106: 0 | I106: 0 | J106: =ROUND(SUM(C106:I106),2) -> 0
A107: 46297 | C107: 0 | D107: 0 | E107: 0 | F107: 0 | G107: 0 | H107: 0 | I107: 0 | J107: =ROUND(SUM(C107:I107),2) -> 0
A108: 46298 | C108: 0 | D108: 0 | E108: 0 | F108: 0 | G108: 0 | H108: 0 | I108: 0 | J108: =ROUND(SUM(C108:I108),2) -> 0
A109: 46299 | C109: 0 | D109: 0 | E109: 0 | F109: 0 | G109: 0 | H109: 0 | I109: 0 | J109: =ROUND(SUM(C109:I109),2) -> 0
A110: 46300 | C110: 0 | D110: 0 | E110: 0 | F110: 0 | G110: 0 | H110: 0 | I110: 0 | J110: =ROUND(SUM(C110:I110),2) -> 0
A111: 46301 | C111: 0 | D111: 0 | E111: 0 | F111: 0 | G111: 0 | H111: 0 | I111: 0 | J111: =ROUND(SUM(C111:I111),2) -> 0
A112: 46302 | C112: 0 | D112: 0 | E112: 0 | F112: 0 | G112: 0 | H112: 0 | I112: 0 | J112: =ROUND(SUM(C112:I112),2) -> 0
A113: 46303 | C113: 0 | D113: 0 | E113: 0 | F113: 0 | G113: 0 | H113: 0 | I113: 0 | J113: =ROUND(SUM(C113:I113),2) -> 0
A114: 46304 | C114: 0 | D114: 0 | E114: 0 | F114: 0 | G114: 0 | H114: 0 | I114: 0 | J114: =ROUND(SUM(C114:I114),2) -> 0
A115: 46305 | C115: 0 | D115: 0 | E115: 0 | F115: 0 | G115: 0 | H115: 0 | I115: 0 | J115: =ROUND(SUM(C115:I115),2) -> 0
A116: 46306 | C116: 0 | D116: 0 | E116: 0 | F116: 0 | G116: 0 | H116: 0 | I116: 0 | J116: =ROUND(SUM(C116:I116),2) -> 0
A117: 46307 | C117: 0 | D117: 0 | E117: 0 | F117: 0 | G117: 0 | H117: 0 | I117: 0 | J117: =ROUND(SUM(C117:I117),2) -> 0
... A136: 46326 | C136: 0 | D136: 0 | E136: 0 | F136: 0 | G136: 0 | H136: 0 | I136: 0 | J136: =ROUND(SUM(C136:I136),2) -> 0
C137: =ROUND(SUM(C106:C136),2) -> 0 | D137: =ROUND(SUM(D106:D136),2) -> 0 | E137: =ROUND(SUM(E106:E136),2) -> 0 | F137: =ROUND(SUM(F106:F136),2) -> 0 | G137: =ROUND(SUM(G106:G136),2) -> 0 | H137: =ROUND(SUM(H106:H136),2) -> 0 | I137: =ROUND(SUM(I106:I136),2) -> 0 | J137: =ROUND(SUM(J106:J136),2) -> 0
A139: 46327 | C139: 0 | D139: 0 | E139: 0 | F139: 0 | G139: 0 | H139: 0 | I139: 0 | J139: =ROUND(SUM(C139:I139),2) -> 0
A140: 46328 | C140: 0 | D140: 0 | E140: 0 | F140: 0 | G140: 0 | H140: 0 | I140: 0 | J140: =ROUND(SUM(C140:I140),2) -> 0
A141: 46329 | C141: 0 | D141: 0 | E141: 0 | F141: 0 | G141: 0 | H141: 0 | I141: 0 | J141: =ROUND(SUM(C141:I141),2) -> 0
A142: 46330 | C142: 0 | D142: 0 | E142: 0 | F142: 0 | G142: 0 | H142: 0 | I142: 0 | J142: =ROUND(SUM(C142:I142),2) -> 0
A143: 46331 | C143: 0 | D143: 0 | E143: 0 | F143: 0 | G143: 0 | H143: 0 | I143: 0 | J143: =ROUND(SUM(C143:I143),2) -> 0
A144: 46332 | C144: 0 | D144: 0 | E144: 0 | F144: 0 | G144: 0 | H144: 0 | I144: 0 | J144: =ROUND(SUM(C144:I144),2) -> 0
A145: 46333 | C145: 0 | D145: 0 | E145: 0 | F145: 0 | G145: 0 | H145: 0 | I145: 0 | J145: =ROUND(SUM(C145:I145),2) -> 0
A146: 46334 | C146: 0 | D146: 0 | E146: 0 | F146: 0 | G146: 0 | H146: 0 | I146: 0 | J146: =ROUND(SUM(C146:I146),2) -> 0
A147: 46335 | C147: 0 | D147: 0 | E147: 0 | F147: 0 | G147: 0 | H147: 0 | I147: 0 | J147: =ROUND(SUM(C147:I147),2) -> 0
A148: 46336 | C148: 0 | D148: 0 | E148: 0 | F148: 0 | G148: 0 | H148: 0 | I148: 0 | J148: =ROUND(SUM(C148:I148),2) -> 0
A149: 46337 | C149: 0 | D149: 0 | E149: 0 | F149: 0 | G149: 0 | H149: 0 | I149: 0 | J149: =ROUND(SUM(C149:I149),2) -> 0
A150: 46338 | C150: 0 | D150: 0 | E150: 0 | F150: 0 | G150: 0 | H150: 0 | I150: 0 | J150: =ROUND(SUM(C150:I150),2) -> 0
... A168: 46356 | C168: 0 | D168: 0 | E168: 0 | F168: 0 | G168: 0 | H168: 0 | I168: 0 | J168: =ROUND(SUM(C168:I168),2) -> 0
C169: =ROUND(SUM(C139:C168),2) -> 0 | D169: =ROUND(SUM(D139:D168),2) -> 0 | E169: =ROUND(SUM(E139:E168),2) -> 0 | F169: =ROUND(SUM(F139:F168),2) -> 0 | G169: =ROUND(SUM(G139:G168),2) -> 0 | H169: =ROUND(SUM(H139:H168),2) -> 0 | I169: =ROUND(SUM(I139:I168),2) -> 0 | J169: =ROUND(SUM(J139:J168),2) -> 0
A171: 46357 | C171: 0 | D171: 0 | E171: 0 | F171: 0 | G171: 0 | H171: 0 | I171: 0 | J171: =ROUND(SUM(C171:I171),2) -> 0
A172: 46358 | C172: 0 | D172: 0 | E172: 0 | F172: 0 | G172: 0 | H172: 0 | I172: 0 | J172: =ROUND(SUM(C172:I172),2) -> 0
A173: 46359 | C173: 0 | D173: 0 | E173: 0 | F173: 0 | G173: 0 | H173: 0 | I173: 0 | J173: =ROUND(SUM(C173:I173),2) -> 0
A174: 46360 | C174: 0 | D174: 0 | E174: 0 | F174: 0 | G174: 0 | H174: 0 | I174: 0 | J174: =ROUND(SUM(C174:I174),2) -> 0
A175: 46361 | C175: 0 | D175: 0 | E175: 0 | F175: 0 | G175: 0 | H175: 0 | I175: 0 | J175: =ROUND(SUM(C175:I175),2) -> 0
A176: 46362 | C176: 0 | D176: 0 | E176: 0 | F176: 0 | G176: 0 | H176: 0 | I176: 0 | J176: =ROUND(SUM(C176:I176),2) -> 0
A177: 46363 | C177: 0 | D177: 0 | E177: 0 | F177: 0 | G177: 0 | H177: 0 | I177: 0 | J177: =ROUND(SUM(C177:I177),2) -> 0
A178: 46364 | C178: 0 | D178: 0 | E178: 0 | F178: 0 | G178: 0 | H178: 0 | I178: 0 | J178: =ROUND(SUM(C178:I178),2) -> 0
A179: 46365 | C179: 0 | D179: 0 | E179: 0 | F179: 0 | G179: 0 | H179: 0 | I179: 0 | J179: =ROUND(SUM(C179:I179),2) -> 0
A180: 46366 | C180: 0 | D180: 0 | E180: 0 | F180: 0 | G180: 0 | H180: 0 | I180: 0 | J180: =ROUND(SUM(C180:I180),2) -> 0
A181: 46367 | C181: 0 | D181: 0 | E181: 0 | F181: 0 | G181: 0 | H181: 0 | I181: 0 | J181: =ROUND(SUM(C181:I181),2) -> 0
A182: 46368 | C182: 0 | D182: 0 | E182: 0 | F182: 0 | G182: 0 | H182: 0 | I182: 0 | J182: =ROUND(SUM(C182:I182),2) -> 0
... A201: 46387 | C201: 0 | D201: 0 | E201: 0 | F201: 0 | G201: 0 | H201: 0 | I201: 0 | J201: =ROUND(SUM(C201:I201),2) -> 0
C202: =ROUND(SUM(C171:C201),2) -> 0 | D202: =ROUND(SUM(D171:D201),2) -> 0 | E202: =ROUND(SUM(E171:E201),2) -> 0 | F202: =ROUND(SUM(F171:F201),2) -> 0 | G202: =ROUND(SUM(G171:G201),2) -> 0 | H202: =ROUND(SUM(H171:H201),2) -> 0 | I202: =ROUND(SUM(I171:I201),2) -> 0 | J202: =ROUND(SUM(J171:J201),2) -> 0
A204: 46388 | C204: 0 | D204: 0 | E204: 0 | F204: 0 | G204: 0 | H204: 0 | I204: 0 | J204: =ROUND(SUM(C204:I204),2) -> 0
A205: 46389 | C205: 0 | D205: 0 | E205: 0 | F205: 0 | G205: 0 | H205: 0 | I205: 0 | J205: =ROUND(SUM(C205:I205),2) -> 0
A206: 46390 | C206: 0 | D206: 0 | E206: 0 | F206: 0 | G206: 0 | H206: 0 | I206: 0 | J206: =ROUND(SUM(C206:I206),2) -> 0
A207: 46391 | C207: 0 | D207: 0 | E207: 0 | F207: 0 | G207: 0 | H207: 0 | I207: 0 | J207: =ROUND(SUM(C207:I207),2) -> 0
A208: 46392 | C208: 0 | D208: 0 | E208: 0 | F208: 0 | G208: 0 | H208: 0 | I208: 0 | J208: =ROUND(SUM(C208:I208),2) -> 0
A209: 46393 | C209: 0 | D209: 0 | E209: 0 | F209: 0 | G209: 0 | H209: 0 | I209: 0 | J209: =ROUND(SUM(C209:I209),2) -> 0
A210: 46394 | C210: 0 | D210: 0 | E210: 0 | F210: 0 | G210: 0 | H210: 0 | I210: 0 | J210: =ROUND(SUM(C210:I210),2) -> 0
A211: 46395 | C211: 0 | D211: 0 | E211: 0 | F211: 0 | G211: 0 | H211: 0 | I211: 0 | J211: =ROUND(SUM(C211:I211),2) -> 0
A212: 46396 | C212: 0 | D212: 0 | E212: 0 | F212: 0 | G212: 0 | H212: 0 | I212: 0 | J212: =ROUND(SUM(C212:I212),2) -> 0
A213: 46397 | C213: 0 | D213: 0 | E213: 0 | F213: 0 | G213: 0 | H213: 0 | I213: 0 | J213: =ROUND(SUM(C213:I213),2) -> 0
A214: 46398 | C214: 0 | D214: 0 | E214: 0 | F214: 0 | G214: 0 | H214: 0 | I214: 0 | J214: =ROUND(SUM(C214:I214),2) -> 0
...

Sheet Senior Citizen
A1: ILLINOIS DEPARTMENT OF REVENUE
A2: DAILY COLLECTIONS FROM MAJOR REVENUE SOURCES
A3: FISCAL YEAR 2027
C5: SENIOR CITIZEN DEFFERAL PROGRAM
A6: Date | C6: Assessments | D6: Senior Citizen Deferral | E6: Total
A8: 46204 | C8: 0 | D8: 200 | E8: =ROUND(SUM(C8:D8),2) -> 200
A9: 46205 | C9: 0 | D9: 0 | E9: =ROUND(SUM(C9:D9),2) -> 0
A10: 46206 | C10: 0 | D10: 0 | E10: =ROUND(SUM(C10:D10),2) -> 0
A11: 46207 | C11: 0 | D11: 0 | E11: =ROUND(SUM(C11:D11),2) -> 0
A12: 46208 | C12: 0 | D12: 0 | E12: =ROUND(SUM(C12:D12),2) -> 0
A13: 46209 | C13: 0 | D13: 0 | E13: =ROUND(SUM(C13:D13),2) -> 0
A14: 46210 | C14: 0 | D14: 30331.78 | E14: =ROUND(SUM(C14:D14),2) -> 30331.78
A15: 46211 | C15: 0 | D15: 0 | E15: =ROUND(SUM(C15:D15),2) -> 0
A16: 46212 | C16: 0 | D16: 0 | E16: =ROUND(SUM(C16:D16),2) -> 0
A17: 46213 | C17: 0 | D17: 0 | E17: =ROUND(SUM(C17:D17),2) -> 0
A18: 46214 | C18: 0 | D18: 0 | E18: =ROUND(SUM(C18:D18),2) -> 0
A19: 46215 | C19: 0 | D19: 0 | E19: =ROUND(SUM(C19:D19),2) -> 0
... A38: 46234 | C38: 0 | D38: 0 | E38: =ROUND(SUM(C38:D38),2) -> 0
C39: =ROUND(SUM(C8:C38),2) -> 0 | D39: =ROUND(SUM(D8:D38),2) -> 383684.46 | E39: =ROUND(SUM(E8:E38),2) -> 383684.46
A41: 46235 | C41: 0 | D41: 0 | E41: =ROUND(SUM(C41:D41),2) -> 0
A42: 46236 | C42: 0 | D42: 0 | E42: =ROUND(SUM(C42:D42),2) -> 0
A43: 46237 | C43: 0 | D43: 94286.7 | E43: =ROUND(SUM(C43:D43),2) -> 94286.7
A44: 46238 | C44: 0 | D44: 33168.99 | E44: =ROUND(SUM(C44:D44),2) -> 33168.99
A45: 46239 | C45: 0 | D45: 89527.26 | E45: =ROUND(SUM(C45:D45),2) -> 89527.26
A46: 46240 | C46: 0 | D46: 0 | E46: =ROUND(SUM(C46:D46),2) -> 0
A47: 46241 | C47: 0 | D47: 0 | E47: =ROUND(SUM(C47:D47),2) -> 0
A48: 46242 | C48: 0 | D48: 0 | E48: =ROUND(SUM(C48:D48),2) -> 0
A49: 46243 | C49: 0 | D49: 0 | E49: =ROUND(SUM(C49:D49),2) -> 0
A50: 46244 | C50: 0 | D50: 0 | E50: =ROUND(SUM(C50:D50),2) -> 0
A51: 46245 | C51: 0 | D51: 100897.04 | E51: =ROUND(SUM(C51:D51),2) -> 100897.04
A52: 46246 | C52: 0 | D52: 0 | E52: =ROUND(SUM(C52:D52),2) -> 0
... A71: 46265 | C71: 0 | D71: 114496.67 | E71: =ROUND(SUM(C71:D71),2) -> 114496.67
C72: =ROUND(SUM(C41:C71),2) -> 0 | D72: =ROUND(SUM(D41:D71),2) -> 478327.52 | E72: =ROUND(SUM(E41:E71),2) -> 478327.52
A74: 46266 | C74: 0 | D74: 0 | E74: =ROUND(SUM(C74:D74),2) -> 0
A75: 46267 | C75: 0 | D75: 642 | E75: =ROUND(SUM(C75:D75),2) -> 642
A76: 46268 | C76: 0 | D76: 0 | E76: =ROUND(SUM(C76:D76),2) -> 0
A77: 46269 | C77: 0 | D77: 0 | E77: =ROUND(SUM(C77:D77),2) -> 0
A78: 46270 | C78: 0 | D78: 0 | E78: =ROUND(SUM(C78:D78),2) -> 0
A79: 46271 | C79: 0 | D79: 0 | E79: =ROUND(SUM(C79:D79),2) -> 0
A80: 46272 | C80: 0 | D80: 0 | E80: =ROUND(SUM(C80:D80),2) -> 0
A81: 46273 | C81: 0 | D81: 226203.25 | E81: =ROUND(SUM(C81:D81),2) -> 226203.25
A82: 46274 | C82: 0 | D82: 0 | E82: =ROUND(SUM(C82:D82),2) -> 0
A83: 46275 | C83: 0 | D83: 0 | E83: =ROUND(SUM(C83:D83),2) -> 0
A84: 46276 | C84: 0 | D84: 0 | E84: =ROUND(SUM(C84:D84),2) -> 0
A85: 46277 | C85: 0 | D85: 0 | E85: =ROUND(SUM(C85:D85),2) -> 0
... A103: 46295 | C103: 0 | D103: 104681.02 | E103: =ROUND(SUM(C103:D103),2) -> 104681.02
C104: =ROUND(SUM(C74:C103),2) -> 49855.87 | D104: =ROUND(SUM(D74:D103),2) -> 488662.75 | E104: =ROUND(SUM(E74:E103),2) -> 538518.62
A106: 46296 | C106: 0 | D106: 0 | E106: =ROUND(SUM(C106:D106),2) -> 0
A107: 46297 | C107: 0 | D107: 0 | E107: =ROUND(SUM(C107:D107),2) -> 0
A108: 46298 | C108: 0 | D108: 0 | E108: =ROUND(SUM(C108:D108),2) -> 0
A109: 46299 | C109: 0 | D109: 0 | E109: =ROUND(SUM(C109:D109),2) -> 0
A110: 46300 | C110: 0 | D110: 0 | E110: =ROUND(SUM(C110:D110),2) -> 0
A111: 46301 | C111: 0 | D111: 0 | E111: =ROUND(SUM(C111:D111),2) -> 0
A112: 46302 | C112: 0 | D112: 0 | E112: =ROUND(SUM(C112:D112),2) -> 0
A113: 46303 | C113: 0 | D113: 0 | E113: =ROUND(SUM(C113:D113),2) -> 0
A114: 46304 | C114: 0 | D114: 0 | E114: =ROUND(SUM(C114:D114),2) -> 0
A115: 46305 | C115: 0 | D115: 0 | E115: =ROUND(SUM(C115:D115),2) -> 0
A116: 46306 | C116: 0 | D116: 0 | E116: =ROUND(SUM(C116:D116),2) -> 0
A117: 46307 | C117: 0 | D117: 0 | E117: =ROUND(SUM(C117:D117),2) -> 0
... A136: 46326 | C136: 0 | D136: 0 | E136: =ROUND(SUM(C136:D136),2) -> 0
C137: =ROUND(SUM(C106:C136),2) -> 0 | D137: =ROUND(SUM(D106:D136),2) -> 0 | E137: =ROUND(SUM(E106:E136),2) -> 0
A139: 46327 | C139: 0 | D139: 0 | E139: =ROUND(SUM(C139:D139),2) -> 0
A140: 46328 | C140: 0 | D140: 0 | E140: =ROUND(SUM(C140:D140),2) -> 0
A141: 46329 | C141: 0 | D141: 0 | E141: =ROUND(SUM(C141:D141),2) -> 0
A142: 46330 | C142: 0 | D142: 0 | E142: =ROUND(SUM(C142:D142),2) -> 0
A143: 46331 | C143: 0 | D143: 0 | E143: =ROUND(SUM(C143:D143),2) -> 0
A144: 46332 | C144: 0 | D144: 0 | E144: =ROUND(SUM(C144:D144),2) -> 0
A145: 46333 | C145: 0 | D145: 0 | E145: =ROUND(SUM(C145:D145),2) -> 0
A146: 46334 | C146: 0 | D146: 0 | E146: =ROUND(SUM(C146:D146),2) -> 0
A147: 46335 | C147: 0 | D147: 0 | E147: =ROUND(SUM(C147:D147),2) -> 0
A148: 46336 | C148: 0 | D148: 0 | E148: =ROUND(SUM(C148:D148),2) -> 0
A149: 46337 | C149: 0 | D149: 0 | E149: =ROUND(SUM(C149:D149),2) -> 0
A150: 46338 | C150: 0 | D150: 0 | E150: =ROUND(SUM(C150:D150),2) -> 0
... A168: 46356 | C168: 0 | D168: 0 | E168: =ROUND(SUM(C168:D168),2) -> 0
C169: =ROUND(SUM(C139:C168),2) -> 0 | D169: =ROUND(SUM(D139:D168),2) -> 0 | E169: =ROUND(SUM(E139:E168),2) -> 0
A171: 46357 | C171: 0 | D171: 0 | E171: =ROUND(SUM(C171:D171),2) -> 0
A172: 46358 | C172: 0 | D172: 0 | E172: =ROUND(SUM(C172:D172),2) -> 0
A173: 46359 | C173: 0 | D173: 0 | E173: =ROUND(SUM(C173:D173),2) -> 0
A174: 46360 | C174: 0 | D174: 0 | E174: =ROUND(SUM(C174:D174),2) -> 0
A175: 46361 | C175: 0 | D175: 0 | E175: =ROUND(SUM(C175:D175),2) -> 0
A176: 46362 | C176: 0 | D176: 0 | E176: =ROUND(SUM(C176:D176),2) -> 0
A177: 46363 | C177: 0 | D177: 0 | E177: =ROUND(SUM(C177:D177),2) -> 0
A178: 46364 | C178: 0 | D178: 0 | E178: =ROUND(SUM(C178:D178),2) -> 0
A179: 46365 | C179: 0 | D179: 0 | E179: =ROUND(SUM(C179:D179),2) -> 0
A180: 46366 | C180: 0 | D180: 0 | E180: =ROUND(SUM(C180:D180),2) -> 0
A181: 46367 | C181: 0 | D181: 0 | E181: =ROUND(SUM(C181:D181),2) -> 0
A182: 46368 | C182: 0 | D182: 0 | E182: =ROUND(SUM(C182:D182),2) -> 0
... A201: 46387 | C201: 0 | D201: 0 | E201: =ROUND(SUM(C201:D201),2) -> 0
C202: =ROUND(SUM(C171:C201),2) -> 0 | D202: =ROUND(SUM(D171:D201),2) -> 0 | E202: =ROUND(SUM(E171:E201),2) -> 0
A204: 46388 | C204: 0 | D204: 0 | E204: =ROUND(SUM(C204:D204),2) -> 0
A205: 46389 | C205: 0 | D205: 0 | E205: =ROUND(SUM(C205:D205),2) -> 0
A206: 46390 | C206: 0 | D206: 0 | E206: =ROUND(SUM(C206:D206),2) -> 0
A207: 46391 | C207: 0 | D207: 0 | E207: =ROUND(SUM(C207:D207),2) -> 0
A208: 46392 | C208: 0 | D208: 0 | E208: =ROUND(SUM(C208:D208),2) -> 0
A209: 46393 | C209: 0 | D209: 0 | E209: =ROUND(SUM(C209:D209),2) -> 0
A210: 46394 | C210: 0 | D210: 0 | E210: =ROUND(SUM(C210:D210),2) -> 0
A211: 46395 | C211: 0 | D211: 0 | E211: =ROUND(SUM(C211:D211),2) -> 0
A212: 46396 | C212: 0 | D212: 0 | E212: =ROUND(SUM(C212:D212),2) -> 0
A213: 46397 | C213: 0 | D213: 0 | E213: =ROUND(SUM(C213:D213),2) -> 0
A214: 46398 | C214: 0 | D214: 0 | E214: =ROUND(SUM(C214:D214),2) -> 0
...

Sheet Liquor
A1: ILLINOIS DEPARTMENT OF REVENUE
A2: DAILY COLLECTIONS FROM MAJOR REVENUE SOURCES
A3: FISCAL YEAR 2027
C5: LIQUOR
A6: Date | C6: Assessments | D6: RL-26 Liquor Tax | E6: RL-26-A Liquor Tax (Airline) | F6: RL-26-W Liquor Tax (Wine) | G6: Total
A8: 46204 | C8: 8566.66 | D8: 1808.69 | E8: 0 | F8: 438.45 | G8: =ROUND(SUM(C8:F8),2) -> 10813.8
A9: 46205 | C9: 0 | D9: 1073.32 | E9: 0 | F9: 138.51 | G9: =ROUND(SUM(C9:F9),2) -> 1211.83
A10: 46206 | C10: 595.91 | D10: 6032.63 | E10: 0 | F10: 371.6 | G10: =ROUND(SUM(C10:F10),2) -> 7000.14
A11: 46207 | C11: 0 | D11: 0 | E11: 0 | F11: 0 | G11: =ROUND(SUM(C11:F11),2) -> 0
A12: 46208 | C12: 0 | D12: 0 | E12: 0 | F12: 0 | G12: =ROUND(SUM(C12:F12),2) -> 0
A13: 46209 | C13: 198.26 | D13: 223798.81 | E13: 0 | F13: 304.62 | G13: =ROUND(SUM(C13:F13),2) -> 224301.69
A14: 46210 | C14: 705.78 | D14: 5458.04 | E14: 0 | F14: 159.7 | G14: =ROUND(SUM(C14:F14),2) -> 6323.52
A15: 46211 | C15: 121.25 | D15: 359362.15 | E15: 0 | F15: 495.41 | G15: =ROUND(SUM(C15:F15),2) -> 359978.81
A16: 46212 | C16: 3671.37 | D16: 79055.88 | E16: 0 | F16: 1542.62 | G16: =ROUND(SUM(C16:F16),2) -> 84269.87
A17: 46213 | C17: 5341.29 | D17: 122767.29 | E17: 0 | F17: 6294.17 | G17: =ROUND(SUM(C17:F17),2) -> 134402.75
A18: 46214 | C18: 0 | D18: 0 | E18: 0 | F18: 0 | G18: =ROUND(SUM(C18:F18),2) -> 0
A19: 46215 | C19: 0 | D19: 0 | E19: 0 | F19: 0 | G19: =ROUND(SUM(C19:F19),2) -> 0
... A38: 46234 | C38: 16076.23 | D38: 91.67 | E38: 0 | F38: 16914.69 | G38: =ROUND(SUM(C38:F38),2) -> 33082.59
C39: =ROUND(SUM(C8:C38),2) -> 81075.83 | D39: =ROUND(SUM(D8:D38),2) -> 28951068 | E39: =ROUND(SUM(E8:E38),2) -> 10482.07 | F39: =ROUND(SUM(F8:F38),2) -> 59249.08 | G39: =ROUND(SUM(G8:G38),2) -> 29101875
A41: 46235 | C41: 0 | D41: 0 | E41: 0 | F41: 0 | G41: =ROUND(SUM(C41:F41),2) -> 0
A42: 46236 | C42: 0 | D42: 0 | E42: 0 | F42: 0 | G42: =ROUND(SUM(C42:F42),2) -> 0
A43: 46237 | C43: 687.69 | D43: 6771.94 | E43: 0 | F43: 8.82 | G43: =ROUND(SUM(C43:F43),2) -> 7468.45
A44: 46238 | C44: 5679.78 | D44: 2075.23 | E44: 0 | F44: 104.56 | G44: =ROUND(SUM(C44:F44),2) -> 7859.57
A45: 46239 | C45: 4249.68 | D45: 2136.95 | E45: 0 | F45: 338.18 | G45: =ROUND(SUM(C45:F45),2) -> 6724.81
A46: 46240 | C46: 5057.21 | D46: 33903.23 | E46: 0 | F46: 1559.13 | G46: =ROUND(SUM(C46:F46),2) -> 40519.57
A47: 46241 | C47: 577.29 | D47: 400929.46 | E47: 0 | F47: 1092.41 | G47: =ROUND(SUM(C47:F47),2) -> 402599.16
A48: 46242 | C48: 0 | D48: 0 | E48: 0 | F48: 0 | G48: =ROUND(SUM(C48:F48),2) -> 0
A49: 46243 | C49: 0 | D49: 0 | E49: 0 | F49: 0 | G49: =ROUND(SUM(C49:F49),2) -> 0
A50: 46244 | C50: 0 | D50: 39191.84 | E50: 0 | F50: 421.32 | G50: =ROUND(SUM(C50:F50),2) -> 39613.16
A51: 46245 | C51: 340.92 | D51: 75399.3 | E51: 0 | F51: 1345.12 | G51: =ROUND(SUM(C51:F51),2) -> 77085.34
A52: 46246 | C52: 12478.2 | D52: 1791106.1 | E52: 0 | F52: 7734.97 | G52: =ROUND(SUM(C52:F52),2) -> 1811319.3
... A71: 46265 | C71: 896.14 | D71: 1339.7 | E71: 0 | F71: 0 | G71: =ROUND(SUM(C71:F71),2) -> 2235.84
C72: =ROUND(SUM(C41:C71),2) -> 74009.29 | D72: =ROUND(SUM(D41:D71),2) -> 24695032 | E72: =ROUND(SUM(E41:E71),2) -> 7959.68 | F72: =ROUND(SUM(F41:F71),2) -> 29920.44 | G72: =ROUND(SUM(G41:G71),2) -> 24806922
A74: 46266 | C74: 653.98 | D74: 344.99 | E74: 0 | F74: 2.5 | G74: =ROUND(SUM(C74:F74),2) -> 1001.47
A75: 46267 | C75: 6815.45 | D75: 1328.88 | E75: 0 | F75: 165.64 | G75: =ROUND(SUM(C75:F75),2) -> 8309.97
A76: 46268 | C76: -994.75 | D76: 161662.26 | E76: 0 | F76: 291.26 | G76: =ROUND(SUM(C76:F76),2) -> 160958.77
A77: 46269 | C77: 6455.23 | D77: 4473.24 | E77: 0 | F77: 172.78 | G77: =ROUND(SUM(C77:F77),2) -> 11101.25
A78: 46270 | C78: 0 | D78: 0 | E78: 0 | F78: 0 | G78: =ROUND(SUM(C78:F78),2) -> 0
A79: 46271 | C79: 0 | D79: 0 | E79: 0 | F79: 0 | G79: =ROUND(SUM(C79:F79),2) -> 0
A80: 46272 | C80: 0 | D80: 0 | E80: 0 | F80: 0 | G80: =ROUND(SUM(C80:F80),2) -> 0
A81: 46273 | C81: 4850.6 | D81: 224054.87 | E81: 0 | F81: 601.53 | G81: =ROUND(SUM(C81:F81),2) -> 229507
A82: 46274 | C82: -14.7 | D82: 0 | E82: 0 | F82: 0 | G82: =ROUND(SUM(C82:F82),2) -> -14.7
A83: 46275 | C83: 26.17 | D83: 86679.52 | E83: 0 | F83: 464.61 | G83: =ROUND(SUM(C83:F83),2) -> 87170.3
A84: 46276 | C84: 18290.04 | D84: 543985.36 | E84: 0 | F84: 5509.85 | G84: =ROUND(SUM(C84:F84),2) -> 567785.25
A85: 46277 | C85: 0 | D85: 0 | E85: 0 | F85: 0 | G85: =ROUND(SUM(C85:F85),2) -> 0
... A103: 46295 | C103: 446.89 | D103: 367.36 | E103: 0 | F103: 0 | G103: =ROUND(SUM(C103:F103),2) -> 814.25
C104: =ROUND(SUM(C74:C103),2) -> 73310.89 | D104: =ROUND(SUM(D74:D103),2) -> 24074620 | E104: =ROUND(SUM(E74:E103),2) -> 8541.5 | F104: =ROUND(SUM(F74:F103),2) -> 39926.99 | G104: =ROUND(SUM(G74:G103),2) -> 24196400
A106: 46296 | C106: 0 | D106: 0 | E106: 0 | F106: 0 | G106: =ROUND(SUM(C106:F106),2) -> 0
A107: 46297 | C107: 0 | D107: 0 | E107: 0 | F107: 0 | G107: =ROUND(SUM(C107:F107),2) -> 0
A108: 46298 | C108: 0 | D108: 0 | E108: 0 | F108: 0 | G108: =ROUND(SUM(C108:F108),2) -> 0
A109: 46299 | C109: 0 | D109: 0 | E109: 0 | F109: 0 | G109: =ROUND(SUM(C109:F109),2) -> 0
A110: 46300 | C110: 0 | D110: 0 | E110: 0 | F110: 0 | G110: =ROUND(SUM(C110:F110),2) -> 0
A111: 46301 | C111: 0 | D111: 0 | E111: 0 | F111: 0 | G111: =ROUND(SUM(C111:F111),2) -> 0
A112: 46302 | C112: 0 | D112: 0 | E112: 0 | F112: 0 | G112: =ROUND(SUM(C112:F112),2) -> 0
A113: 46303 | C113: 0 | D113: 0 | E113: 0 | F113: 0 | G113: =ROUND(SUM(C113:F113),2) -> 0
A114: 46304 | C114: 0 | D114: 0 | E114: 0 | F114: 0 | G114: =ROUND(SUM(C114:F114),2) -> 0
A115: 46305 | C115: 0 | D115: 0 | E115: 0 | F115: 0 | G115: =ROUND(SUM(C115:F115),2) -> 0
A116: 46306 | C116: 0 | D116: 0 | E116: 0 | F116: 0 | G116: =ROUND(SUM(C116:F116),2) -> 0
A117: 46307 | C117: 0 | D117: 0 | E117: 0 | F117: 0 | G117: =ROUND(SUM(C117:F117),2) -> 0
... A136: 46326 | C136: 0 | D136: 0 | E136: 0 | F136: 0 | G136: =ROUND(SUM(C136:F136),2) -> 0
C137: =ROUND(SUM(C106:C136),2) -> 0 | D137: =ROUND(SUM(D106:D136),2) -> 0 | E137: =ROUND(SUM(E106:E136),2) -> 0 | F137: =ROUND(SUM(F106:F136),2) -> 0 | G137: =ROUND(SUM(G106:G136),2) -> 0
A139: 46327 | C139: 0 | D139: 0 | E139: 0 | F139: 0 | G139: =ROUND(SUM(C139:F139),2) -> 0
A140: 46328 | C140: 0 | D140: 0 | E140: 0 | F140: 0 | G140: =ROUND(SUM(C140:F140),2) -> 0
A141: 46329 | C141: 0 | D141: 0 | E141: 0 | F141: 0 | G141: =ROUND(SUM(C141:F141),2) -> 0
A142: 46330 | C142: 0 | D142: 0 | E142: 0 | F142: 0 | G142: =ROUND(SUM(C142:F142),2) -> 0
A143: 46331 | C143: 0 | D143: 0 | E143: 0 | F143: 0 | G143: =ROUND(SUM(C143:F143),2) -> 0
A144: 46332 | C144: 0 | D144: 0 | E144: 0 | F144: 0 | G144: =ROUND(SUM(C144:F144),2) -> 0
A145: 46333 | C145: 0 | D145: 0 | E145: 0 | F145: 0 | G145: =ROUND(SUM(C145:F145),2) -> 0
A146: 46334 | C146: 0 | D146: 0 | E146: 0 | F146: 0 | G146: =ROUND(SUM(C146:F146),2) -> 0
A147: 46335 | C147: 0 | D147: 0 | E147: 0 | F147: 0 | G147: =ROUND(SUM(C147:F147),2) -> 0
A148: 46336 | C148: 0 | D148: 0 | E148: 0 | F148: 0 | G148: =ROUND(SUM(C148:F148),2) -> 0
A149: 46337 | C149: 0 | D149: 0 | E149: 0 | F149: 0 | G149: =ROUND(SUM(C149:F149),2) -> 0
A150: 46338 | C150: 0 | D150: 0 | E150: 0 | F150: 0 | G150: =ROUND(SUM(C150:F150),2) -> 0
... A168: 46356 | C168: 0 | D168: 0 | E168: 0 | F168: 0 | G168: =ROUND(SUM(C168:F168),2) -> 0
C169: =ROUND(SUM(C139:C168),2) -> 0 | D169: =ROUND(SUM(D139:D168),2) -> 0 | E169: =ROUND(SUM(E139:E168),2) -> 0 | F169: =ROUND(SUM(F139:F168),2) -> 0 | G169: =ROUND(SUM(G139:G168),2) -> 0
A171: 46357 | C171: 0 | D171: 0 | E171: 0 | F171: 0 | G171: =ROUND(SUM(C171:F171),2) -> 0
A172: 46358 | C172: 0 | D172: 0 | E172: 0 | F172: 0 | G172: =ROUND(SUM(C172:F172),2) -> 0
A173: 46359 | C173: 0 | D173: 0 | E173: 0 | F173: 0 | G173: =ROUND(SUM(C173:F173),2) -> 0
A174: 46360 | C174: 0 | D174: 0 | E174: 0 | F174: 0 | G174: =ROUND(SUM(C174:F174),2) -> 0
A175: 46361 | C175: 0 | D175: 0 | E175: 0 | F175: 0 | G175: =ROUND(SUM(C175:F175),2) -> 0
A176: 46362 | C176: 0 | D176: 0 | E176: 0 | F176: 0 | G176: =ROUND(SUM(C176:F176),2) -> 0
A177: 46363 | C177: 0 | D177: 0 | E177: 0 | F177: 0 | G177: =ROUND(SUM(C177:F177),2) -> 0
A178: 46364 | C178: 0 | D178: 0 | E178: 0 | F178: 0 | G178: =ROUND(SUM(C178:F178),2) -> 0
A179: 46365 | C179: 0 | D179: 0 | E179: 0 | F179: 0 | G179: =ROUND(SUM(C179:F179),2) -> 0
A180: 46366 | C180: 0 | D180: 0 | E180: 0 | F180: 0 | G180: =ROUND(SUM(C180:F180),2) -> 0
A181: 46367 | C181: 0 | D181: 0 | E181: 0 | F181: 0 | G181: =ROUND(SUM(C181:F181),2) -> 0
A182: 46368 | C182: 0 | D182: 0 | E182: 0 | F182: 0 | G182: =ROUND(SUM(C182:F182),2) -> 0
... A201: 46387 | C201: 0 | D201: 0 | E201: 0 | F201: 0 | G201: =ROUND(SUM(C201:F201),2) -> 0
C202: =ROUND(SUM(C171:C201),2) -> 0 | D202: =ROUND(SUM(D171:D201),2) -> 0 | E202: =ROUND(SUM(E171:E201),2) -> 0 | F202: =ROUND(SUM(F171:F201),2) -> 0 | G202: =ROUND(SUM(G171:G201),2) -> 0
A204: 46388 | C204: 0 | D204: 0 | E204: 0 | F204: 0 | G204: =ROUND(SUM(C204:F204),2) -> 0
A205: 46389 | C205: 0 | D205: 0 | E205: 0 | F205: 0 | G205: =ROUND(SUM(C205:F205),2) -> 0
A206: 46390 | C206: 0 | D206: 0 | E206: 0 | F206: 0 | G206: =ROUND(SUM(C206:F206),2) -> 0
A207: 46391 | C207: 0 | D207: 0 | E207: 0 | F207: 0 | G207: =ROUND(SUM(C207:F207),2) -> 0
A208: 46392 | C208: 0 | D208: 0 | E208: 0 | F208: 0 | G208: =ROUND(SUM(C208:F208),2) -> 0
A209: 46393 | C209: 0 | D209: 0 | E209: 0 | F209: 0 | G209: =ROUND(SUM(C209:F209),2) -> 0
A210: 46394 | C210: 0 | D210: 0 | E210: 0 | F210: 0 | G210: =ROUND(SUM(C210:F210),2) -> 0
A211: 46395 | C211: 0 | D211: 0 | E211: 0 | F211: 0 | G211: =ROUND(SUM(C211:F211),2) -> 0
A212: 46396 | C212: 0 | D212: 0 | E212: 0 | F212: 0 | G212: =ROUND(SUM(C212:F212),2) -> 0
A213: 46397 | C213: 0 | D213: 0 | E213: 0 | F213: 0 | G213: =ROUND(SUM(C213:F213),2) -> 0
A214: 46398 | C214: 0 | D214: 0 | E214: 0 | F214: 0 | G214: =ROUND(SUM(C214:F214),2) -> 0
...

Sheet Public Utility
A1: ILLINOIS DEPARTMENT OF REVENUE
A2: DAILY COLLECTIONS FROM MAJOR REVENUE SOURCES
A3: FISCAL YEAR 2027
C5: PUBLIC UTILITY
A6: Date | C6: Assessments | D6: ICT-1 Invested Capital ES | E6: ICT-4 Invested Capital | F6: License Fee | G6: RG-1 Gas Tax | H6: RG-6 Natural Gas Charges | I6: RPU-10 Energy Efficiency Pgm | J6: RPU-13 Electricity Tax | K6: RPU-50 Electricity Qtr Mthly | L6: RPU-50 Natural Gas Qtr Mthly | M6: RPU-50 Telecom Qtr Mthly | N6: RPU-6 Electricity Charges | O6: RT-10 Telecom Maint Fees | P6: RT-2 Telecom Tax | Q6: Total
A8: 46204 | C8: 37114.61 | D8: 0 | E8: 0 | F8: 0 | G8: 0 | H8: 0 | I8: 0 | J8: 84611 | K8: 7821 | L8: 28914 | M8: 32989 | N8: 0 | O8: 9608.4 | P8: 141789.16 | Q8: =ROUND(SUM(C8:P8),2) -> 342847.17
A9: 46205 | C9: 0 | D9: 8400 | E9: 0 | F9: 0 | G9: 0 | H9: 0 | I9: 0 | J9: 0 | K9: 0 | L9: 0 | M9: 32054 | N9: 0 | O9: 542.98 | P9: 23587.23 | Q9: =ROUND(SUM(C9:P9),2) -> 64584.21
A10: 46206 | C10: 111.13 | D10: 0 | E10: 0 | F10: 0 | G10: 5300.72 | H10: 0 | I10: 0 | J10: 18533.61 | K10: 28485 | L10: 9549.03 | M10: 7993 | N10: 0 | O10: 1512.13 | P10: 36799.7 | Q10: =ROUND(SUM(C10:P10),2) -> 108284.32
A11: 46207 | C11: 0 | D11: 0 | E11: 0 | F11: 0 | G11: 0 | H11: 0 | I11: 0 | J11: 0 | K11: 0 | L11: 0 | M11: 0 | N11: 0 | O11: 0 | P11: 0 | Q11: =ROUND(SUM(C11:P11),2) -> 0
A12: 46208 | C12: 0 | D12: 0 | E12: 0 | F12: 0 | G12: 0 | H12: 0 | I12: 0 | J12: 0 | K12: 0 | L12: 0 | M12: 0 | N12: 0 | O12: 0 | P12: 0 | Q12: =ROUND(SUM(C12:P12),2) -> 0
A13: 46209 | C13: 0 | D13: 0 | E13: 0 | F13: 0 | G13: 5951.19 | H13: 267.2 | I13: 0 | J13: 35024.72 | K13: 5308168 | L13: 0 | M13: 2320681 | N13: 310.8 | O13: -1078.65 | P13: 24652.45 | Q13: =ROUND(SUM(C13:P13),2) -> 7693976.7
A14: 46210 | C14: 602.6 | D14: 0 | E14: 0 | F14: 0 | G14: 587.07 | H14: 132.75 | I14: 0 | J14: 77892.96 | K14: 2264738.5 | L14: 174090 | M14: 4856146 | N14: 0 | O14: 10427.01 | P14: 1218.94 | Q14: =ROUND(SUM(C14:P14),2) -> 7385835.8
A15: 46211 | C15: 531.84 | D15: 0 | E15: 0 | F15: 0 | G15: 3506.37 | H15: 2166.55 | I15: 0 | J15: 514062.26 | K15: 253548.27 | L15: 1045003 | M15: 242635 | N15: 4366 | O15: 1357.3 | P15: 30377.32 | Q15: =ROUND(SUM(C15:P15),2) -> 2097553.9
A16: 46212 | C16: 376.64 | D16: 0 | E16: 0 | F16: 0 | G16: 1343.99 | H16: 150.75 | I16: 0 | J16: 37080.17 | K16: 41751 | L16: 0 | M16: 124418 | N16: 2864.4 | O16: 6066.02 | P16: 13529.86 | Q16: =ROUND(SUM(C16:P16),2) -> 227580.83
A17: 46213 | C17: 1515.32 | D17: 0 | E17: 0 | F17: 0 | G17: 6732.89 | H17: 730.8 | I17: 0 | J17: 227630.16 | K17: 5309620 | L17: 0 | M17: 61766.69 | N17: 0 | O17: 1934.07 | P17: 7692.73 | Q17: =ROUND(SUM(C17:P17),2) -> 5617622.7
A18: 46214 | C18: 0 | D18: 0 | E18: 0 | F18: 0 | G18: 0 | H18: 0 | I18: 0 | J18: 0 | K18: 0 | L18: 0 | M18: 0 | N18: 0 | O18: 0 | P18: 0 | Q18: =ROUND(SUM(C18:P18),2) -> 0
A19: 46215 | C19: 0 | D19: 0 | E19: 0 | F19: 0 | G19: 0 | H19: 0 | I19: 0 | J19: 0 | K19: 0 | L19: 0 | M19: 0 | N19: 0 | O19: 0 | P19: 0 | Q19: =ROUND(SUM(C19:P19),2) -> 0
... A38: 46234 | C38: -355 | D38: 0 | E38: 0 | F38: 0 | G38: 0 | H38: 0 | I38: 0 | J38: 14144.95 | K38: 2499246.1 | L38: 713876 | M38: 987592.32 | N38: 0 | O38: 10230.81 | P38: 229413.91 | Q38: =ROUND(SUM(C38:P38),2) -> 4454149.1
C39: =ROUND(SUM(C8:C38),2) -> 328024.68 | D39: =ROUND(SUM(D8:D38),2) -> 13426.81 | E39: =ROUND(SUM(E8:E38),2) -> 0 | F39: =ROUND(SUM(F8:F38),2) -> 0 | G39: =ROUND(SUM(G8:G38),2) -> 88674.09 | H39: =ROUND(SUM(H8:H38),2) -> 5952749.1 | I39: =ROUND(SUM(I8:I38),2) -> 0 | J39: =ROUND(SUM(J8:J38),2) -> 2959734.6 | ... Q39: =ROUND(SUM(Q8:Q38),2) -> 95153316
A41: 46235 | C41: 0 | D41: 0 | E41: 0 | F41: 0 | G41: 0 | H41: 0 | I41: 0 | J41: 0 | K41: 0 | L41: 0 | M41: 0 | N41: 0 | O41: 0 | P41: 0 | Q41: =ROUND(SUM(C41:P41),2) -> 0
A42: 46236 | C42: 0 | D42: 0 | E42: 0 | F42: 0 | G42: 0 | H42: 0 | I42: 0 | J42: 0 | K42: 0 | L42: 0 | M42: 0 | N42: 0 | O42: 0 | P42: 0 | Q42: =ROUND(SUM(C42:P42),2) -> 0
A43: 46237 | C43: 11.62 | D43: 0 | E43: 0 | F43: 0 | G43: 3310.49 | H43: 0 | I43: 0 | J43: 123857 | K43: 0 | L43: 91125 | M43: 66838 | N43: 0 | O43: 2349.61 | P43: 76049.52 | Q43: =ROUND(SUM(C43:P43),2) -> 363541.24
A44: 46238 | C44: 3231.24 | D44: 0 | E44: 0 | F44: 0 | G44: 0 | H44: 0 | I44: 0 | J44: 0 | K44: 0 | L44: 0 | M44: -6921 | N44: 0 | O44: 6168.07 | P44: 53898.56 | Q44: =ROUND(SUM(C44:P44),2) -> 56376.87
A45: 46239 | C45: -1414.99 | D45: 0 | E45: 0 | F45: 0 | G45: 4961.25 | H45: 1434.6 | I45: 0 | J45: 56909.66 | K45: 7656 | L45: 7445.82 | M45: 19329 | N45: 0 | O45: 121.43 | P45: 21922.34 | Q45: =ROUND(SUM(C45:P45),2) -> 118365.11
A46: 46240 | C46: 1237.56 | D46: 0 | E46: 0 | F46: 0 | G46: 3612.92 | H46: 2627.6 | I46: 0 | J46: 487838.15 | K46: 6397947.2 | L46: 0 | M46: 2413138 | N46: 9644 | O46: 258.32 | P46: 4950.3 | Q46: =ROUND(SUM(C46:P46),2) -> 9321254
A47: 46241 | C47: 1516.61 | D47: 0 | E47: 0 | F47: 0 | G47: 2336.97 | H47: 19369.25 | I47: 0 | J47: 125462.19 | K47: 2414714.9 | L47: 1270132.7 | M47: 4713910 | N47: 316.8 | O47: 3485.28 | P47: 50758.68 | Q47: =ROUND(SUM(C47:P47),2) -> 8602003.4
A48: 46242 | C48: 0 | D48: 0 | E48: 0 | F48: 0 | G48: 0 | H48: 0 | I48: 0 | J48: 0 | K48: 0 | L48: 0 | M48: 0 | N48: 0 | O48: 0 | P48: 0 | Q48: =ROUND(SUM(C48:P48),2) -> 0
A49: 46243 | C49: 0 | D49: 0 | E49: 0 | F49: 0 | G49: 0 | H49: 0 | I49: 0 | J49: 0 | K49: 0 | L49: 0 | M49: 0 | N49: 0 | O49: 0 | P49: 0 | Q49: =ROUND(SUM(C49:P49),2) -> 0
A50: 46244 | C50: 3435.09 | D50: 0 | E50: 0 | F50: 0 | G50: 3245.37 | H50: 0 | I50: 0 | J50: 145485.08 | K50: 133640 | L50: 79533.81 | M50: 178892 | N50: 0 | O50: 2.25 | P50: 6556.41 | Q50: =ROUND(SUM(C50:P50),2) -> 550790.01
A51: 46245 | C51: 42216.51 | D51: 0 | E51: 0 | F51: 0 | G51: 852.55 | H51: 0 | I51: 0 | J51: 58688.38 | K51: 25210 | L51: 0 | M51: 165513.29 | N51: 0 | O51: 8330.52 | P51: 13145.14 | Q51: =ROUND(SUM(C51:P51),2) -> 313956.39
A52: 46246 | C52: 19677.65 | D52: 0 | E52: 0 | F52: 0 | G52: 3493.52 | H52: 2928.15 | I52: 0 | J52: 996808.52 | K52: 6568587.4 | L52: 0 | M52: 88205 | N52: 5952.6 | O52: 3156.63 | P52: 5585.49 | Q52: =ROUND(SUM(C52:P52),2) -> 7694395
... A71: 46265 | C71: -296609.94 | D71: 0 | E71: 0 | F71: 0 | G71: 18.02 | H71: 0 | I71: 0 | J71: 18727.91 | K71: 2491763.5 | L71: 812660 | M71: 3954686.9 | N71: 0 | O71: 45759.74 | P71: 1457231.5 | Q71: =ROUND(SUM(C71:P71),2) -> 8484237.6
C72: =ROUND(SUM(C41:C71),2) -> -124959.47 | D72: =ROUND(SUM(D41:D71),2) -> 0 | E72: =ROUND(SUM(E41:E71),2) -> 0 | F72: =ROUND(SUM(F41:F71),2) -> 0 | G72: =ROUND(SUM(G41:G71),2) -> 350826.78 | H72: =ROUND(SUM(H41:H71),2) -> 5946319.2 | I72: =ROUND(SUM(I41:I71),2) -> 0 | J72: =ROUND(SUM(J41:J71),2) -> 3573818.4 | ... Q72: =ROUND(SUM(Q41:Q71),2) -> 99462660
A74: 46266 | C74: 29238.52 | D74: 0 | E74: 0 | F74: 0 | G74: 20603.94 | H74: 307.35 | I74: 0 | J74: 110056 | K74: 3289.97 | L74: 120382 | M74: 29213 | N74: 0 | O74: 1328.51 | P74: 228156.13 | Q74: =ROUND(SUM(C74:P74),2) -> 542575.42
A75: 46267 | C75: 1200 | D75: 0 | E75: 0 | F75: 0 | G75: 0 | H75: 0 | I75: 0 | J75: 0 | K75: 6359 | L75: 0 | M75: 41653.29 | N75: 0 | O75: 1971.55 | P75: 60354.37 | Q75: =ROUND(SUM(C75:P75),2) -> 111538.21
A76: 46268 | C76: -1200 | D76: 0 | E76: 0 | F76: 0 | G76: 4136.69 | H76: 561.6 | I76: 0 | J76: 92870.74 | K76: 0 | L76: 0 | M76: 0 | N76: 0 | O76: 1330.42 | P76: 34917.32 | Q76: =ROUND(SUM(C76:P76),2) -> 132616.77
A77: 46269 | C77: 557.73 | D77: 0 | E77: 0 | F77: 0 | G77: 3624.6 | H77: 0 | I77: 0 | J77: 59761.67 | K77: 6103859.7 | L77: 0 | M77: 2324788 | N77: 0 | O77: 150.68 | P77: 2937.84 | Q77: =ROUND(SUM(C77:P77),2) -> 8495680.3
A78: 46270 | C78: 0 | D78: 0 | E78: 0 | F78: 0 | G78: 0 | H78: 0 | I78: 0 | J78: 0 | K78: 0 | L78: 0 | M78: 0 | N78: 0 | O78: 0 | P78: 0 | Q78: =ROUND(SUM(C78:P78),2) -> 0
A79: 46271 | C79: 0 | D79: 0 | E79: 0 | F79: 0 | G79: 0 | H79: 0 | I79: 0 | J79: 0 | K79: 0 | L79: 0 | M79: 0 | N79: 0 | O79: 0 | P79: 0 | Q79: =ROUND(SUM(C79:P79),2) -> 0
A80: 46272 | C80: 0 | D80: 0 | E80: 0 | F80: 0 | G80: 0 | H80: 0 | I80: 0 | J80: 0 | K80: 0 | L80: 0 | M80: 0 | N80: 0 | O80: 0 | P80: 0 | Q80: =ROUND(SUM(C80:P80),2) -> 0
A81: 46273 | C81: 79.93 | D81: 0 | E81: 0 | F81: 0 | G81: 3067.91 | H81: 2413.7 | I81: 0 | J81: 317812.76 | K81: 2024907.3 | L81: 1059750 | M81: 4075373.1 | N81: 8074.4 | O81: 6251.31 | P81: 1373.56 | Q81: =ROUND(SUM(C81:P81),2) -> 7499104
A82: 46274 | C82: 0 | D82: 1239207 | E82: 0 | F82: 0 | G82: 2213.03 | H82: 2927.7 | I82: 0 | J82: 0 | K82: 6359 | L82: 0 | M82: 0 | N82: 5936.4 | O82: 0 | P82: 8630.84 | Q82: =ROUND(SUM(C82:P82),2) -> 1265274
A83: 46275 | C83: 0 | D83: 28678024 | E83: 0 | F83: 0 | G83: 6734.66 | H83: 139.5 | I83: 0 | J83: 9076.17 | K83: 6126657.5 | L83: 20730.99 | M83: 100245.8 | N83: 0 | O83: 0 | P83: 0 | Q83: =ROUND(SUM(C83:P83),2) -> 34941609
A84: 46276 | C84: 8547.74 | D84: 300000 | E84: 0 | F84: 0 | G84: 650.2 | H84: 0 | I84: 0 | J84: 437642.6 | K84: 59600.27 | L84: 2094.25 | M84: 200497.8 | N84: 0 | O84: 1956.86 | P84: 36742.91 | Q84: =ROUND(SUM(C84:P84),2) -> 1047732.6
A85: 46277 | C85: 0 | D85: 0 | E85: 0 | F85: 0 | G85: 0 | H85: 0 | I85: 0 | J85: 0 | K85: 0 | L85: 0 | M85: 0 | N85: 0 | O85: 0 | P85: 0 | Q85: =ROUND(SUM(C85:P85),2) -> 0
... A103: 46295 | C103: 0 | D103: 0 | E103: 0 | F103: 0 | G103: 0 | H103: 0 | I103: 0 | J103: 17183.86 | K103: 2193255 | L103: 1043048 | M103: 3993982.5 | N103: 0 | O103: 46837.68 | P103: 915244.31 | Q103: =ROUND(SUM(C103:P103),2) -> 8209551.3
C104: =ROUND(SUM(C74:C103),2) -> 79550.15 | D104: =ROUND(SUM(D74:D103),2) -> 75968697 | E104: =ROUND(SUM(E74:E103),2) -> 0 | F104: =ROUND(SUM(F74:F103),2) -> 0 | G104: =ROUND(SUM(G74:G103),2) -> 221641.82 | H104: =ROUND(SUM(H74:H103),2) -> 5898059.5 | I104: =ROUND(SUM(I74:I103),2) -> 0 | J104: =ROUND(SUM(J74:J103),2) -> 2210560.9 | ... Q104: =ROUND(SUM(Q74:Q103),2) -> 1.7193436e+08
A106: 46296 | C106: 0 | D106: 0 | E106: 0 | F106: 0 | G106: 0 | H106: 0 | I106: 0 | J106: 0 | K106: 0 | L106: 0 | M106: 0 | N106: 0 | O106: 0 | P106: 0 | Q106: =ROUND(SUM(C106:P106),2) -> 0
A107: 46297 | C107: 0 | D107: 0 | E107: 0 | F107: 0 | G107: 0 | H107: 0 | I107: 0 | J107: 0 | K107: 0 | L107: 0 | M107: 0 | N107: 0 | O107: 0 | P107: 0 | Q107: =ROUND(SUM(C107:P107),2) -> 0
A108: 46298 | C108: 0 | D108: 0 | E108: 0 | F108: 0 | G108: 0 | H108: 0 | I108: 0 | J108: 0 | K108: 0 | L108: 0 | M108: 0 | N108: 0 | O108: 0 | P108: 0 | Q108: =ROUND(SUM(C108:P108),2) -> 0
A109: 46299 | C109: 0 | D109: 0 | E109: 0 | F109: 0 | G109: 0 | H109: 0 | I109: 0 | J109: 0 | K109: 0 | L109: 0 | M109: 0 | N109: 0 | O109: 0 | P109: 0 | Q109: =ROUND(SUM(C109:P109),2) -> 0
A110: 46300 | C110: 0 | D110: 0 | E110: 0 | F110: 0 | G110: 0 | H110: 0 | I110: 0 | J110: 0 | K110: 0 | L110: 0 | M110: 0 | N110: 0 | O110: 0 | P110: 0 | Q110: =ROUND(SUM(C110:P110),2) -> 0
